Workbook

Sheet choices
A1: list_name | B1: name | C1: label | D1: stata | E1: kinya | F1: image | G1: filter
A2: why_not_hhh | B2: 1 | C2: =E2&" ("&D2&")" -> Amazina dufite yanditse nabi (spelling mistake in preloaded data) | D2: spelling mistake in preloaded data | E2: Amazina dufite yanditse nabi
A3: why_not_hhh | B3: 2 | C3: =E3&" ("&D3&")" -> HHH yitabye Imana (HHH deceased) | D3: HHH deceased | E3: HHH yitabye Imana
A4: why_not_hhh | B4: 3 | C4: =E4&" ("&D4&")" -> Amazina dufite ntaho ahuriye n'izina rye (completely wrong name in preloaded data) | D4: completely wrong name in preloaded data | E4: Amazina dufite ntaho ahuriye n'izina rye
A5: why_not_hhh | B5: 4 | C5: =E5&" ("&D5&")" -> Yatanye/yatandukanye n'uwo bari barashakanye (previous HH divorced and divided) | D5: previous HH divorced and divided | E5: Yatanye/yatandukanye n'uwo bari barashakanye
A6: why_not_hhh | B6: 5 | C6: =E6&" ("&D6&")" -> Iri zina ni iry'undi munyamuryango w'uru rugo (This Name is Someone Else on the HH Roster) | D6: This Name is Someone Else on the HH Roster | E6: Iri zina ni iry'undi munyamuryango w'uru rugo
A7: yes_no | B7: 1 | C7: =E7&" ("&D7&")" -> Yego (Yes) | D7: Yes | E7: Yego
A8: yes_no | B8: 0 | C8: =E8&" ("&D8&")" -> Oya (No) | D8: No | E8: Oya
A9: yes_no | B9: -66 | C9: -66 | D9: refuse to answer
A10: yes_no | B10: -88 | C10: -88 | D10: don't know
A11: supervisor | B11: 1 | C11: GISELLE | D11: =C11 -> GISELLE
A12: supervisor | B12: 2 | C12: HASAN | D12: =C12 -> HASAN
A13: supervisor | B13: 3 | C13: JEAN DE DIEU | D13: =C13 -> JEAN DE DIEU
A14: supervisor | B14: 4 | C14: MESHACK | D14: =C14 -> MESHACK
A15: sex | B15: 1 | C15: Male | D15: =C15 -> Male
A16: sex | B16: 2 | C16: Female | D16: =C16 -> Female
A17: relationship_to_hhh | B17: 1 | C17: =E17&" ("&D17&")" -> HHH (HHH) | D17: HHH | E17: HHH
A18: relationship_to_hhh | B18: 2 | C18: =E18&" ("&D18&")" -> Umufasha wa HHH (Spouse of HHH) | D18: Spouse of HHH | E18: Umufasha wa HHH
A19: relationship_to_hhh | B19: 3 | C19: =E19&" ("&D19&")" -> Umuhungu/Umukobwa (Son/Daughter) | D19: Son/Daughter | E19: Umuhungu/Umukobwa
A20: relationship_to_hhh | B20: 4 | C20: =E20&" ("&D20&")" -> Umubyeyi (Parent) | D20: Parent | E20: Umubyeyi
A21: relationship_to_hhh | B21: 5 | C21: =E21&" ("&D21&")" -> Umuvandimwe wanjye (Sibling) | D21: Sibling | E21: Umuvandimwe wanjye
A22: relationship_to_hhh | B22: 6 | C22: =E22&" ("&D22&")" -> abandi mufite ikyo mufana (other relative) | D22: other relative | E22: abandi mufite ikyo mufana
A23: relationship_to_hhh | B23: 7 | C23: =E23&" ("&D23&")" -> ntasano (no relation) | D23: no relation | E23: ntasano
A24: relationship_to_hhh | B24: -66 | C24: -66 | D24: refuse to answer
A25: relationship_to_hhh | B25: -88 | C25: -88 | D25: don't know
A26: hh_roster | B26: 1 | C26: ${hh_member_1} | D26: HH Member 1 | G26: 1
A27: hh_roster | B27: 2 | C27: ${hh_member_2} | D27: HH Member 2 | G27: 2
A28: hh_roster | B28: 3 | C28: ${hh_member_3} | D28: HH Member 3 | G28: 3
A29: hh_roster | B29: 4 | C29: ${hh_member_4} | D29: HH Member 4 | G29: 4
A30: hh_roster | B30: 5 | C30: ${hh_member_5} | D30: HH Member 5 | G30: 5
A31: hh_roster | B31: 6 | C31: ${hh_member_6} | D31: HH Member 6 | G31: 6
A32: hh_roster | B32: 7 | C32: ${hh_member_7} | D32: HH Member 7 | G32: 7
A33: hh_roster | B33: 8 | C33: ${hh_member_8} | D33: HH Member 8 | G33: 8
A34: hh_roster | B34: 9 | C34: ${hh_member_9} | D34: HH Member 9 | G34: 9
A35: hh_roster | B35: 10 | C35: ${hh_member_10} | D35: HH Member 10 | G35: 10
A36: hh_roster | B36: 11 | C36: ${hh_member_11} | D36: HH Member 11 | G36: 11
A37: hh_roster | B37: 12 | C37: ${hh_member_12} | D37: HH Member 12 | G37: 12
... A49: hh_roster | B49: 24 | C49: ${hh_member_24} | D49: HH Member 24 | G49: 24
A50: area_units | B50: 1 | C50: hectares | D50: hectares
A51: area_units | B51: 2 | C51: ares | D51: ares
A52: area_units | B52: 3 | C52: square meters (metero kare) | D52: square meters
A53: area_units | B53: 4 | C53: mudugudu (6 ares) | D53: mudugudu
A54: plot_location | B54: 1 | C54: =E54&" ("&D54&")" -> Ku musozi (hilltop) | D54: hilltop | E54: Ku musozi
A55: plot_location | B55: 2 | C55: =E55&" ("&D55&")" -> Ku ibangary’umusozi (hillside) | D55: hillside | E55: Ku ibangary’umusozi
A56: plot_location | B56: 3 | C56: =E56&" ("&D56&")" -> Hasi Yyumusozi (hill foot) | D56: hill foot | E56: Hasi Yyumusozi
A57: plot_location | B57: 4 | C57: =E57&" ("&D57&")" -> Mu kibaya (plain) | D57: plain | E57: Mu kibaya
A58: plot_location | B58: 5 | C58: =E58&" ("&D58&")" -> Mu gishanga (marsh) | D58: marsh | E58: Mu gishanga
A59: plot_location | B59: -66 | C59: -66 | D59: refuse to answer
A60: plot_location | B60: -88 | C60: -88 | D60: don't know
A61: plot_data | B61: 2 | C61: =E61&" ("&D61&")" -> icyangombwacy'ubutaka. (land title) | D61: land title | E61: icyangombwacy'ubutaka.
A62: plot_data | B62: 3 | C62: =E62&" ("&D62&")" -> Niwe wabitwibwiriye. (self-reported) | D62: self-reported | E62: Niwe wabitwibwiriye.
A63: plot_data | B63: 4 | C63: =E63&" ("&D63&")" -> umurima uri mu wundi ufite icyangombwa cy'ubutaka - icyangombwa cy'ubutaka & ikigereranyo cy'undi murima (plot within land title area - land title & self reported) | D63: plot within land title area - land title & self reported | E63: umurima uri mu wundi ufite icyangombwa cy'ubutaka - icyangombwa cy'ubutaka & ikigereranyo cy'undi murima
A64: months | B64: 1 | C64: =E64&" ("&D64&")" -> mutarama (January) | D64: January | E64: mutarama
A65: months | B65: 2 | C65: =E65&" ("&D65&")" -> gashantare (February) | D65: February | E65: gashantare
A66: months | B66: 3 | C66: =E66&" ("&D66&")" -> werurwe (March) | D66: March | E66: werurwe
A67: months | B67: 4 | C67: =E67&" ("&D67&")" -> mata (April) | D67: April | E67: mata
A68: months | B68: 5 | C68: =E68&" ("&D68&")" -> gicurasi (May) | D68: May | E68: gicurasi
A69: months | B69: 6 | C69: =E69&" ("&D69&")" -> kamena (June) | D69: June | E69: kamena
A70: months | B70: 7 | C70: =E70&" ("&D70&")" -> nyakanga (July) | D70: July | E70: nyakanga
A71: months | B71: 8 | C71: =E71&" ("&D71&")" -> kanama (August) | D71: August | E71: kanama
A72: months | B72: 9 | C72: =E72&" ("&D72&")" -> nzeri (September) | D72: September | E72: nzeri
... A75: months | B75: 12 | C75: =E75&" ("&D75&")" -> ukuboza (December) | D75: December | E75: ukuboza
A76: months | B76: -66 | C76: -66 | D76: refuse to answer
A77: months | B77: -88 | C77: -88 | D77: don't know
A78: type_terrace | B78: 1 | C78: =E78&" ("&D78&")" -> Amaterasi ndinganire (radical) | D78: radical | E78: Amaterasi ndinganire
A79: type_terrace | B79: 2 | C79: =E79&" ("&D79&")" -> (progressive) | D79: progressive
A80: type_terrace | B80: -66 | C80: -66 | D80: refuse to answer
A81: type_terrace | B81: -88 | C81: -88 | D81: don't know
A82: season_year | B82: 17 | C82: Season A 15 | D82: Season A 15
A83: season_year | B83: 1 | C83: Season A 14 | D83: =C83 -> Season A 14
A84: season_year | B84: 2 | C84: Season B 14 | D84: =C84 -> Season B 14
A85: season_year | B85: 3 | C85: Season C 14 | D85: Season C 14
A86: season_year | B86: 4 | C86: Season A 13 | D86: =C86 -> Season A 13
A87: season_year | B87: 5 | C87: Season B 13 | D87: =C87 -> Season B 13
A88: season_year | B88: 6 | C88: Season C 13 | D88: =C88 -> Season C 13
A89: season_year | B89: 7 | C89: Season A 12 | D89: =C89 -> Season A 12
A90: season_year | B90: 8 | C90: Season B 12 | D90: =C90 -> Season B 12
A91: season_year | B91: 9 | C91: Season C 12 | D91: =C91 -> Season C 12
A92: season_year | B92: 10 | C92: Season A 11 | D92: =C92 -> Season A 11
A93: season_year | B93: 11 | C93: Season B 11 | D93: =C93 -> Season B 11
A94: season_year | B94: 12 | C94: Season C 11 | D94: =C94 -> Season C 11
A95: season_year | B95: 13 | C95: Season A 10 | D95: =C95 -> Season A 10
A96: season_year | B96: 14 | C96: Season B 10 | D96: =C96 -> Season B 10
A97: season_year | B97: 15 | C97: Season C 10 | D97: =C97 -> Season C 10
A98: season_year | B98: 16 | C98: Before Season 10A | D98: =C98 -> Before Season 10A
A99: season_year | B99: -66 | C99: -66 | D99: refuse to answer
A100: season_year | B100: -88 | C100: -88 | D100: don't know
A101: proportion | B101: 1 | C101: 5% | D101: =C101 -> 5%
A102: proportion | B102: 2 | C102: 10% | D102: =C102 -> 10%
A103: proportion | B103: 3 | C103: 15% | D103: =C103 -> 15%
A104: proportion | B104: 4 | C104: 20% | D104: =C104 -> 20%
A105: proportion | B105: 5 | C105: 25% | D105: =C105 -> 25%
A106: proportion | B106: 6 | C106: 30% | D106: =C106 -> 30%
A107: proportion | B107: 7 | C107: 35% | D107: =C107 -> 35%
A108: proportion | B108: 8 | C108: 40% | D108: =C108 -> 40%
A109: proportion | B109: 9 | C109: 45% | D109: =C109 -> 45%
A110: proportion | B110: 10 | C110: 50% | D110: =C110 -> 50%
A111: proportion | B111: 11 | C111: 55% | D111: =C111 -> 55%
A112: proportion | B112: 12 | C112: 60% | D112: =C112 -> 60%
... A120: proportion | B120: 20 | C120: 100% | D120: =C120 -> 100%
...

Sheet settings
A1: form_title | B1: form_id | C1: version | D1: public_key | E1: submission_url | F1: default_language
A2: Follow Up 3 - Version 26 | B2: FUP3_v26 | C2: 231014 | F2: english

Sheet House
A1: Question Number | B1: Question (Eng) | C1: Question (Kinya) | D1: type | E1: Answer Choices | F1: Skip | G1: Special instruction | H1: To-Do | I1: Roster (English) | J1: Roster (Kinya) | K1: name | L1: label | M1: stata label | N1: required | O1: hint | P1: appearance | Q1: constraint | R1: constraint message | S1: relevance | T1: calculation | U1: repeat_count | V1: default | W1: disabled | X1: read only | Y1: media:image | Z1: media:audio | AA1: media:video
A2: Module K: Housing
A3: HH_01 | B3: How long has your household inhabited this dwelling? | C3: Aha hantu urugo rwanyu ruhamaze igihe kingana iki? | D3: select_one hh_long | E3: Hashize amezi ari hasi y’atandatu Hagati y'amezi 6 n'amezi 12 Hagati y'umwaka n'imyaka 5 Hagati y'imyaka 5 n'imyaka 10 Kuva ku myaka 10 kuzamura
A4: HH_02 | B4: What is the main construction material of the walls of your house? | C4: Inkuta z'inzu zubakishije ibihe bikoresho by'ubwubatsi by’ibanze? yanyu? | D4: select_one hh_walls or_other | E4: Rukarakara Amatafari ahiye Umucanga na sima n’ibiti bishinze Umucanga utarimo sima n’ibiti bishinze Ibiti bishinze n’imbingo Sima/Beto/Amatafari ya sima Ikindi
A5: HH_03 | B5: What is the main material used for the floors of the dwelling? | C5: Ni ibihe bikoresho by’ibanze bishashe hasi mu nzu mutuyemo? | D5: select_one hh_floors or_other | E5: ibyondo/itaka/umucanga Ibumba Sima/Beto Ikindi
A6: HH_04 | B6: What is the primary source of drinking water for your household? | C6: Ni hehe ahantu h’ibanze urugo rwanyu rukura amazi yo kunywa? | D6: select_one source_drinking or_other | E6: Robine iri mu nzu / mu rugo Robine rusange/Ivomo rusange Iriba ritunganyije Iriba ridatunganyije Isoko itunganije Isoko idatunganyijwe Amazi ashoka (uruzii/ikiyaga/umugezi/Amazi akoreshwa mu kuhira) Ikindi
A7: HH_05 | B7: How many minutes does it take you to reach the primary water source? | C7: Bibafata iminota ingana ite kugira ngo mugere aho muvoma amazi? | D7: integer
A8: HH_06 | B8: What type of toilet facility does your household use? | C8: Ni ubuhe bwoko bw’umusarani urugo rwanyu rukoresha? | D8: select_one toilet or_other | E8: Umusarani w’umwobo usanzwe Umwobo utubakiye ( Nta nkuta) Umusarani usukurwa n'amazi Ikindi
A9: HH_07 | B9: What is the main source of lighting? | C9: Ni izihe ngufu z’ingenzi zitanga urumuri mukoresha? | D9: select_one lighting or_other | E9: Amashanyarazi Itara rya peterori Itadowa Ingufu zikomoka ku mirasire y’izuba Itoroshi biyogazi Ikindi
A10: HH_08 | B10: What is the main source of cooking fuel? | C10: Ni izihe ngufu z’ingenzi mukoresha mu guteka? | D10: select_one cooking_fuel or_other | E10: Inkwi Amakara Gazi Biyogazi ingufu zikomoka ku mirasire y'izuba Amashanyarazi Ibisigazwa by'ibihingwa Ibisheshe by'amase Ikindi

Sheet Farmer Groups
A1: Question Number | B1: Question (Eng) | C1: Question (Kinya) | D1: type | E1: Answer Choices | F1: Skip | G1: Special instruction | H1: To-Do | I1: Roster (English) | J1: Roster (Kinya) | K1: name | L1: label | M1: stata label | N1: required | O1: hint | P1: appearance | Q1: constraint | R1: constraint message | S1: relevance | T1: calculation | U1: repeat_count | V1: default | W1: disabled | X1: read only | Y1: media:image | Z1: media:audio | AA1: media:video
A2: Module L: Farmer Groups
A3: GR_02_confirm | B3: Last time we visited, you said you were a part of LWH Group ${GR_02}. Is this information still correct? | C3: ubwanyuma twagusuye watubwe ko wari uri mwitsinda rya LWH ${GR_02}. Ibi nibyo? | D3: select_one yes_no | F3: YES, skip to GR_10_T
A4: GR_02_corrected | B4: What is the name of the LWH group? | C4: Ni irihe zina ry'itsinda rya LWH? | D4: select_one LWH_group_names | E4: [list of lwh group names]
A5: GR_10_T | B5: Did any HH member attend a meeting or a training with your LWH farmer self-help group during Season B 2013? | C5: Hari umuntu wo muri uru rugo wagiye mu nama cyangwa mu mahugurwa n'iri shyirahamwe mu gihe cy'igihembwe cy'ihinga B 2013? | D5: select_one yes_no | F5: if NO then skip to GR_AA | G5: ask only for treatment
A6: GR_10_C | B6: Did any HH member attend a meeting or a training with a farmer group during Season B 2013? | C6: Hari umuntu wo muri uru rugo wagiye mu nama cyangwa mu mahugurwa n'iri shyirahamwe mu gihe cy'igihembwe cy'ihinga B 2013? | D6: select_one yes_no | F6: if NO then skip to GR_AA | G6: ask only for control
A7: GR_11 | B7: How many meetings or trainings did your HH participate in with this farmer group during Season B 2013? | C7: Uwo muntu wanyu yagiye mu nama zingahe cg amahugurwa angahe n'iri shyirahamwe mu gihe cy'igihembwe cy'ihinga B 2013? | D7: integer
A8: GR_13 | B8: What was the total amount of fees paid to the farmer group for the season B 2013? | C8: Amafaranga yarishywe muri iryo shyirahamwe ry'abahinzi mu gihembwe cy'ihinga B 2013 angana ate? | D8: integer
A9: GR_AA | B9: Is anyone in your house a member of an agricultural cooperative? | C9: haba hari undi mutu mubana uri umunyamurwango wa coperative yabahinzi? | D9: select_one yes_no | F9: if NO then skip to GR_27
A10: GR_16 | B10: Which cooperative? | C10: Ni iyihe koperative? | D10: select_one cooperatives or_other | E10: koabikaru (Karongi 12) koabimuru (Karongi 13) koainya (Nyanza 23) koaiga (Gatsibo 8)
A11: GR_18 | B11: Who in the HH is a member of the cooperative? | C11: Ni nde uri muri iyo koperative muri uru rugo? | D11: select_one hh_roster_complete
A12: GR_23 | B12: Did any HH member attend a meeting or a training held by the cooperative during Season B 2013? Note to enumerator: If HH belongs to more than one cooperative, ask them to report on the one in which they are most active. | C12: Hari umuntu wo muri uru rugo wagiye mu nama cyangwa mu mahugurwa n'iyi koperative mu gihe cy'igihembwe cy'ihinga B 2013? | D12: select_one yes_no | F12: if 2 then skip to GR_25
A13: GR_24 | B13: How many meetings or trainings did your HH participate in with this cooperative during Season B 2013? | C13: Uwo muntu wanyu yagiye mu nama zingahe cg amahugurwa angahe n'iyi koperative mu gihe cy'igihembwe cy'ihinga B 2013? | D13: integer
A14: GR_25 | B14: Did your HH pay any fees to be a part of this cooperative during Season B 2013, such as membership or contribution fees? | C14: Hari amafaranga yarishywe n'uwo muntu wanyu mu gihembwe cy'ihinga B 2013? Urugero nk'amafaranga y'umunyamuryango, umusanzu. | D14: select_one yes_no | F14: if 2 then skip to GR_27
A15: GR_26 | B15: What was the total amount of fees paid to the cooperative for the Season B 2013? | C15: Amafaranga yarishywe muri iyo koperative mu gihembwe cy'ihinga B 2013 angana ate? | D15: integer
A16: GR_27 | B16: Is anyone in your household a member of a water users association (WUA) or any other irrigation-related group? | C16: Muri uru rugo, hari umuntu mufite nk'umunyamuryango w'ishyirahamwe ry'abakoresha amazi cyangwa irindi shyirahamwe rijyanye no kuhira imyaka? | D16: select_one yes_no | F16: If 2 then skip to next section
A17: GR_28 | B17: Which water user association? | C17: Iryo shyirahamwe ni irihe? | D17: select_one water_user_associations or_other | E17: Koperative (Cooperative) Ishyirahamwe ry’abakoresha amazi (Water User Association) Itsinda ry’ubwisungane (Self-help group) Urugo ubwarwo (Household)
A18: GR_29 | B18: Who in the HH is a member of the water user association? | C18: Muri uru rugo ni nde munyamuryango w'ishyirahamwe ry'abakoresha amazi? | D18: select_one hh_roster_complete
A19: GR_34 | B19: Did any HH member attend a meeting or a training held by the water user association during Season B 2013? | C19: Hari umuntu wo muri uru rugo wagiye mu nama cyangwa mu mahugurwa y'iri shyirahamwe mu gihe cy'igihembwe cy'ihinga B 2013? | D19: select_one yes_no | F19: If 2 then skip to GR_36
A20: GR_35 | B20: How many meetings or trainings did your HH participate in with this water user association during Season B 2013? | C20: Uwo muntu wanyu yagiye mu nama zingahe cg amahugurwa angahe y'iri shyirahamwe mu gihe cy'igihembwe cy'ihinga B 2013? | D20: integer
A21: GR_36 | B21: Did your HH pay any fees to be a part of this water user association during Season B 2013, such as maintenance or contribution fees? | C21: Hari amafaranga uwo muntu wanyu yarishye muriryo shyirahamwe mu gihembwe cy'ihinga B 2013? Urugero nk'amafaranga y'ivugurura ry'ibikoresho, umusanzu. | D21: select_one yes_no | F21: If 2 then skip to next section
A22: GR_37 | B22: What was the total amount of fees paid to the water user association during Season B 2013? | C22: Amafaranga yarishywe muri iryo shyirahamwe ry'abakoresha amazi mu gihembwe cy'ihinga B 2013 angana ate? | D22: integer

Sheet EX 2
A1: Question Number | B1: Question (Eng) | C1: Question (Kinya) | D1: type | E1: Answer Choices | F1: Skip | G1: Special instruction | H1: stata label | I1: required | J1: hint | K1: appearance | L1: constraint | M1: constraint message | N1: relevance | O1: calculation | P1: repeat_count | Q1: default | R1: disabled | S1: read only | T1: media:image | U1: media:audio | V1: media:video
A2: Module M: Extension 2
A3: 1. Tubura
A4: EX_12 | B4: Have you ever felt dissatisfied with the training or services you receive from TUBURA? | C4: Wigeze wumva utanogewe n'ireme ry'amahugurwa na za servisi wahawe na TUBURA | D4: select_one yes_no | F4: If NO, skip to EX_17
A5: EX_13 | B5: What sort of problem did you experience? | C5: Ni ubuhe bwoko bw'ikibazo wahuye na cyo? | D5: select_multiple FO_problems or_other | E5: Umukozi ubishinzwe yakererewe inama (FO late for meetings) ubishinzwe yasibye inama ziterana 2 mu cyumweru (FO absent for biweekly meetings) Umukozi ubishinzwe yanyanganyije abanyamuryango (FO stealing from members) Umukozi ubishinzwe nta kinyabupfura afite (FO rude) Umukozi ubishinzwe yasabye amafaranga inshuro nyinshi nta mahugurwa (Inyigisho) atangwa (FO asking for repayment repeatedly without training) Umukozi ubishinzwe yatanze amahugurwa (Inyigisho) adafite ireme na mba (FO training but not teaching anything useful) Umukozi ubishinzwe ntajya akurikirana ibibazo by'abahinzi mu mrima yabo (FO not following up in field when farmers have agricultural challenges)
A6: EX_14 | B6: Did you report your problem or dissatisfaction to TUBURA? | C6: Icyo kibazo cyangwa iyo nenge wabimenyesheje TUBURA? | D6: select_one yes_no
A7: EX_15 | B7: Did TUBURA make an effort to address your problem? | C7: TUBURA yagerageje kuguha gisubizo? | D7: select_one yes_no
A8: EX_16 | B8: Are you satisfied with the way your problem was addressed? | C8: Wanyuzwe n'uburyo ikibazo cyawe cyakemutse? | D8: select_one yes_no
A9: EX_17 | B9: If in the future your TUBURA FO was late or absent from meetings, what would you do? | C9: Mubihe byimbere bizaza umukozi wa TUBURA aramutse akererewe mu inama cyangwa ntayitabire, urumva wazakora iki? | D9: select_one future_tubura_problems or_other | E9: Ntugire icyo ukora (Do nothing) Bivuganaho n'incuti/umuryango (Complain/discuss with friends/family) Bwira Umukozi mukuru wa TUBURA ko utanyuzwe (Tell TUBURA FO ) Bwira Umugenzuzi wabakozi ba TUBURA ko utanyuzwe (Tell TUBURA FO's supervisor) Bwira umuyobozi w'inzego z'ibanze ko utanyuzw (Tell local leader or government representative (non-LWH) ) kubwira agronome wa LWH (Tell LWH agronomist) Hagarika kwishyura no kwitabira amahugurwa/inama (Stop paying for TUBURA and stop attending trainings/meetings) Komeza kwishyura TUBURA ariko uhagarike kwitabira amahugurwa/inama (Continue paying but stop attending trainings/meetings)
A10: EX_18 | B10: If in the future the TUBURA FO asked for repayment repeatedly without providing training, what would you do? | C10: Mubihe byimbere bizaza, umukozi wa TUBURA aramutse akomeza kuza kuwishyuje inshuro nyinshi nta mahugurwa atanga, wumva wazakora iki? | D10: select_one future_tubura_problems
A11: EX_19 | B11: If in the future the TUBURA FO was providing trainings but the information provided was not useful, what would you do? | C11: Mubihe byimbere bizaza,umukozi wa TUBURA aramutse abahaye amahugurwa ariko inyigisho atanga ntizigire icyo zibamarira, wumva wakora iki? | D11: select_one future_tubura_problems or_other
A12: EX_20 | B12: If in the future the TUBURA FO did not follow up on your field when you faced agricultural challenges, what would you do? | C12: Mubihe byimbere bizaza, umukozi wa TUBURA atarakurikiranye ibibazo byo mu buhinzi wari ufite, wumva wazakora iki ubutaha? | D12: select_one future_tubura_problems or_other
A13: EX_21 | B13: What do you think would happen if you told TUBURA you were dissatisfied with the training or services it is providing? | C13: Nizihe mpinduka ukeka ko zari kubaho iyo uramuka ubwiye Tubura ko utishimiye inyigisho cyangwa serivisi ibagezaho? | D13: select_one tubura_dissatisfaction or_other | E13: TUBURA yari kugerageza kunoza serivisi zayo (TUBURA would try to improve its services) TUBURA nta cyo yari guhindura kuri serivisi zayo/ nta cyari guhinduka (TUBURA would not change its services/nothing would happen) Umukozi mukuru wa TUBURA ntiyari kubyishimira /yari kumfata nabi (TUBURA FO would be upset that I complained/would treat me poorly)
A14: EX_22 | B14: Do you plan to remain a TUBURA client in Season B 2014? | C14: Urumva uteganya gukomeza kuba umunyamuryango wa TUBURA mu gihembwe cy'ihinga A 2013? | D14: select_one yes_no
A15: EX_43 | B15: According to our data you are no longer a member of Tubera. Is this correct? | C15: amakuru dufite nukiri umunyamuryango wa Tubura. Ibi nibyo? | D15: select_one yes_no | F15: If NO skip to EX_24
A16: EX_23 | B16: Why not? | C16: Kubera iki utakomeza? | D16: select_one why_not_in_tubera or_other | E16: Irahenda (Too expensive) Amahugurwa nta gaciro afite (Training not useful)
A17: EX_24 | B17: Would you recommend TUBURA to a friend or family member? | C17: Hari incuti cyangwa umuvandimwe warangira TUBURA? | D17: select_one yes_no
A18: 2. Trainings
A19: EX_25 | B19: Did you plant maize in Season B 2013? | C19: Wahinze ibigori mu gihembwe cy'ihinga B 2013? | D19: select_one yes_no | F19: if NO skip to EX_29
A20: EX_26 | B20: What should be the distance between the rows for maize? (cm) | C20: Ku bigori, umwanya usigara hagati y'imirongo wagombye kungana ute? (cm) | D20: integer
A21: EX_28 | B21: What is the correct amount of chemical fertilizer (DAP or NPK) that you needed to use for maize? | C21: Ni ikihe gipimo gikwiye cy'ifumbire mvaruganda (DAP cg NPK) wari ukeneye gukoresha mu bigori byawe? | D21: select_one input_amount or_other | E21: Intoki eshatu ugeza mu cya kabiri cy'ikiganza (Three fingers to just half the finger) Intoki ebyiri ugarukira ku murongo wa mbere w'ikiganza (Two fingers to first finger line) intoki eshatu ugeza ku murongo wa kabiri w'ikiganza - inshuro ebyiri (Three fingers to the second finger line - two times) nta gipimo cy'Ifumbire inyongeramusaruro gisabwa (No fertilizer recommendation)
A22: EX_29 | B22: Did you plant beans in Season B 2013? | C22: Wahinze ibishyimbo mu gihembwe cy'ihinga B 2013? | D22: select_one yes_no | F22: if NO skip to EX_32
A23: EX_30 | B23: What should be the distance between the rows for beans? (cm) | C23: Ku bishyimbo, umwanya usigara hagati y'imirongo wagombye kungana ute? (cm) | D23: integer
A24: EX_31 | B24: What is the correct amount of chemical fertilizer (DAP or NPK) that you needed to use for beans? | C24: Ni ikihe gipimo gikwiye cy'ifumbire mvaruganda (DAP cg NPK) wari ukeneye gukoresha mu bishyimbo byawe? | D24: select_one input_amount or_other | E24: Intoki eshatu ugeza mu cya kabiri cy'ikiganza (Three fingers to just half the finger) Intoki ebyiri ugarukira ku murongo wa mbere w'ikiganza (Two fingers to first finger line) intoki eshatu ugeza ku murongo wa kabiri w'ikiganza - inshuro ebyiri (Three fingers to the second finger line - two times) nta gipimo cy'Ifumbire inyongeramusaruro gisabwa (No fertilizer recommendation)
A25: EX_32 | B25: Did you plant potatoes in Season B 2013? | C25: Wahinze ibirayi mu gihembwe cy'ihinga B 2013? | D25: select_one yes_no | F25: if NO skip to EX_B_1
A26: EX_33 | B26: What should be the distance between the rows for potatoes? (cm) | C26: Ku birayi, umwanya usigara hagati y'imirongo wagombye kungana ute? (cm) | D26: integer
A27: EX_34 | B27: What is the correct amount of chemical fertilizer (DAP or NPK) that you needed to use for potatoes? | C27: Ni ikihe gipimo gikwiye cy'ifumbire mvaruganda (DAP cg NPK) wari ukeneye gukoresha mu birayi byawe? | D27: select_one input_amount or_other | E27: Intoki eshatu ugeza mu cya kabiri cy'ikiganza (Three fingers to just half the finger) Intoki ebyiri ugarukira ku murongo wa mbere w'ikiganza (Two fingers to first finger line) intoki eshatu ugeza ku murongo wa kabiri w'ikiganza - inshuro ebyiri (Three fingers to the second finger line - two times) nta gipimo cy'Ifumbire inyongeramusaruro gisabwa (No fertilizer recommendation)
A28: EX_B_1 | B28: Did you plant climbing beans in Season B 2013? | C28: Wahinze ibirayi mu gihembwe cy'ihinga B 2013? | D28: select_one yes_no | F28: If NO skip to EX_B_4
A29: EX_B_2 | B29: What should be the distance between the rows for climbing beans? (cm) | C29: Ku birayi, umwanya usigara hagati y'imirongo wagombye kungana ute? | D29: integer
A30: EX_B_3 | B30: What is the correct amount of chemical fertilizer (DAP or NPK) that you needed to use for climbing beans? | C30: Ni ikihe gipimo gikwiye cy'ifumbire mvaruganda (DAP cg NPK) wari ukeneye gukoresha mu birayi byawe? | D30: select_one input_amount or_other | E30: Intoki eshatu ugeza mu cya kabiri cy'ikiganza (Three fingers to just half the finger) Intoki ebyiri ugarukira ku murongo wa mbere w'ikiganza (Two fingers to first finger line) intoki eshatu ugeza ku murongo wa kabiri w'ikiganza - inshuro ebyiri (Three fingers to the second finger line - two times) nta gipimo cy'Ifumbire inyongeramusaruro gisabwa (No fertilizer recommendation)
A31: EX_B_4 | B31: Did you plant peas in Season B 2013? | C31: Wahinze ibirayi mu gihembwe cy'ihinga B 2013? | D31: select_one yes_no | F31: If NO skip to EX_B_7
A32: EX_B_5 | B32: What should be the distance between the rows for peas? (cm) | C32: Ku birayi, umwanya usigara hagati y'imirongo wagombye kungana ute? | D32: integer
A33: EX_B_6 | B33: What is the correct amount of chemical fertilizer (DAP or NPK) that you needed to use for peas? | C33: Ni ikihe gipimo gikwiye cy'ifumbire mvaruganda (DAP cg NPK) wari ukeneye gukoresha mu birayi byawe? | D33: select_one input_amount or_other | E33: Intoki eshatu ugeza mu cya kabiri cy'ikiganza (Three fingers to just half the finger) Intoki ebyiri ugarukira ku murongo wa mbere w'ikiganza (Two fingers to first finger line) intoki eshatu ugeza ku murongo wa kabiri w'ikiganza - inshuro ebyiri (Three fingers to the second finger line - two times) nta gipimo cy'Ifumbire inyongeramusaruro gisabwa (No fertilizer recommendation)
A34: EX_B_7 | B34: Did you plant soybeans in Season B 2013? | C34: Wahinze ibirayi mu gihembwe cy'ihinga B 2013? | D34: select_one yes_no | F34: If NO skip to EX_39
A35: EX_B_8 | B35: What should be the distance between the rows for soybeans? (cm) | C35: Ku birayi, umwanya usigara hagati y'imirongo wagombye kungana ute? | D35: integer
A36: EX_B_9 | B36: What is the correct amount of chemical fertilizer (DAP or NPK) that you needed to use for soybeans? | C36: Ni ikihe gipimo gikwiye cy'ifumbire mvaruganda (DAP cg NPK) wari ukeneye gukoresha mu birayi byawe? | D36: select_one input_amount or_other | E36: Intoki eshatu ugeza mu cya kabiri cy'ikiganza (Three fingers to just half the finger) Intoki ebyiri ugarukira ku murongo wa mbere w'ikiganza (Two fingers to first finger line) intoki eshatu ugeza ku murongo wa kabiri w'ikiganza - inshuro ebyiri (Three fingers to the second finger line - two times) nta gipimo cy'Ifumbire inyongeramusaruro gisabwa (No fertilizer recommendation)
A37: EX_39 | B37: When should you apply Urea to crops? | C37: Ni ryari Ureya igomba gukoreshwa ku gihingwa? | D37: select_one when_urea or_other | E37: Iminsi 40 nyuma yo gutera (40 days after planting ) mu itera (at planting) mu gihe igihingwa kimaze kureshya n'amavi (When the crop reaches knee high)
A38: EX_B_10 | B38: What are the four necessary components in a compost pile? | C38: nibihe binu bine bigize ifumbire mborera? | D38: select_multiple compost | E38: (dry matter) (green matter)" (air)" (water)" (milk)" (soil)" (rocks)"
A39: EX_B_11 | B39: Which of the following materials are good to use for composting? | C39: muri ibi bikurikira, nibihe byiza byakoreshwa mugukora ifumbire mborera? | D39: select_multiple compost | E39: (dry grass)" (fresh grass)" (manure)" (leaves)" (rocks)" (plastic)" (metal pieces)"
A40: EX_B_12 | B40: Have you used any home-made pesticides? | C40: hari imiti ikorerwa murugo yica udukoko waba warakoresheje? | D40: select_one yes_no | F40: If NO skip to EX_B_14
A41: EX_B_13 | B41: If yes, what home-made pesticides did you use? | C41: niba aribyo,niyihe miti wakoresheje? | E41: (soap) (urine)" (pili pili)" (ash)" (tobacco leaves)"
A42: EX_B_14 | B42: Which of the following are methods to store grains effectively? | C42: muri ibi bikurikira, nubuhe buryo byiza bwakoreshwa mukubika ibuto? | E42: (1 part ash to 2 parts grain)" (insecticides)" (jerry cans, plastic bags, or other airtight container)" (1 part ash to 10 parts grain)" (open-air containers)"
A43: EX_B_15 | B43: Did you use any precautions while storing your grains after the Season B 2013 harvest? | C43: waba warakoresheje uburyo bwo kwirinda mugihe wa bikaga ibuto zawe wasaruye mu gihembwe kihinga B 2013 | D43: select_one yes_no | E43: (look at your grain often)" (store in a cool, dry place)" (elevate grain off the ground)" (store in a warm, moist place)" (do not look at the grain)" (do not elevate the grain from the ground)" | F43: If NO skip to next section
A44: EX_B_16 | B44: Which precautions did you use? | C44: nubuhe buryo wakoresheje?

Sheet AA
A1: Question Number | B1: Question (Eng) | C1: Question (Kinya) | D1: type | E1: Answer Choices | F1: Skip | G1: Special instruction
A2: Module N: Animals & Assets | H2: Inka (A. Cow ) | I2: Intama (B. Sheep ) | J2: Ihene (C. Goats ) | K2: Ingurube (D. Pigs ) | L2: Inkwavu (E. Rabbits ) | M2: Inkoko nÕibndi biguruka (F. Chicken and other poultry) | N2: Radiyo (G. Radio ) | O2: Telefoni igendanwa (H. Mobile phone ) | P2: Intebe zo muri salo (I. Living Room Suite) | Q2: Igare (J. Bicycle ) | R2: Amasuka nÕigitiyo (K. Hoes and Shovels ) | S2: Rato nÕibitiyo (L. Rakes and Spades ) | T2: Ipiki (M. Picks ) | U2: Ingorofani (N. Wheel Barrow) | V2: Insyo (O. Mills ) | W2: Amasekuru NÕimihini (P. Mortar & Pestle ) | X2: Imashini ihinga ikururwa nÕamatungo (Q. Plough ) | Y2: Imashini ihinga ikoreshwa na moteri (R. Tractor ) | Z2: Pickup (S. Pick-up truck )
A3: AA_01 | B3: Did your household purchase any ${animal_asset} from March 2013 to August 2013? | C3: Hari ${animal_asset} byaguzwe muri uru rugo kuva muri Nzeri 2012 kugeza muri Gashyantare 2013? | D3: select_one yes_no | E3: Yes No | F3: if 2 then skip to AA_07
A4: AA_02 | B4: How many? | C4: Ni bingahe? | D4: integer
A5: AA_03 | B5: How much in total did you spend? | C5: Wabitanzeho amafaranga angahe? | D5: integer
A6: AA_04 | B6: Did your household sell any ${animal_asset} from March 2013 to August 2013? | C6: Hari ${animal_asset} cyagurishijwe muri uru rugo kuva muri Nzeri 2012 kugeza muri Gashyantare 2013? | D6: select_one yes_no | E6: Yes No | F6: if 2 then skip to AA_07
A7: AA_05 | B7: How many? | C7: Ni bingahe? | D7: integer
A8: AA_06 | B8: How much in total did you earn? | C8: Wabivanyemo amafaranga angahe? | D8: integer
A9: AA_07 | B9: How many ${animal_asset} does your HH currently own, in total? | C9: Muri uru rugo mutunze ${animal_asset} bingahe byose hamwe? | D9: integer | G9: Will cross-check with last survey

Sheet Labor
A1: Question Number | B1: Question (Eng) | C1: Question (Kinya) | D1: type | E1: Answer Choices | F1: Skip | G1: Special instruction
A2: Module O: LABOR OUTSIDE THE HOME | H2: Gukora ifumbire (A. Producing compost) | I2: Gutegura umurima wo guteramo imbuto (B. Preparing fields for planting) | J2: Gutera imbuto (C. Planting) | K2: Gukoresha ifumbire (ifumbire mborera, inyongeramusaruro) (D. Applying inputs (compost, fertilzer, etc)) | L2: Kufira (E. Weeding) | M2: Kuhira (F. Irrigating) | N2: Gusarura (G. Harvesting) | O2: Gutunganya ibihingwa nyuma y'isarura (H. Processing crops after Harvest) | P2: imirimo yo gufata neza ubutaka w'umushinga LWH (I. Land husbandry work for LWH project) | Q2: Ubwubatsi (J. construction) | R2: Gusana umuhanda (K, road maintenance) | S2: Ikindi gikorwa (L. any other task)
A3: LAB_01 | B3: Did any adult males (>16)in the HH do casual labor for ${task}? | C3: Hari abantu bakuru b'igitsina gabo muri uru rugo (hejuru y'imyaka 16) bagaragaye mu ${task}? | D3: select_one yes_no | E3: No Yes | F3: if NO then skip to LAB_03 | G3: skips if no adult males are on the HH roster
A4: LAB_02 | B4: How much in total did they earn for ${task}? (RWF) | C4: Binjije amafaranga angahe yose hamwe mu ${task}? (RWF) | D4: integer
A5: LAB_03 | B5: Did any adult females (>16) in the HH do casual labor for ${task}? | C5: Hari abantu bakuru b'igitsina gore muri uru rugo (hejuru y'imyaka 16) bagaragaye mu ${task}? | D5: select_one yes_no | E5: No Yes | F5: if NO then skip to LAB_05 | G5: skips if no adult females are on the HH roster
A6: LAB_04 | B6: How much in total did they earn for ${task}? (RWF) | C6: Bungutse amafaranga angahe yose hamwe mu ${task}? (RWF) | D6: integer
A7: LAB_05 | B7: Did any children (younger than 16) do casual labor for ${task}? | C7: Hari abana muri uru rugo (munsi y'imyaka 16) bagaragaye mu ${task}? | D7: select_one yes_no | E7: No Yes | F7: if NO then skip to next TASK | G7: skips if no children under 16 on the HH roster
A8: LAB_06 | B8: How much in total did they earn for ${task}? (RWF) | C8: Bungutse amafaranga angahe yose hamwe mu ${task}? (RWF) | D8: integer

Sheet Credit
A1: Question Number | B1: Question (Eng) | C1: Question (Kinya) | D1: type | E1: Answer Choices | F1: Skip | G1: Special instruction
A2: Module R: CREDIT | H2: Banki y'ubucuruzi (A. commercial bank) | I2: SACCO (B. SACCO) | J2: COOPEC (C. COOPEC ) | K2: Ibindi bigo by'imari iciriritse (D. other MFI ) | L2: Umuvandimwe (E. relative) | M2: TUBURA (F. TUBURA) | N2: Incuti (G. friend) | O2: Butike (H. shop keeper / employer) | P2: Ibigo byo kubitsa (I. comm based savings grp) | Q2: Koperative (J. cooperative) | R2: Umukuru w'umudugudu (K. village leader) | S2: Umukuru w'itorero/idini (L. religious leader)
A3: CRD_01 | B3: Since June 1 2013, have you requested a loan from ${creditor}? | C3: Kuva muri kamena 2013, wigeze waka inguzanyo muri ${creditor}? | D3: select_one yes_no | F3: If NO, skip to next creditor
A4: CRD_02 | B4: Did you receive a loan from ${creditor}? | C4: Wahawe inguzanyo na ${creditor}? | D4: select_one yes_no | F4: If YES, skip to CRD_04
A5: CRD_T_error | B5: Error: This respondent reported they were a member of Tubura Season B, and therefore did receive a loan for inputs from Tubura. Please swipe back to correct.
A6: CRD_03 | B6: Why not? | C6: Kubera iki? | D6: select_one why_no_loan or_other | F6: SKIP to next CREDITOR
A7: CRD_04 | B7: In what month did you take the loan? | C7: Iyo nguzanyo wayihawe mu kuhe kwezi? | D7: select_one month_loan
A8: CRD_05 | B8: What was the primary purpose of the loan? | C8: Ni iyihe mpamvu y'ingenzi yatumye waka iyo nguzanyo? | D8: select_one loan_purpose or_other
A9: CRD_06 | B9: Was any portion of the loan used to pay for agricultural inputs? | C9: Muri iyo nguzanyo, hari igice cyagenewe kugura inyongeramusaruro? | D9: select_one yes_no | F9: If NO skip to CRD_09
A10: CRD_07 | B10: How much of the loan was used to pay for agricultural inputs? | C10: Ni amafaranga angahe y'iyo nguzanyo yaguzwemo inyongeramusaruro? | D10: integer
A11: CRD_08 | B11: Which agricultural input(s )were purchased using the loan? | C11: Ni ubuhe bwoko bw'inyongeramusaruro waguze ukoresheje iyo nguzanyo? | D11: select_multiple inputs or_other
A12: CRD_09 | B12: Which household member was the main recipient of the loan? | C12: Ni nde muntu muri uru rugo wanditsweho iyi nguzanyo? | D12: select_one hh_roster_complete
A13: CRD_10 | B13: What was the total amount of the loan? | C13: Inguzanyo yose ingana n'amafaranga angahe? | D13: integer
A14: CRD_11 | B14: Was interest charged on the loan from ${creditor}? | C14: Hari inyungu isabwa na ${creditor} kuri iyo nyunguzanyo? | D14: select_one yes_no | F14: if NO skip to CRD_14
A15: CRD_12 | B15: What was the rate of interest? | C15: Iyo nyungu ingana ite? | D15: decimal
A16: CRD_13 | B16: unit of time for interest rate | C16: Igihe iyo nyungu izamara itangwa | D16: select_one time_unit
A17: CRD_14_Q | B17: What is the length of the repayment period? | C17: Iyo nguzanyo izishyurwa mu gihe kingana iki? | D17: decimal
A18: CRD_14_U | B18: Unit of time for repayment period | D18: select_one time_unit
A19: CRD_15 | B19: Was collateral required to secure the loan? | C19: Hari ingwate wasabwe kugira ngo ubone iyo nguzanyo? | D19: select_one yes_no
A20: CRD_16 | B20: What was the collateral required to secure the loan? | C20: Ni yihe ngwate mwatanze kugira ngo mubone inguzanyo | D20: select_one collateral or_other
A21: CRD_17 | B21: How many payments have you made on the loan so far? | C21: kuri iyo nguzanyo umaze kuriha ibyiciro bingahe? | D21: integer
A22: CRD_18 | B22: Have you paid this loan in full? | C22: Iyi nguzanyo wayishyuriye ingunga imwe? | D22: select_one yes_no | F22: If YES skip to CRD_20
A23: CRD_19 | B23: In what month did you make the final payment on this loan? | C23: Warangije kwishyura iyi nguzanyo mu kuhe kwezi? | D23: select_one month_loan
A24: CRD_20 | B24: How much in total have you paid so far (including principal and interest)? | C24: Kugeza ubu, umaze kwishyura amafaranga angahe yose hamwe (harimo inguzanyo n'inyungu)? | D24: integer
A25: CRD_21 | B25: What would the consequence be if you failed to repay this loan? | C25: Ni izihe ngaruka wari kugira iyo utaza kwishyura iyi nguzanyo? | D25: select_one no_pay_consequence or_other
A26: CRD_22 | B26: Imagine you have a loan for RWF 5,000. Would you rather pay it in small installments (less than RWF1,000) as often as you can or in large installments (more than RWF1,000) only when you have cash on hand from wages or harvest? | C26: Tuvuge ko ufite inguzanyo y'amafaranga 5.000. Wumva wazayishyura mu byiciro bigufi (uriha amafaranga atarenze 1.000) igihe cyose ubishoboye cyangwa wazayishyura mu byiciro birambuye (uriha amafaranga arenze 1.000) bitewe gusa n'uko uyafite mu ntoki uyakesha umushahara cyangwa umusaruro? | D26: select_one installments | E26: ask these only for people that were skipped on it for some reason last time
A27: CRD_23 | B27: Imagine you have a loan for RWF50,000. Would you rather pay it in small installments (less than RWF1,000) as often as you can or in large installments (more than RWF1,000) only when you have cash on hand from wages or harvest? | C27: Tuvuge ko ufite inguzanyo y'amafaranga 50.000. Wumva wazayishyura mu byiciro bigufi (uriha amafaranga ari munsi ya 1.000) igihe cyose uzaba ubishoboye cyangwa wazayishyura mu byiciro birambuye (uriha amafaranga ari hejuru y'amafaranga 1.000) bitewe gusa n'uko uyafite mu ntoki uyakesha umushahara cyangwa umusaruro? | D27: select_one installments

Sheet Transfers
A1: Question Number | B1: Question (Eng) | C1: Question (Kinya) | D1: type | E1: Answer Choices | F1: Skip | G1: Special instruction
A2: Module R: TRANSFERS
A3: TR_01 | B3: How many times has anyone in the HH given gifts or remittances (in cash or in kind) to friends, family or neighbors since June 1 2013? Note: TRANSFERS are defined as gifts or remittances made among the members of a social network (family, friends and neighbors). They can come in the form of cash, mobile money, or other formal financial networks like Western Union, and they can be in-kind (such as gifts of food, supplies, or labor). Do not include loans or community-based savings contributions. | C3: Note: Ni kangahe umuntu wo muri uru rugo yahaye impano cg amafaranga (mu ntoki cg mu bundi buryo) incuti, umuryango cg abaturanye kuva muri kamena 2013? Ihererekanya rifite ubusobanuro bw'impano cyangwa amafaranga bitangwa hagati mu banyamuryango bafite icyo bahuriyeho (umuryango, incuti n'abaturanyi). Bishobora gutangwa mu ntoki, kuri mobayilo mani, cyangwa hakoreshejwe ubundi buryo bwo kohererezanya amafaranga nka Western Union, bishobora no kuba ibindi bintu (nk'impano z'ibiryo, ibikoresho cyangwa akazi). Ntubivange n'inguzanyo cyangwa imisanzu y'amashyirahamwe y'ubwisungane. | D3: integer | F3: If O SKIP to TR_07
A4: TR_02 | B4: Transfer ${gtransfer_position}: Recipient's relationship to HH member who made the transfer (or relationship to HH head if gift was given from entire HH) | C4: Transfer ${gtransfer_position}: isano uwayakiriye afitanye n'umuntu wo mu rugo wayohereje (cg isano afitanye na nyir'urugo niba impano yatanzwe n'urugo rwose) | D4: select_one transfer_relationship or_other | E4: umufasha (Spouse) ababyeyi (Parent) sekuru/nirakuruy (Grandparent) umwana (Child) abavandimwe (Sister/brother) nyirasenge/nyirarume (Aunt/uncle) ababyara (Cousin) abaturanyi(Neighbor) inshuti (Friend)
A5: TR_03 | B5: Distance from HH to transfer recipient | C5: Ni iyihe ntera iri hagati y'urugo na nyir'ukwakira impano? | D5: select_one transfer_distance | E5: mu mudugudu (within village) mu karere (within district) ahandi hose mu Rwanda (elsewhere in Rwanda) hanze y'u Rwanda (outside of Rwanda)
A6: TR_04 | B6: Reason for gift | C6: Impamvu y'iyo mpano | D6: select_one transfer_reason or_other | E6: Ibirori (ubukwe, gushyingura, ibindi) (social events) Ibibazo by'ubuzima (health shocks) uburezi bw'abana (education of children) ibijyanye n'inyongeramusaruro (agricultural inputs) gushyiraho abakozi (hired labor) kurumba kw'imyaka (crop failure)
A7: TR_05 | B7: Was transfer in cash or in kind? | C7: impano yatanzwe mu mafaranga cya mu bintu? | D7: select_one cash_in_kind | E7: (cash)" (in-kind)"
A8: TR_06 | B8: Transfer amount (or estimated value if in-kind transfer) (RWF) | C8: Umubare w'amafaranga yoherejwe (cg agaciro k'ikindi kintu cyoherejwe) (RWF) | D8: integer
A9: TR_07 | B9: How many times has anyone in the HH received gifts or remittances (in cash or in kind) from friends, family or neighbors since June 1 2013? Note: TRANSFERS are defined as gifts or remittances made among the members of a social network (family, friends and neighbors). They can come in the form of cash, mobile money, or other formal financial networks like Western Union, and they can be in-kind (such as gifts of food, supplies, or labor). Do not include loans or community-based savings contributions. | C9: Ni kangahe umuntu wo muri uru rugo yakiriye impano cg yohererejwe amafaranga (mu ntoki cg mu bundi buryo) incuti, umuryango cg abaturanyi kuva muri kamena 2013? Ihererekanya rifite ubusobanuro bw'impano cyangwa amafaranga bitangwa hagati mu banyamuryango bafite icyo bahuriyeho (umuryango, incuti n'abaturanyi). Bishobora gutangwa mu ntoki, kuri mobayilo mani, cyangwa hakoreshejwe ubundi buryo bwo kohererezanya amafaranga nka Western Union, bishobora no kuba ibindi bintu (nk'impano z'ibiryo, ibikoresho cyangwa akazi). Ntubivange n'inguzanyo cyangwa imisanzu y'amashyirahamwe y'ubwisungane. | D9: integer | F9: If 0 skip to next module
A10: TR_09 | B10: Transfer ${rtransfer_position}: Sender's relationship to HH member who received the transfer (or relationship to HH head if entire HH received the transfer) | C10: Transfer ${rtransfer_position}: isano uwayohereje afitanye n'umuntu wo mu rugo wayakiriye (cg isano afitanye na nyir'urugo niba amafaranga yarakiriwe mu izina ry'urugo rwose) | D10: select_one transfer_relationship or_other | E10: umufasha (Spouse) ababyeyi (Parent) sekuru/nirakuruy (Grandparent) umwana (Child) abavandimwe (Sister/brother) nyirasenge/nyirarume (Aunt/uncle) ababyara (Cousin) abaturanyi(Neighbor) inshuti (Friend)
A11: TR_10 | B11: Distance from HH to transfer sender | C11: Intera iri hagati y'urugo na nyir'ukohereza | D11: select_one transfer_distance | E11: mu mudugudu (within village) mu karere (within district) ahandi hose mu Rwanda (elsewhere in Rwanda) hanze y'u Rwanda (outside of Rwanda)
A12: TR_11 | B12: Reason for transfer | C12: Impamvu yatumye yoherezwa | D12: select_one transfer_reason or_other | E12: Ibirori (ubukwe, gushyingura, ibindi) (social events) Ibibazo by'ubuzima (health shocks) uburezi bw'abana (education of children) ibyangombwa byo mu buhinzi ukurumba kw'imyaka (agricultural inputs) (hired labor) (crop failure)
A13: TR_12 | B13: Was transfer in cash or in kind? | C13: Amafaranga yoherejwe ni kashi cg hoherejwe ikindi kintu? | D13: select_one cash_in_kind | E13: (cash)" (in-kind)"
A14: TR_13 | B14: Transfer amount (or estimated value if in-kind transfer) | C14: Umubare w'amafaranga yoherejwe (cg agaciro k'ikindi kintu cyoherejwe) | D14: integer

Sheet Shocks
A1: Question Number | B1: Question (Eng) | C1: Question (Kinya) | D1: type | E1: Answer Choices | F1: Skip | G1: Special instruction
A2: Module S: SHOCKS | H2: kurumba kw'imyaka bitewe n'amapfa, imyuzure cg irindi hindagurika ry'ikirere (A. Crop failure due to drought, flooding or other weather event) | I2: kurumba kw'imyaka bidaturutse ku kirere (B. Crop failure (not weather related)) | J2: uburwayi bukomeye bw'abo mu rugo (kumara nk'icyumweru) (C. Serious illness of family members (for at least a week)) | K2: kwibwa kw'umutungo cg igihombo/kononekara k'umutungo (D. Theft of property or loss/damage of assets) | L2: gutakaza akazi bitunguranye (E. Sudden job loss) | M2: ibindi (F. Other)
A3: SH_01 | B3: How many times since June 1, 2013 has your HH experienced ${shock}? | C3: Kuva muri kamena 2013 ni kangahe urugo rwawe rwagize ${shock}? | D3: integer | F3: If 0, skip to next SHOCK
A4: SH_02 | B4: Total loss associated with ${shock} (RWF) | C4: Igihombo cyose cyatewe na ${shock} (RWF) | D4: integer
A5: SH_03 | B5: How did you cope with this ${shock}? | C5: Witwaye ute muri iki ${shock}? | D5: select_multiple cope | E5: hakoreshejwe ubwizigame (Used savings) hagurishijwe igikoresho cyo mu rugo (Sold assets) imirimo y'ubuhinzi hanze y'urugo (HH members performed off-farm labor) yagurijwe amafaranga (Loan from informal source) yahawe inguzanyo (Loan from formal source) impano ziturutse mu nshuti,abavandimwe,umuturanyi (Gift from friend/relative/neighbor) | G5: Informal sources = friend, relative, moneylender etc Formal source = bank or MFI

Sheet FS 1
A1: Question Number | B1: Question (Eng) | C1: Question (Kinya) | D1: type | E1: Answer Choices | F1: Skip | G1: Special instruction
A2: Module U: Food Security, Part 1
A3: FS_A | B3: Enumerator: For the remaining sections, the respondent must be an adult female in the HH. Is an adult female available? | C3: umukarani w'ibarura:kubibazo bisigaye usubiza agomba kuba igitsina gore kandi gikuze mubagize uru rugo.araboneka ngo abazwe? | D3: select_one yes_no | G3: Appears if the current respondent is not an adult female
A4: FS_B | B4: Please select the respondent for the remaining food security sections. | C4: hitamo ugusubiza muri icyi cyiciro gisigaye kijyanye ni ibiribwa. | D4: select_one hh_roster_complete
A5: FS_C | B5: Enumerator: Please arrange a time when you can come to complete the food security section with an adult female in the HH. | C5: umukarani w'ibarura:gerageza ushake umwanya wagarukira kugira ubaze icyi cyiciro kijyanye ni ibiribwa hamwe n'igitsina gore kandi ukuze muri uru rugo. | D5: note | G5: Appears if no adult female is available. Interview must be submitted now, and a "FOOD SECURITY" interview submitted later.
A6: FS_01 | B6: In the past [4 weeks/30 days], was there ever no food to eat of any kind in your house because of lack of resources to get food? | C6: Mu bihe byahise [byumweru 4/iminsi 30 ], urugo rwanyu rwigeze ruhura n’ikibazo cyo kubura ibiribwa ibyo ari byo byose byo kurya kubera kubura amikoro yo kubibona? | D6: select_one yes_no | F6: If NO skip to FS_03
A7: FS_02 | B7: How often did this happen in the past [4 weeks/30 days]? | C7: Ibyo byabaye inshuro zingahe mu gihe cyashize [byumweru 4 / minsi 30]? | D7: select_one hhs_often | E7: Ni gake ( inshuro 1-2 mu byumweru 4 bishize) (Rarely (1-2 times in past 4 weeks) ) Rimwe na rimwe (inshuro 3-10 mu byumweru 4 bishize) (Sometimes (3-10 times in past 4 weeks) ) Kenshi ( inshuro zirenga 10 mu byumweru 4 bishize) (Often (more than 10 times in past 4 weeks) )
A8: FS_03 | B8: In the past [4 weeks/30 days], did you or any household member go to sleep at night hungry because there was not enough food? | C8: Mu bihe byahise, [byumweru 4 /iminsi 30], hari umuntu wo mu rugo rwanyu waraye atariye kubera ko nta biribwa bihagije mwari mufite? | D8: select_one yes_no | F8: If NO skip to FS_05
A9: FS_04 | B9: How often did this happen in the past [4 weeks/30 days]? | C9: Ibyo byabaye inshuro zingahe mu gihe gishize [byumweru 4 /iminsi 30]? | D9: select_one hhs_often | E9: Ni gake ( inshuro 1-2 mu byumweru 4 bishize) (Rarely (1-2 times in past 4 weeks) ) Rimwe na rimwe (inshuro 3-10 mu byumweru 4 bishize) (Sometimes (3-10 times in past 4 weeks) ) Kenshi ( inshuro zirenga 10 mu byumweru 4 bishize) (Often (more than 10 times in past 4 weeks) )
A10: FS_05 | B10: In the past [4 weeks/30 days], did you or any household member go a whole day and night without eating anything at all because there was not enough food? | C10: Mu bihe byahise, [byumweru 4 /iminsi 30] wowe cyangwa undi muntu wo mu rugo rwanyu mwigeze mubwirirwa cg mukaburara kubera kubura biribwa bihagije? | D10: select_one yes_no | F10: If NO skip to next module
A11: FS_06 | B11: How often did this happen in the past [4 weeks/30 days]? | C11: Ibyo byabaye inshuro zingahe mu gihe gishize [byumweru 4 /iminsi 30] biheruka? | D11: select_one hhs_often | E11: Ni gake ( inshuro 1-2 mu byumweru 4 bishize) (Rarely (1-2 times in past 4 weeks) ) Rimwe na rimwe (inshuro 3-10 mu byumweru 4 bishize) (Sometimes (3-10 times in past 4 weeks) ) Kenshi ( inshuro zirenga 10 mu byumweru 4 bishize) (Often (more than 10 times in past 4 weeks) )

Sheet FS 2
A1: Question Number | B1: Question (Eng) | C1: Question (Kinya) | D1: type | E1: Answer Choices | F1: Skip
A2: Module U: Food Security, Part 2 | G2: Ifu (yingano, imyumbati nÍibigori) (A. Flour (from wheat, cassava, maize)) | H2: Umugati (B. Bread) | I2: Umuceri (C. Rice) | J2: Inyama, Amafi (D. Meat, Fish) | K2: Ibiguruka nÍamagi (E. Polutry and Eggs) | L2: Mata, Ibikomoka ku mata (F. Millk & Other dairy products) | M2: Amavuta yo guteka (G Edible Oils) | N2: Imbuto (H. Fruits) | O2: Ibishyimbo (I. Beans) | P2: Imboga (J. Vegetables) | Q2: Ibinyamizi nÍibinyabijumba (K. Matoke, Cassava, Sweet/ Irish potatoes) | R2: Ibinyobwa bidasembuye (L. Juice, soda, or any non-alcoholic drink) | S2: Isukari nÍibindi biryohera (M. Sugar, honey, other Sweeteners) | T2: Indyoshyandyo nÍidindi birungo (N. Salt or spices) | U2: (O. Meals Prepared outside HH) | V2: Amafunguro ategurirwa hanze yÍurugo (P. Nuts (ground nuts, sesame, sunflower seeds, etc))
A3: EXP_25 | B3: How many days in the last 1 week has your household consumed ${food}? | C3: Mu cyumweru gishize, urugo rwawe rwariye ${food} iminsi ingahe? | D3: integer | F3: If 0, skip to EXP_30
A4: EXP_26 | B4: What was the source of ${food}? | C4: Ibyo ${food} byaturutse he? | D4: umusaruro bwite (Own production) umuhigo/uburobyi (Hunting/gathering/fishing) igurana (umurimo/ibiribwa) (Exhange (labor/food)) kuguza (Borrowed) kugurwa (Purchased) impano z'abavandimwe (Gifts from relatives ) imfashanyo (imiryango itagengwa na Leta, Guverinoma) (Aid (NGO, GoR))
A5: EXP_27_Q | B5: How much ${food} of your own production did your HH consume over the last week? | C5: Urugo rwanyu rwariye ${food}rwiyejereje bingana iki mu cyumweru gishize? | D5: decimal
A6: EXP_27_U | B6: Units | D6: select_one quantity_units
A7: EXP_28_Q | B7: How much ${food} did you purchase? | C7: Waguze ${food} bingana bite? | D7: decimal
A8: EXP_28_U | B8: units | D8: select_one quantity_units
A9: EXP_29 | B9: How much in total did your HH spend on purchased ${food} over the last week? (RWF) | C9: Mwatanze amafaranga angana iki mugura ${food} mu cyumweru gishize? (RWF) | D9: integer

Sheet FS 3
A1: Question Number | B1: Question (Eng) | C1: Question (Kinya) | D1: type | E1: Answer Choices | F1: Skip | G1: Special instruction
A2: Module U: Food Security, Part 3
A3: L_2_1 | B3: Now I would like to ask you about your household’s food supply during different months of the year. When responding to these questions, please think back over the last 12 months, from now to the same time last year. Were there any months, in the past 12 months, in which you did not have enough food to meet your family’s needs? This includes any kind of food from any source, such as own production, purchase or exchange, food aid, or borrowing. | C3: Ndifuza kukubaza aho urugo rwanyu rwagiye rukura ibiribwa mu mezi atandukanye y’umwaka. Mu gusubiza ibi bibazo usubize amaso inyuma utekereze ku mezi 12 ashize uhereye ubu kugeza ku gihe nk’icyi cyo mu mwaka ushize. Ese mu mezi 12 aheruka hari amezi mwaba mwaragizemo ikibazo cyo kutabona ibiribwa bihagije umuryango wanyu wari ukeneye? Aha ni ukuvuga ibiribwa ibyo ari byo byose hatitawe ku hantu bituruka tukaba twavuga nk’ibyo bisaruriye, baguze cyangwa baguranye, imfashanyo y’ibiribwa cyangwa ibyo bagujije. | D3: select_one yes_no | F3: If NO, skip to next Module
A4: L_2_2 | B4: Which were the months in the past 12 months when you did not have enough food to meet your family’s needs? Do not read the list of months aloud. Place a 1 in the box if the respondent identifies that month as one in which the HH did not have enough food to meet their needs. If the respondent does not identify that month, place a 2 in the box. Use a seasonal calendar if needed to help respondent remember the different months. Probe to make sure the respondent has thought about the entire past 12 months. | C4: Ni ryari urugo rwanyu rutigeze rubona ibyo kurya bihagije mu mezi 12 ashize? Irinde gusoma urutonde rw’amezi mu ijwi riranguruye. Shyira 1 mu kazu niba usubiza ibibazo avuzeko uko kwezi ari ko urugo rwahuyemo n’ikibazo cyo kutabona ibiribwa bihagije rwari rukeneye. Niba usubiza ibibazo atagize ukwezi avuga, shyira 2 mu kazu. Koresha ingengabihe y’ibihembwe by’ihinga niba usanga ari bwo buryo bwafasha usubiza ibibazo kwibuka ayo mezi atandukanye. Kubaza ibibazo bituma usubiza avuga ku mezi yose 12 aheruka. | D4: note
A5: L_2_2_november | B5: November | C5: ugushyingo | D5: select_one yes_no
A6: L_2_2_december | B6: December | C6: ukuboza | D6: select_one yes_no
A7: L_2_2_january | B7: January | C7: mutarama | D7: select_one yes_no
A8: L_2_2_february | B8: February | C8: gashyantare | D8: select_one yes_no
A9: L_2_2_march | B9: March | C9: werurwe | D9: select_one yes_no
A10: L_2_2_april | B10: April | C10: mata | D10: select_one yes_no
A11: L_2_2_may | B11: May | C11: gicurasi | D11: select_one yes_no
A12: L_2_2_june | B12: June | C12: kamena | D12: select_one yes_no
A13: L_2_2_july | B13: July | C13: nyakanga | D13: select_one yes_no
A14: L_2_2_august | B14: August | C14: kanama | D14: select_one yes_no
A15: L_2_2_september | B15: September | C15: nzeri | D15: select_one yes_no
A16: L_2_2_october | B16: October | C16: ukwakira | D16: select_one yes_no
A17: L_2_3_november | B17: November: Why? List up to 3 reasons. If more than 3, ask respondent to choose 3 most important. | C17: kubera iki ugushyingo ? vuga impamvu 3.nimba zirenze 3,baza uwo muganira guhitamo 3 zibanze | D17: select_multiple why_hungry or_other | E17: Amapfa/imvura ibura ry’imvura (Drought) Imyuzure (Floods) imvura igwa ihindagurika (Irregular rains) Ibyonnyi n’indwara by’ibihingwa (Crop pests and disease) Indwara z’amatungo (Livestock disease) Izamuka ry’ibirico by’ibiribwa (High food prices) Izamuka ry’ibiciro by’inyongeramusaruro zo mu buhinzi (High cost of agricultural inputs) Ibura cyangwa igabanuka ry’akazi (Loss or reduced employment) Indwara cyangwa impanuka by’umwe mu bagize umuryango (Illness/ accident of HH member) Urupfu rw’umwe mu bagize umuryango (Death of HH member) Kwibwa ibyakoreshwaga mu kubyara umusaruro (Theft of productive resources) Ibindi bikorwa bihanwa n’amategeko (Other criminal acts) Isuri/Inkangu (Erosion/Landslides) | G17: Will appear if November selected above
A18: L_2_3_december | B18: December: Why? List up to 3 reasons. If more than 3, ask respondent to choose 3 most important. | C18: kubera iki ukuboza? Vuga impamvu 3.nimba zirenze 3,baza uwo muganira guhitamo 3 zibanze | D18: select_multiple why_hungry or_other | G18: Will appear if December selected above
A19: L_2_3_january | B19: January: Why? List up to 3 reasons. If more than 3, ask respondent to choose 3 most important. | C19: kubera iki mutarama? vuga impamvu 3.nimba zirenze 3,baza uwo muganira guhitamo 3 zibanze | D19: select_multiple why_hungry or_other | G19: Will appear if January selected above
A20: L_2_3_february | B20: February: Why? List up to 3 reasons. If more than 3, ask respondent to choose 3 most important. | C20: kubera iki gashyantare? Vuga impamvu 3.nimba zirenze 3,baza uwo muganira guhitamo 3 zibanze | D20: select_multiple why_hungry or_other | G20: Will appear if February selected above
A21: L_2_3_march | B21: March: Why? List up to 3 reasons. If more than 3, ask respondent to choose 3 most important. | C21: kubera iki werurwe? Vuga impamvu 3.nimba zirenze 3,baza uwo muganira guhitamo 3 zibanze | D21: select_multiple why_hungry or_other | G21: Will appear if March selected above
A22: L_2_3_april | B22: April: Why? List up to 3 reasons. If more than 3, ask respondent to choose 3 most important. | C22: kubera iki mata? Vuga impamvu 3.nimba zirenze 3,baza uwo muganira guhitamo 3 zibanze | D22: select_multiple why_hungry or_other | G22: Will appear if April selected above
A23: L_2_3_may | B23: May: Why? List up to 3 reasons. If more than 3, ask respondent to choose 3 most important. | C23: kubera iki gicurasi? Vuga impamvu 3.nimba zirenze 3,baza uwo muganira guhitamo 3 zibanze | D23: select_multiple why_hungry or_other | G23: Will appear if May selected above
A24: L_2_3_june | B24: June: Why? List up to 3 reasons. If more than 3, ask respondent to choose 3 most important. | C24: kubera iki kamena? Vuga impamvu 3.nimba zirenze 3,baza uwo muganira guhitamo 3 zibanze | D24: select_multiple why_hungry or_other | G24: Will appear if June selected above
A25: L_2_3_july | B25: July: Why? List up to 3 reasons. If more than 3, ask respondent to choose 3 most important. | C25: kubera iki nyakanga? Vuga impamvu 3.nimba zirenze 3,baza uwo muganira guhitamo 3 zibanze | D25: select_multiple why_hungry or_other | G25: Will appear if July selected above
A26: L_2_3_august | B26: August: Why? List up to 3 reasons. If more than 3, ask respondent to choose 3 most important. | C26: kubera iki kanama? vuga impamvu 3.nimba zirenze 3,baza uwo muganira guhitamo 3 zibanze | D26: select_multiple why_hungry or_other | G26: Will appear if August selected above
A27: L_2_3_september | B27: September: Why? List up to 3 reasons. If more than 3, ask respondent to choose 3 most important. | C27: kubera iki nzeri? Vuga impamvu 3.nimba zirenze 3,baza uwo muganira guhitamo 3 zibanze | D27: select_multiple why_hungry or_other | G27: Will appear if September selected above
A28: L_2_3_october | B28: October: Why? List up to 3 reasons. If more than 3, ask respondent to choose 3 most important. | C28: kubera iki ukwakira? Vuga impamvu 3.nimba zirenze 3,baza uwo muganira guhitamo 3 zibanze | D28: select_multiple why_hungry or_other | G28: Will appear if October selected above

Sheet FS 4
A1: Question Number | B1: Question (Eng) | C1: Question (Kinya) | D1: type | E1: Answer Choices | F1: Special instruction
A2: Module U: Food Security, Part 4
A3: WDDS_note | B3: Enumerator Instructions: Ask the respondent to describe the foods (meals and snacks) she ate or drank yesterday during the day and night. Start with the first food or drink of the morning. Write down all foods and drinks mentioned. When composite dishes are mentioned, ask for the list of ingredients. When the respondent has finished, please probe for meals and snacks not mentioned. | C3: Gusaba usubiza ibibazo gusobanura ibiribwa (amafunguro n’utundi tuntu abantu bafungura hagati y’amafunguro) umugore uyu n’uyu yariye cyangwa ibinyobwa yanyoye ejo hashize ku manywa na nijoro. Guhera ku kiribwa no ku kinyobwa yahereyeho mu gitondo. Andika ibiribwa n’ibinyobwa byose umuntu avuze. Niba avuze amafunguro akozwe n’ibiribwa byinshi kumusaba kuvuga ibigize ayo mafunguro. Igihe usubiza ibibazo arangije, sa n’umubaza uganisha ku mafunguro no ku tundi tuntu abantu bafungura mbere yo kurya atigeze avuga | D3: note | F3: WRITE ON WORKSHEET (SEE FINAL PAGE), then enter on tablet
A4: WDDS_B | B4: Breakfast | C4: Ifunguro rya mugitondo | D4: select_multiple food_groups | E4: See "FOOD GROUPS" on final page.
A5: WDDS_BS | B5: Snack | C5: Utuntu dufungurwa hagati y’amafunguro | D5: select_multiple food_groups
A6: WDDS_L | B6: Lunch | C6: Ifunguro rya saa sita | D6: select_multiple food_groups
A7: WDDS_LS | B7: Snack | C7: Utuntu dufungurwa hagati y’amafunguro | D7: select_multiple food_groups
A8: WDDS_D | B8: Dinner | C8: Ifunguro ryo ku mugoroba | D8: select_multiple food_groups
A9: WDDS_DS | B9: Snack | C9: Utuntu dufungurwa hagati y’amafunguro | D9: select_multiple food_groups
A10: FS_08 | B10: Are you sure you didn't eat any of the following foods? Enumerator: please use examples CEREALS: Corn/maize, Rice, Wheat, Sorghum, Millet or any other grains or foods made from these (e.g. Ugali, Bread, Noodles, Porridge or other grain products) | C10: urabizi udashidikanya neza ko nta biribwa bikurikira waba warariye? Umukari w'ibarura:koresha ingero IBINYAMPEKE: Ibigori,umuceri,ingano,amasaka,nibindi binyampeke cg ibikomokaho (ubugali, umutsima,imigati,igikoma n’ibindi) | D10: select_one did_didn't_eat | E10: bariye(Did Eat) ntibariye(Did Not Eat) | F10: Asked if this food group is not selected already.
A11: FS_09 | B11: Are you sure you didn't eat any of the following foods? Enumerator: please use examples WHITE ROOTS AND TUBERS: Irish Potatoes, White Yam, White Cassava, or other foods made from roots | C11: urabizi udashidikanya neza ko nta biribwa bikurikira waba warariye? Umukari w'ibarura:koresha ingero IBINYABIJUMBA: Ibirayi,ubugali, ibivunde n’ibindi bikomoka ku binyamizi | D11: select_one did_didn't_eat | E11: bariye(Did Eat) ntibariye(Did Not Eat) | F11: Asked if this food group is not selected already.
A12: FS_10 | B12: Are you sure you didn't eat any of the following foods? Enumerator: please use examples YELLOW/ ORANGE VEGETABLES AND TUBERS: Pumpkin, Carrot, Squash, or Sweet Potato that are orange inside + other locally available vitamin A rich vegetables (e.g. Red Sweet Pepper) | C12: urabizi udashidikanya neza ko nta biribwa bikurikira waba warariye? Umukari w'ibarura:koresha ingero IMBOGA N’IBINYABIJUMBA BIKUNGAHAYE KURI VITAMINI A: Ibihaza, karoti, amadegede cyangwa ibijumba bigira ibara rya oranje imbere + izindi mboga zikungahaye kuri vitamini A zikunda kuboneka mu gace batuyemo ( twavuga ibirungo) | D12: select_one did_didn't_eat | E12: bariye(Did Eat) ntibariye(Did Not Eat) | F12: Asked if this food group is not selected already.
A13: FS_11 | B13: Are you sure you didn't eat any of the following foods? Enumerator: please use examples DARK GREEN LEAFY VEGETABLES: Dark green leafy vegetables, including wild forms + locally available vitamin A rich leaves such as Amaranth, Cassava leaves, Kale, Spinach | C13: urabizi udashidikanya neza ko nta biribwa bikurikira waba warariye? Umukari w'ibarura:koresha ingero IMBOGA MBISI: mboga z’amababi mabisi yijimye harimo izo mu gasozi+ imboga z’amababi zikungahaye kuri vitamini A zikunda kuboneka aho batuye nka dodo, ibibabi by’imyumbati, kale, epinari | D13: select_one did_didn't_eat | E13: bariye(Did Eat) ntibariye(Did Not Eat) | F13: Asked if this food group is not selected already.
A14: FS_12 | B14: Are you sure you didn't eat any of the following foods? Enumerator: please use examples OTHER VEGETABLES: Other vegetables (e.g. Tomato, Onion, Eggplant, Green beans) + other local vegetables | C14: urabizi udashidikanya neza ko nta biribwa bikurikira waba warariye? Umukari w'ibarura:koresha ingero IZINDI MBOGA : Izindi mboga (twavuga nk’ itomati, onyo, intoryi) + izindi mboga ziboneka mu gace batuyemo | D14: select_one did_didn't_eat | E14: bariye(Did Eat) ntibariye(Did Not Eat) | F14: Asked if this food group is not selected already.
A15: FS_13 | B15: Are you sure you didn't eat any of the following foods? Enumerator: please use examples VITAMIN A RICH FRUITS: Ripe Mango, Cantaloupe, Apricot (fresh or dried), Ripe papaya, Dried Peach, Bananas and 100% fruit juice from these + other locally available Vitamin A rich fruits | C15: urabizi udashidikanya neza ko nta biribwa bikurikira waba warariye? Umukari w'ibarura:koresha ingero IMBUTO ZIKUNGAHAYE MURI VITAMINI: umwembe uhiye, ipapayi rihiye, iminekye na jus z'imbuto gusa n'izindi imbuto zingira Vitamin A. | D15: select_one did_didn't_eat | E15: bariye(Did Eat) ntibariye(Did Not Eat) | F15: Asked if this food group is not selected already.
A16: FS_14 | B16: Are you sure you didn't eat any of the following foods? Enumerator: please use examples OTHER FRUITS: Other fruits, including wild fruits and 100% fruit juice made from these | C16: urabizi udashidikanya neza ko nta biribwa bikurikira waba warariye? Umukari w'ibarura:koresha ingero IZINDI MBUTO: Amatunda bakoramo imitobe | D16: select_one did_didn't_eat | E16: bariye(Did Eat) ntibariye(Did Not Eat) | F16: Asked if this food group is not selected already.
A17: FS_15 | B17: Are you sure you didn't eat any of the following foods? Enumerator: please use examples ORGAN MEAT: Liver, Kidney, heart or other organ meats or blood-based foods | C17: urabizi udashidikanya neza ko nta biribwa bikurikira waba warariye? Umukari w'ibarura:koresha ingero INYAMA Z’IMYANYA Y’IMBERE MU NDA Z’AMATUNGO: Umwijima, impyiko, umutima cyangwa izindi nyama z’imyanya y’imbere mu nda cyangwa ibiribwa birimo ikiremve | D17: select_one did_didn't_eat | E17: bariye(Did Eat) ntibariye(Did Not Eat) | F17: Asked if this food group is not selected already.
A18: FS_16 | B18: Are you sure you didn't eat any of the following foods? Enumerator: please use examples FLESH MEAT: Beef, Pork, Lamb, Goat, Rabbit, Game, Chicken, Duck, Other birds, Insects | C18: urabizi udashidikanya neza ko nta biribwa bikurikira waba warariye? Umukari w'ibarura:koresha ingero Inyama ibazwe akao kanya: Inyama z’inka,izi ngurube, izi nkwavu, izi nkoko, n’ibiguruka bindi, cg udukoko | D18: select_one did_didn't_eat | E18: bariye(Did Eat) ntibariye(Did Not Eat) | F18: Asked if this food group is not selected already.
A19: FS_17 | B19: Are you sure you didn't eat any of the following foods? Enumerator: please use examples EGGS: Eggs from Chicken, Duck, Guinea fowl or any other egg | C19: urabizi udashidikanya neza ko nta biribwa bikurikira waba warariye? Umukari w'ibarura:koresha ingero AMAGI: Amagi y’inkoko, igishuhe, inkanga cyangwa andi magi | D19: select_one did_didn't_eat | E19: bariye(Did Eat) ntibariye(Did Not Eat) | F19: Asked if this food group is not selected already.
A20: FS_18 | B20: Are you sure you didn't eat any of the following foods? Enumerator: please use examples AMAFI | C20: urabizi udashidikanya neza ko nta biribwa bikurikira waba warariye? Umukari w'ibarura:koresha ingero AMAFI: Amafi cg amaf mabisi | D20: select_one did_didn't_eat | E20: bariye(Did Eat) ntibariye(Did Not Eat) | F20: Asked if this food group is not selected already.
A21: FS_19 | B21: Are you sure you didn't eat any of the following foods? Enumerator: please use examples LEGUMES, NUTS AND SEEDS: Dried Beans, Dried Peas, Lentils, Nuts, Seeds or foods made from these (eg. Peanut butter) | C21: urabizi udashidikanya neza ko nta biribwa bikurikira waba warariye? Umukari w'ibarura:koresha ingero IBINYAMISOGWE, UBUNYOBWA N’IBINDI BARYA UTUBUTO TW’IMBERE: amavuta y’ubunyobwa Imiteja, ibishimbo, ubunyobwa, cg ibindi bibikomoho, nk’amavuta yabyo " | D21: select_one did_didn't_eat | E21: bariye(Did Eat) ntibariye(Did Not Eat) | F21: Asked if this food group is not selected already.
... A25: FS_23 | B25: Are you sure you didn't eat any of the following foods? Enumerator: please use examples SPICES, CONDIMENTS AND BEVERAGES | C25: urabizi udashidikanya neza ko nta biribwa bikurikira waba warariye? Umukari w'ibarura:koresha ingero IBIRUNGO,INDYOSHYANDYO N’IBINYOBWA: Ibirungo ( urusenda, umunyu), indyoshyandyo ( isosi ya soya, isosi ishyushye, ikawa, icyayi, ibinyobwa bisembuye | D25: select_one did_didn't_eat | E25: bariye(Did Eat) ntibariye(Did Not Eat) | F25: Asked if this food group is not selected already.
A26: FS_24 | B26: Did you or anyone in your household eat anything (meal or snack) OUTSIDE of the home yesterday? | C26: Ese ejo hashize waba wowe ubwawe cyangwa undi muntu wo mu rugo rwanyu yarariye (ifunguro cyangwa utundi tuntu dufungurwa hagati y’amafunguro) AHANDI HANTU hatari mu rugo? | D26: select_one yes_no
A27: ID_23 | B27: GPS Coordinates of HH (Enumerator: Stand in front of the front door of the HH, under the open sky. Please wait until accuracy is 10m or better.) | C27: GPS yaho urugo ruherereye(Umukarani w'ibarura:hagarara imbere y'umuryango y'urugo urimo,munsi y'ijuru.utegereze kugeza ku kigereranyo cya 10m cyangwa kurushaho | D27: geopoint | F27: calc on tab
A28: accuracy_note | B28: Enumerator: You must wait until the accuracy of the GPS point is 10m or better. Please swipe back and try again. | C28: umukarani w'ibarura:ugomba gutegereza kugeza igihe ikigereranyo cya GPS kibaye 10m cyangwa kirushaho.subira inyuma wongere ugerageze. | D28: note
A29: end_note | B29: Enumerator: You have reached the end of the survey. Please be sure to submit the survey before you leave the HH. Please thank the respondent for their time. | C29: umukarani w'ibarura:ugeze kw'iherezo ry'ibibazo.menya neza ko wohereje ibyo umaze kubaza mbere y'uko uva muri urwo rugo.kandi ushimire uwasubizaga kubw'umwanya we. | D29: note
B31: FOOD GROUPS
B32: CEREALS: Corn/maize, Rice, Wheat, Sorghum, Millet or any other grains or foods made from these (e.g. Ugali, Bread, Noodles, Porridge or other grain products) | C32: IBINYAMPEKE: Ibigori,umuceri,ingano,amasaka,nibindi binyampeke cg ibikomokaho (ubugali, umutsima,imigati,igikoma n’ibindi)
B33: WHITE ROOTS AND TUBERS: Irish Potatoes, White Yam, White Cassava, or other foods made from roots | C33: IBINYABIJUMBA: Ibirayi,ubugali, ibivunde n’ibindi bikomoka ku binyamizi
B34: YELLOW/ ORANGE VEGETABLES AND TUBERS: Pumpkin, Carrot, Squash, or Sweet Potato that are orange inside + other locally available vitamin A rich vegetables (e.g. Red Sweet Pepper) | C34: IMBOGA N’IBINYABIJUMBA BIKUNGAHAYE KURI VITAMINI A: Ibihaza, karoti, amadegede cyangwa ibijumba bigira ibara rya oranje imbere + izindi mboga zikungahaye kuri vitamini A zikunda kuboneka mu gace batuyemo ( twavuga ibirungo)
B35: DARK GREEN LEAFY VEGETABLES: Dark green leafy vegetables, including wild forms + locally available vitamin A rich leaves such as Amaranth, Cassava leaves, Kale, Spinach | C35: IMBOGA MBISI: mboga z’amababi mabisi yijimye harimo izo mu gasozi+ imboga z’amababi zikungahaye kuri vitamini A zikunda kuboneka aho batuye nka dodo, ibibabi by’imyumbati, kale, epinari
B36: OTHER VEGETABLES: Other vegetables (e.g. Tomato, Onion, Eggplant, Green beans) + other local vegetables | C36: IZINDI MBOGA : Izindi mboga (twavuga nk’ itomati, onyo, intoryi) + izindi mboga ziboneka mu gace batuyemo
B37: VITAMIN A RICH FRUITS: Ripe Mango, Cantaloupe, Apricot (fresh or dried), Ripe papaya, Dried Peach, Bananas and 100% fruit juice from these + other locally available Vitamin A rich fruits | C37: IMBUTO ZIKUNGAHAYE MURI VITAMINI: umwembe uhiye, ipapayi rihiye, iminekye na jus z'imbuto gusa n'izindi imbuto zingira Vitamin A.
B38: OTHER FRUITS: Other fruits, including wild fruits and 100% fruit juice made from these | C38: IZINDI MBUTO: Amatunda bakoramo imitobe
B39: ORGAN MEAT: Liver, Kidney, heart or other organ meats or blood-based foods | C39: INYAMA Z’IMYANYA Y’IMBERE MU NDA Z’AMATUNGO: Umwijima, impyiko, umutima cyangwa izindi nyama z’imyanya y’imbere mu nda cyangwa ibiribwa birimo ikiremve
B40: FLESH MEAT: Beef, Pork, Lamb, Goat, Rabbit, Game, Chicken, Duck, Other birds, Insects | C40: Inyama ibazwe akao kanya: Inyama z’inka,izi ngurube, izi nkwavu, izi nkoko, n’ibiguruka bindi, cg udukoko
B41: EGGS: Eggs from Chicken, Duck, Guinea fowl or any other egg | C41: AMAGI: Amagi y’inkoko, igishuhe, inkanga cyangwa andi magi
C42: AMAFI: Amafi cg amaf mabisi
B43: LEGUMES, NUTS AND SEEDS: Dried Beans, Dried Peas, Lentils, Nuts, Seeds or foods made from these (eg. Peanut butter) | C43: IBINYAMISOGWE, UBUNYOBWA N’IBINDI BARYA UTUBUTO TW’IMBERE: amavuta y’ubunyobwa Imiteja, ibishimbo, ubunyobwa, cg ibindi bibikomoho, nk’amavuta yabyo
B44: MILK AND MILK PRODUCTS: Milk, Cheese, Yogurt or other milk products | C44: AMATA N’IBIYAKOMOKAHO: Amata, foromaje,yawurute, n’amavuta y’inka
B45: OILS AND FATS: Oil, Fats or Butter added to food or used for cooking | C45: AMAVUTA N’IBINYABINURE: Amavuta bashyira mu biryo bakoresha bateka
B46: SWEETS: Sugar, Honey, Sweetened soda or sweetened juice drinks, Sugary foods such as Chocolates, Candies, Cookies and Cakes | C46: IBINYAMASUKARI: Isukari, ubuki, fanta , imitobe , ibinyobwa bidasembuye , ibiribwa by’ibinyasukari nka shokola, amabombo, biswi na keke
B47: SPICES, CONDIMENTS AND BEVERAGES: Spices (Black Pepper, Salt), Condiments (Soy Sauce, Hot Sauce), Coffee, Tea, Alcoholic beverages | C47: IBIRUNGO,INDYOSHYANDYO N’IBINYOBWA: Ibirungo ( urusenda, umunyu), indyoshyandyo ( isosi ya soya, isosi ishyushye, ikawa, icyayi, ibinyobwa bisembuye

Sheet survey
A1: NOTES | B1: module | C1: name | D1: Question (Eng) | E1: stata | F1: Question (Kinya) | G1: type | H1: Label | I1: relevance | J1: required | K1: appearance | L1: constraint | M1: constraint message | N1: calculation | O1: repeat_count | P1: default | Q1: read only | R1: media:image | S1: media:audio | T1: media:video | U1: choice_filter
B2: 0_presettings | C2: starttime | D2: start time | E2: Start Time | F2: igihe ikiganiro gitangiriye | G2: start | H2: start time | J2: =IF(G2="note", "no", "yes") -> yes
C3: endtime | D3: end time | E3: End Time | F3: igihe ikiganiro kirangiriye | G3: end | H3: end time | J3: =IF(G3="note", "no", "yes") -> yes
C4: deviceid | D4: id of device | E4: Id of Device | F4: Ikiranga tablet | G4: deviceid | H4: id of device | J4: =IF(G4="note", "no", "yes") -> yes
C5: subscriberid | D5: id of subscriber | E5: id of subscriber | F5: Ikiranga uyikoresha | G5: subscriberid | H5: id of subscriber | J5: =IF(G5="note", "no", "yes") -> yes
C6: simid | D6: sim id | E6: sim id | F6: ikiranga ikarita ya tablet | G6: simserial | H6: sim id | J6: =IF(G6="note", "no", "yes") -> yes
C7: text_audit | D7: text audit file name | E7: Text Audit File Name | G7: text audit | H7: text audit file name | J7: =IF(G7="note", "no", "yes") -> yes | K7: p=100
C8: devicephonenum | D8: device's phone number | E8: device's phone number | F8: numero y'ikarita ya tablet | G8: phonenumber | H8: device's phone number | J8: =IF(G8="note", "no", "yes") -> yes
B9: A ID | C9: ='A ID'!A5 -> ID_03 | D9: ='A ID'!B5 -> Enumerator | E9: Enumerator | F9: ='A ID'!C5 -> Izina ry’umukarani | G9: select_one enumerator | H9: =C9&" "&F9&" "&D9 -> ID_03 Izina ry’umukarani Enumerator | J9: =IF(G9="note", "no", "yes") -> yes
C10: start_mod_a | D10: Start Time of Module A: Identification | E10: Start Time of Module A: Identification | G10: calculate_here | H10: =C10&" "&F10&" "&D10 -> start_mod_a Start Time of Module A: Identification | I10: ${ID_03}!='' | J10: =IF(G10="note", "no", "yes") -> yes | N10: once(format-date-time(now(), '%Y-%b-%e %H:%M:%S'))
A11: need list of supervisors for pilot | C11: ='A ID'!A6 -> ID_04 | D11: ='A ID'!B6 -> Supervisor | E11: Supervisor | F11: ='A ID'!C6 -> Izina ry’umugenzuzi | G11: select_one supervisor | H11: =C11&" "&F11&" "&D11 -> ID_04 Izina ry’umugenzuzi Supervisor | J11: =IF(G11="note", "no", "yes") -> yes
C12: ='A ID'!A7 -> ID_05 | D12: ='A ID'!B7 -> HH Code | E12: HH Code | F12: ='A ID'!C7 -> Inomero iranga urugo | G12: integer | H12: =C12&" "&F12&" "&D12 -> ID_05 Inomero iranga urugo HH Code | J12: =IF(G12="note", "no", "yes") -> yes
C13: pl_sample | D13: preload: HH Code in Sample | E13: preload: HH Code in Sample | G13: calculate | H13: =C13&" "&F13&" "&D13 -> pl_sample preload: HH Code in Sample | J13: =IF(G13="note", "no", "yes") -> yes | N13: pulldata('preload_data_fup3', 'sample', 'hh_code_key', ${ID_05})
C14: id_05_incorrect | D14: The HH Code you entered is not part of the Sample. Please swipe back and try again. | E14: The HH Code you entered is not part of the Sample. Please swipe back and try again. | F14: inumero ya HH wanditse ntabwo ariyo, subira inyuma wongere ugerageze. | G14: note | H14: =C14&" "&F14&" "&D14 -> id_05_incorrect inumero ya HH wanditse ntabwo ariyo, subira inyuma wongere ugerageze. The HH Code you entered is not part of the Sample. Please swipe back and try again. | I14: ${pl_sample}!=1 | J14: yes
C15: id_05_reenter | D15: Please enter the HH Code a second time. | E15: Please enter the HH Code a second time. | F15: Ongera wandike numero ya HH bwakabiri | G15: integer | H15: =C15&" "&F15&" "&D15 -> id_05_reenter Ongera wandike numero ya HH bwakabiri Please enter the HH Code a second time. | J15: =IF(G15="note", "no", "yes") -> yes | L15: .=${ID_05} | M15: The HH code you have entered does not match the first entry. Please try again.
C16: pl_type | D16: preload: Survey Type (OI or RF) | E16: preload: Survey Type (OI or RF) | G16: calculate | H16: =C16&" "&F16&" "&D16 -> pl_type preload: Survey Type (OI or RF) | J16: =IF(G16="note", "no", "yes") -> yes | N16: pulldata('preload_data_fup3', 'type', 'hh_code_key', ${ID_05})
C17: consent | E17: Consent | F17: Muraho, nitwa ...................................... nkaba nkorera IPA (Innovations for Poverty Action), umuryango mpuzamahanga utegamiye kuri Leta ukora ubushakashatsi, ukaba ufite ibiro mu Rwanda, i Kigali. IPA irimo gukorana n’umushinga usuma ibikorwa bya Banki y’Isi hamwe na luwahu, umushinga wo muri Minisiteri y’Ubuhinzi n’Ubworozi, mu gukora isuzumabikorwa ry’umushinga wo guteza imbere icyaro binyuze mu mu bigo n’amashyirahamwe yo kuzigama no kugurizanya. Intego y’iryo suzumabikorwa ni ugukusanya amakuru ku buryo bushyashya bwo kuzigama ufite intego kugira ngo bifashe abahinzi-borozi gucunga amafaranga mu buryo bunoze kandi bagateganyiriza ibihembwe by’ibinga hakiri kare, hanashakwa uburyo bwo gucunga no guteganyiriza Ibiza bigira ingaruka ku bukungu, no kubyaza umusaruro amahirwe agaragaye. Turifuza kugirana ikiganiro nawe kuri ubu bushakashatsi. Niwemera kugira uruhare muri ubu bushakashatsi, turakubaza ibibazo bijyanye n’urugo rwawe n’abarugize, imirima n’ibihingwa uteramo, ibihembwe by’ihinga, ibiza, kuzigama, ibyinjiye mu rugo n’ibyasohotse. Nta ngaruka zizakubaho kuko wagize uruhare muri ubu bushakashatsi, haba kuri wowe cyangwa ku rugo rwawe muri rusange kandi nta gihembo dutanga ku wemeye kugira uruhare muri ubu bushakashatsi. Icyitonderwa: • Kugira uruhare muri ubu bushakashatsi ni ubushake busesuye kandi amakuru uduha azabikwa mu ibanga rikomeye. Ibisubizo byawe bizahabwa nomero maze umubare w’ibanga ujyanye n’amazina yawe bibikwe ahantu hatagerwa n’ubunetse wese muri za mudasobwa zifungurwa n’umubare w’ibanga. • Abakozi babihuguriwe ba IPA na Banki y’Isi, nibo bonyine bazabona amakuru ashobora gutuma umwirondoro wawe umenyekana. Nta makuru ayo ari yo yose azerekwa rubanda, nta n’amazina azigera agaragazwa muri ubu bushakashatsi. Ni yo mpamvu tugusaba kuvugisha ukuri no gutanga ibisubizo biboneye mu buryo bushoboka bwose. • Ushobora kureka gusubiza ikibazo runaka, cyangwa ugahagarika ibazwa igihe icyo ari cyo cyose. Ibi nta ngaruka namba bizakugiraho cyangwa urugo rwawe. • Ubu bushakashatsi buratwara igihe kijya kungana n’amasaha abiri. • Uduce tumwe na tumwe tw’ubu bushakashatsi turadufata amajwi kugira ngo bidufash mu kugira amakuru y’umwimerere. • Birashoboka kandi ko twazongera tubatumaho kugira ngo tugirane ikindi kiganiro. Uramutse ufite ibibazo birebana n’ubu bushakashatsi, ushobora kubitumenyesha ubu ngubu cyangwa nyuma kuri aderesi ikurikira: IPA, Kigali, Rwanda. Christophe Ndahimana, ukurikirana ubushakashatsi, Tel: 078-893-1046 Ku bibazo bijyanye n’uburenganzira bwawe nk’ubazwa: Inama y’Igihugu Ngenzuramyitwarire, Umuhanda witiriwe Umuganda Umuyobozi mukuru: Dr. Jean-Baptiste MAZARATI, Tel: 078-830-9807 Umunyamabanga: Dr. Leatitia NYIRAZINYOYE, Tel: 073-868-3209 | G17: select_one yes_no | H17: =C17&" "&F17&" "&D17 -> consent Muraho, nitwa ...................................... nkaba nkorera IPA (Innovations for Poverty Action), umuryango mpuzamahanga utegamiye kuri Leta ukora ubushakashatsi, ukaba ufite ibiro mu Rwanda, i Kigali. IPA irimo gukorana n’umushinga usuma ibikorwa bya Banki y’Isi hamwe na luwahu, umushinga wo muri Minisiteri y’Ubuhinzi n’Ubworozi, mu gukora isuzumabikorwa ry’umushinga wo guteza imbere icyaro binyuze mu mu bigo n’amashyirahamwe yo kuzigama no kugurizanya. Intego y’iryo suzumabikorwa ni ugukusanya amakuru ku buryo bushyashya bwo kuzigama ufite intego kugira ngo bifashe abahinzi-borozi gucunga amafaranga mu buryo bunoze kandi bagateganyiriza ibihembwe by’ibinga hakiri kare, hanashakwa uburyo bwo gucunga no guteganyiriza Ibiza bigira ingaruka ku bukungu, no kubyaza umusaruro amahirwe agaragaye. Turifuza kugirana ikiganiro nawe kuri ubu bushakashatsi. Niwemera kugira uruhare muri ubu bushakashatsi, turakubaza ibibazo bijyanye n’urugo rwawe n’abarugize, imirima n’ibihingwa uteramo, ibihembwe by’ihinga, ibiza, kuzigama, ibyinjiye mu rugo n’ibyasohotse. Nta ngaruka zizakubaho kuko wagize uruhare muri ubu bushakashatsi, haba kuri wowe cyangwa ku rugo rwawe muri rusange kandi nta gihembo dutanga ku wemeye kugira uruhare muri ubu bushakashatsi. Icyitonderwa: • Kugira uruhare muri ubu bushakashatsi ni ubushake busesuye kandi amakuru uduha azabikwa mu ibanga rikomeye. Ibisubizo byawe bizahabwa nomero maze umubare w’ibanga ujyanye n’amazina yawe bibikwe ahantu hatagerwa n’ubunetse wese muri za mudasobwa zifungurwa n’umubare w’ibanga. • Abakozi babihuguriwe ba IPA na Banki y’Isi, nibo bonyine bazabona amakuru ashobora gutuma umwirondoro wawe umenyekana. Nta makuru ayo ari yo yose azerekwa rubanda, nta n’amazina azigera agaragazwa muri ubu bushakashatsi. Ni yo mpamvu tugusaba kuvugisha ukuri no gutanga ibisubizo biboneye mu buryo bushoboka bwose. • Ushobora kureka gusubiza ikibazo runaka, cyangwa ugahagarika ibazwa igihe icyo ari cyo cyose. Ibi nta ngaruka namba bizakugiraho cyangwa urugo rwawe. • Ubu bushakashatsi buratwara igihe kijya kungana n’amasaha abiri. • Uduce tumwe na tumwe tw’ubu bushakashatsi turadufata amajwi kugira ngo bidufash mu kugira amakuru y’umwimerere. • Birashoboka kandi ko twazongera tubatumaho kugira ngo tugirane ikindi kiganiro. Uramutse ufite ibibazo birebana n’ubu bushakashatsi, ushobora kubitumenyesha ubu ngubu cyangwa nyuma kuri aderesi ikurikira: IPA, Kigali, Rwanda. Christophe Ndahimana, ukurikirana ubushakashatsi, Tel: 078-893-1046 Ku bibazo bijyanye n’uburenganzira bwawe nk’ubazwa: Inama y’Igihugu Ngenzuramyitwarire, Umuhanda witiriwe Umuganda Umuyobozi mukuru: Dr. Jean-Baptiste MAZARATI, Tel: 078-830-9807 Umunyamabanga: Dr. Leatitia NYIRAZINYOYE, Tel: 073-868-3209 | J17: =IF(G17="note", "no", "yes") -> yes | L17: .=1 | M17: Enumerator, please stop the survey, and report to your Supervisor that the respondent does not want to be interviewed.
C18: audio_consent | D18: Enumerator: Does the respondent consent to the audio audit? | E18: Enumerator: Does the respondent consent to the audio audit? | G18: select_one yes_no | H18: =C18&" "&F18&" "&D18 -> audio_consent Enumerator: Does the respondent consent to the audio audit? | J18: yes
C19: audio_audit | D19: complete audio audit for all surveys | E19: Audio Audit File Name | F19: kurangiza kumva amajwi ku mabarura yose | G19: audio audit | H19: =C19&" "&F19&" "&D19 -> audio_audit kurangiza kumva amajwi ku mabarura yose complete audio audit for all surveys | I19: ${audio_consent}=1 | J19: =IF(G19="note", "no", "yes") -> yes | K19: p=100, s=${module_d1_14a}, d=300
C20: type_note_oi | D20: Enumerator: This survey is an Overall Impact (OI) Survey. | E20: Enumerator: This survey is an Overall Impact (OI) Survey. | G20: note | H20: =C20&" "&F20&" "&D20 -> type_note_oi Enumerator: This survey is an Overall Impact (OI) Survey. | I20: ${pl_type} = 1 | J20: =IF(G20="note", "no", "yes") -> no
C21: type_note_rf | D21: Enumerator: This survey is a Rural Finance (RF) Survey. | E21: Enumerator: This survey is a Rural Finance (RF) Survey. | G21: note | H21: =C21&" "&F21&" "&D21 -> type_note_rf Enumerator: This survey is a Rural Finance (RF) Survey. | I21: ${pl_type} = 2 | J21: =IF(G21="note", "no", "yes") -> no
C22: type_note_dual | D22: Enumerator: This survey is a DUAL (OI & RF) Survey. | E22: Enumerator: This survey is a DUAL (OI & RF) Survey. | G22: note | H22: =C22&" "&F22&" "&D22 -> type_note_dual Enumerator: This survey is a DUAL (OI & RF) Survey. | I22: ${pl_type} = 3 | J22: =IF(G22="note", "no", "yes") -> no
C23: pl_id_06 | D23: preload: Village | E23: preload: Village | G23: calculate | H23: =C23&" "&F23&" "&D23 -> pl_id_06 preload: Village | J23: =IF(G23="note", "no", "yes") -> yes | N23: pulldata('preload_data_fup3', 'id_06', 'hh_code_key', ${ID_05})
C24: pl_id_07 | D24: preload: Cell | E24: preload: Cell | G24: calculate | H24: =C24&" "&F24&" "&D24 -> pl_id_07 preload: Cell | J24: =IF(G24="note", "no", "yes") -> yes | N24: pulldata('preload_data_fup3', 'id_07', 'hh_code_key', ${ID_05})
C25: pl_id_08 | D25: preload: Sector | E25: preload: Sector | G25: calculate | H25: =C25&" "&F25&" "&D25 -> pl_id_08 preload: Sector | J25: =IF(G25="note", "no", "yes") -> yes | N25: pulldata('preload_data_fup3', 'id_08', 'hh_code_key', ${ID_05})
C26: pl_id_09 | D26: preload: District | E26: preload: District | G26: calculate | H26: =C26&" "&F26&" "&D26 -> pl_id_09 preload: District | J26: =IF(G26="note", "no", "yes") -> yes | N26: pulldata('preload_data_fup3', 'id_09', 'hh_code_key', ${ID_05})
C27: pl_id_10 | D27: preload: Site | E27: preload: Site | G27: calculate | H27: =C27&" "&F27&" "&D27 -> pl_id_10 preload: Site | J27: =IF(G27="note", "no", "yes") -> yes | N27: pulldata('preload_data_fup3', 'id_10', 'hh_code_key', ${ID_05})
C28: pl_id_11 | D28: preload: Household Head | E28: preload: Household Head | G28: calculate | H28: =C28&" "&F28&" "&D28 -> pl_id_11 preload: Household Head | J28: =IF(G28="note", "no", "yes") -> yes | N28: pulldata('preload_data_fup3', 'id_11', 'hh_code_key', ${ID_05})
C29: id_06_confirm | D29: According to our record, your HH is in village [${pl_id_06}]. Is this information corrrect? | E29: Village Confirm | G29: select_one yes_no | H29: =C29&" "&F29&" "&D29 -> id_06_confirm According to our record, your HH is in village [${pl_id_06}]. Is this information corrrect? | J29: =IF(G29="note", "no", "yes") -> yes
C30: id_06_corrected | D30: Please select the correct village. | E30: Corrected Village | G30: select_one village or_other | H30: =C30&" "&F30&" "&D30 -> id_06_corrected Please select the correct village. | I30: ${id_06_confirm}=0 | J30: =IF(G30="note", "no", "yes") -> yes
C31: id_07_confirm | D31: According to our record, your HH is in cell [${pl_id_07}]. Is this information corrrect? | E31: Cell Confirm | G31: select_one yes_no | H31: =C31&" "&F31&" "&D31 -> id_07_confirm According to our record, your HH is in cell [${pl_id_07}]. Is this information corrrect? | J31: =IF(G31="note", "no", "yes") -> yes
C32: id_07_corrected | D32: Please select the correct cell. | E32: Corrected Cell | G32: select_one cell or_other | H32: =C32&" "&F32&" "&D32 -> id_07_corrected Please select the correct cell. | I32: ${id_07_confirm}=0 | J32: =IF(G32="note", "no", "yes") -> yes
C33: id_08_confirm | D33: According to our record, your HH is in sector [${pl_id_08}]. Is this information corrrect? | E33: Sector Confirm | G33: select_one yes_no | H33: =C33&" "&F33&" "&D33 -> id_08_confirm According to our record, your HH is in sector [${pl_id_08}]. Is this information corrrect? | J33: =IF(G33="note", "no", "yes") -> yes
C34: id_08_corrected | D34: Please select the correct sector. | E34: Corrected Sector | G34: select_one sector or_other | H34: =C34&" "&F34&" "&D34 -> id_08_corrected Please select the correct sector. | I34: ${id_08_confirm}=0 | J34: =IF(G34="note", "no", "yes") -> yes
C35: id_09_confirm | D35: According to our record, your HH is in district [${pl_id_09}]. Is this information corrrect? | E35: District Confirm | G35: select_one yes_no | H35: =C35&" "&F35&" "&D35 -> id_09_confirm According to our record, your HH is in district [${pl_id_09}]. Is this information corrrect? | J35: =IF(G35="note", "no", "yes") -> yes
C36: id_09_corrected | D36: Please select the correct district. | E36: Corrected District | G36: select_one district or_other | H36: =C36&" "&F36&" "&D36 -> id_09_corrected Please select the correct district. | I36: ${id_09_confirm}=0 | J36: =IF(G36="note", "no", "yes") -> yes
A37: how to deal with people in LWH and RF? no site preloaded | C37: id_10_confirm | D37: According to our record, your HH is in site [${pl_id_10}]. Is this information corrrect? | E37: Site Confirm | F37: ibyo dufite byerekana ko urugo rwanyu ruri muri site ya [${pl_id_10}]. ibi nibyo? | G37: select_one yes_no | H37: =C37&" "&F37&" "&D37 -> id_10_confirm ibyo dufite byerekana ko urugo rwanyu ruri muri site ya [${pl_id_10}]. ibi nibyo? According to our record, your HH is in site [${pl_id_10}]. Is this information corrrect? | I37: ${pl_type} = 1 or ${pl_type}=3 | J37: =IF(G37="note", "no", "yes") -> yes
C38: id_10_corrected | D38: Please select the correct site. | E38: Corrected Site | F38: hitamo site nya yo. | G38: select_one site or_other | H38: =C38&" "&F38&" "&D38 -> id_10_corrected hitamo site nya yo. Please select the correct site. | I38: ${id_10_confirm}=0 or ${pl_type} = 2 | J38: =IF(G38="note", "no", "yes") -> yes
C39: id_11_confirm | D39: According to our record, the head of this household is [${pl_id_11}]. Is this information corrrect? | E39: HHH Confirm | F39: ibyo dufite byerekana ko ukuriye urugo ari [${pl_id_11}]. ibi nibyo? | G39: select_one yes_no | H39: =C39&" "&F39&" "&D39 -> id_11_confirm ibyo dufite byerekana ko ukuriye urugo ari [${pl_id_11}]. ibi nibyo? According to our record, the head of this household is [${pl_id_11}]. Is this information corrrect? | J39: =IF(G39="note", "no", "yes") -> yes
A40: standardize | C40: id_11_corrected | D40: Please write the correct Household Head Name. | E40: Corrected HHH | F40: Andika izina nyaryo ry'umukuru w"urugo. | G40: text | H40: =C40&" "&F40&" "&D40 -> id_11_corrected Andika izina nyaryo ry'umukuru w"urugo. Please write the correct Household Head Name. | I40: ${id_11_confirm}=0 | J40: =IF(G40="note", "no", "yes") -> yes
A41: code "others" from previous surveys | C41: id_11_why | D41: Why is [${pl_id_11}] not the correct Household Head? | E41: Why HHH Incorrect | F41: Kuki uyu [${pl_id_11}] atari umukuru w'urugo nyawe? | G41: select_one why_not_hhh or_other | H41: =C41&" "&F41&" "&D41 -> id_11_why Kuki uyu [${pl_id_11}] atari umukuru w'urugo nyawe? Why is [${pl_id_11}] not the correct Household Head? | I41: ${id_11_confirm}=0 | J41: =IF(G41="note", "no", "yes") -> yes
C42: id_12 | D42: ='A ID'!B16 -> Household Head National ID Number | E42: Household Head National ID Number | F42: ='A ID'!C16 -> Inomero y'indangamuntu y'umukuru w'urugo | G42: text | H42: =C42&" "&F42&" "&D42 -> id_12 Inomero y'indangamuntu y'umukuru w'urugo Household Head National ID Number | J42: =IF(G42="note", "no", "yes") -> yes | L42: string-length(.)=16 | M42: National ID number must be 16 digits
C43: id_24_have | D43: ='A ID'!B17 -> Do you have a mobile? | E43: Do you have a mobile? | F43: ='A ID'!C17 -> ufite telefone? | G43: select_one yes_no | H43: =C43&" "&F43&" "&D43 -> id_24_have ufite telefone? Do you have a mobile? | J43: =IF(G43="note", "no", "yes") -> yes
C44: id_24 | D44: Mobile Number | E44: Mobile Number | G44: text | H44: =C44&" "&F44&" "&D44 -> id_24 Mobile Number | I44: ${id_24_have}=1 | J44: =IF(G44="note", "no", "yes") -> yes | L44: string-length(.)=10 | M44: Mobile Number must be 10 digits
C45: start_mod_b | D45: Start Time of Module B: HH Roster | E45: Start Time of Module B: HH Roster | G45: calculate_here | H45: =C45&" "&F45&" "&D45 -> start_mod_b Start Time of Module B: HH Roster | I45: ${id_24_have}!='' | J45: =IF(G45="note", "no", "yes") -> yes | N45: once(format-date-time(now(), '%Y-%b-%e %H:%M:%S'))
B46: B HH Roster | C46: module_b | D46: Module B: Household Roster | E46: Module B: Household Roster | G46: note | H46: =C46&" "&F46&" "&D46 -> module_b Module B: Household Roster | J46: =IF(G46="note", "no", "yes") -> no
C47: resp_note | D47: ='B HH Roster'!A2 -> FIRST, List HEAD OF HH FOLLWED BY SPOUSE AND CHILDREN. If several wives, record in order of marriage. SECOND: List other HH members related to the head of household or his spouse(s). THIRD: List other HH members NOT related to the head of household or his spouse. FOURTH: List any people absent currently but who are HH members, for example persons temporarily absent due to school, seasonal work, holiday, prison, hospital/clinic, etc | E47: FIRST, List HEAD OF HH FOLLWED BY SPOUSE AND CHILDREN. If several wives, record in order of marriage. SECOND: List other HH members related to the head of household or his spouse(s). THIRD: List other HH members NOT related to the head of household or his spouse. FOURTH: List any people absent currently but who are HH members, for example persons temporarily absent due to school, seasonal work, holiday, prison, hospital/clinic, etc | F47: ='B HH Roster'!E2 -> Mu gutangira, Wandike Umukuru w’Umuryango, akurikirwe n’Umugore we, abana.Niba afite abagore benshi , andika ukurikije uko bagiye bashyingiranwa. Hanyuma wandike abana uhereye ku mukuru,hanyuma abandi bantu bafitanye isano n’umugabo ndetse n’umugore, Ubwa gatatu wandike abandi bantu badafitanye isano n’umugabo cg umugore ; hanyuma wandike abandi bantu badahari, ariko bafitanye isano nabo mu muryango. Urugero: ababa ku ishuri, bapagasa, bari mu buroko, bari mu bitaro, etc. | G47: note | H47: =C47&" "&F47&" "&D47 -> resp_note Mu gutangira, Wandike Umukuru w’Umuryango, akurikirwe n’Umugore we, abana.Niba afite abagore benshi , andika ukurikije uko bagiye bashyingiranwa. Hanyuma wandike abana uhereye ku mukuru,hanyuma abandi bantu bafitanye isano n’umugabo ndetse n’umugore, Ubwa gatatu wandike abandi bantu badafitanye isano n’umugabo cg umugore ; hanyuma wandike abandi bantu badahari, ariko bafitanye isano nabo mu muryango. Urugero: ababa ku ishuri, bapagasa, bari mu buroko, bari mu bitaro, etc. FIRST, List HEAD OF HH FOLLWED BY SPOUSE AND CHILDREN. If several wives, record in order of marriage. SECOND: List other HH members related to the head of household or his spouse(s). THIRD: List other HH members NOT related to the head of household or his spouse. FOURTH: List any people absent currently but who are HH members, for example persons temporarily absent due to school, seasonal work, holiday, prison, hospital/clinic, etc | J47: =IF(G47="note", "no", "yes") -> no
C48: ros_01 | D48: ='B HH Roster'!B4 -> Number of HH members | E48: Number of HH Members | F48: ='B HH Roster'!C4 -> Umubare w'abagize urugo | G48: integer | H48: =C48&" "&F48&" "&D48 -> ros_01 Umubare w'abagize urugo Number of HH members | J48: =IF(G48="note", "no", "yes") -> yes | L48: .>0 and .<50
C49: b | G49: begin repeat | H49: =C49&" "&F49&" "&D49 -> b | J49: =IF(G49="note", "no", "yes") -> yes | O49: if(string-length(${ros_01}) < 1, 0, ${ros_01})
C50: ros_03g | D50: ='B HH Roster'!B6 -> Given Name | E50: Given Name | F50: ='B HH Roster'!C6 -> izina yahawe n'idini | G50: text | H50: =C50&" "&F50&" "&D50 -> ros_03g izina yahawe n'idini Given Name | J50: =IF(G50="note", "no", "yes") -> yes
C51: ros_03s | D51: ='B HH Roster'!B7 -> Surname | E51: Surname | F51: ='B HH Roster'!C7 -> Izina ryababyeyi | G51: text | H51: =C51&" "&F51&" "&D51 -> ros_03s Izina ryababyeyi Surname | J51: =IF(G51="note", "no", "yes") -> yes
C52: ros_04 | D52: ='B HH Roster'!B8 -> Sex | E52: Sex | F52: ='B HH Roster'!C8 -> Igitsina | G52: select_one sex | H52: =C52&" "&F52&" "&D52 -> ros_04 Igitsina Sex | J52: =IF(G52="note", "no", "yes") -> yes
C53: ros_05 | D53: ='B HH Roster'!B9 -> Age | E53: Age | F53: ='B HH Roster'!C9 -> Imyaka yujuje | G53: integer | H53: =C53&" "&F53&" "&D53 -> ros_05 Imyaka yujuje Age | J53: =IF(G53="note", "no", "yes") -> yes | L53: .<110
C54: b | G54: end repeat | H54: =C54&" "&F54&" "&D54 -> b | J54: =IF(G54="note", "no", "yes") -> yes
C55: ='B HH Roster'!A10 -> ROS_01_a | D55: ='B HH Roster'!B10 -> How many members were in your HH one year ago? | E55: How many members were in your HH one year ago? | F55: ='B HH Roster'!C10 -> Ni abantu bangahe bari bagize uru rugo umwaka ushize? | G55: integer | H55: =C55&" "&F55&" "&D55 -> ROS_01_a Ni abantu bangahe bari bagize uru rugo umwaka ushize? How many members were in your HH one year ago? | I55: ${pl_type} = 2 or ${pl_type}=3 | J55: =IF(G55="note", "no", "yes") -> yes | L55: .>0 and .<50
C56: ='B HH Roster'!A11 -> ROS_01_b | D56: ='B HH Roster'!B11 -> Have any of those members left since then? | E56: Have any of those members left since then? | F56: ='B HH Roster'!C11 -> Ese hari ababa barahavuye? | G56: select_one yes_no | H56: =C56&" "&F56&" "&D56 -> ROS_01_b Ese hari ababa barahavuye? Have any of those members left since then? | I56: ${pl_type} = 2 or ${pl_type}=3 | J56: =IF(G56="note", "no", "yes") -> yes | L56: if(${ROS_01_a}>${ros_01}, .=1, (.>0 or .<=0)) | M56: The respondent reported [${ros_01}] HH members now, and [${ROS_01_a}] HH members a year ago, so some must have left.
C57: ='B HH Roster'!A12 -> ROS_01_c | D57: ='B HH Roster'!B12 -> Why did they leave? | E57: Why did they leave? | F57: ='B HH Roster'!C12 -> Kubera iki bagiye? | G57: select_multiple why_leave or_other | H57: =C57&" "&F57&" "&D57 -> ROS_01_c Kubera iki bagiye? Why did they leave? | I57: ${ROS_01_b}=1 | J57: =IF(G57="note", "no", "yes") -> yes
C58: hh_member_1 | G58: calculate | H58: =C58&" "&F58&" "&D58 -> hh_member_1 | J58: =IF(G58="note", "no", "yes") -> yes | N58: concat((indexed-repeat(${ros_03g}, ${b}, 1)),' ',(indexed-repeat(${ros_03s}, ${b}, 1)))
C59: hh_member_2 | G59: calculate | H59: =C59&" "&F59&" "&D59 -> hh_member_2 | J59: =IF(G59="note", "no", "yes") -> yes | N59: concat((indexed-repeat(${ros_03g}, ${b}, 2)),' ',(indexed-repeat(${ros_03s}, ${b}, 2)))
C60: hh_member_3 | G60: calculate | H60: =C60&" "&F60&" "&D60 -> hh_member_3 | J60: =IF(G60="note", "no", "yes") -> yes | N60: concat((indexed-repeat(${ros_03g}, ${b}, 3)),' ',(indexed-repeat(${ros_03s}, ${b}, 3)))
C61: hh_member_4 | G61: calculate | H61: =C61&" "&F61&" "&D61 -> hh_member_4 | J61: =IF(G61="note", "no", "yes") -> yes | N61: concat((indexed-repeat(${ros_03g}, ${b}, 4)),' ',(indexed-repeat(${ros_03s}, ${b}, 4)))
C62: hh_member_5 | G62: calculate | H62: =C62&" "&F62&" "&D62 -> hh_member_5 | J62: =IF(G62="note", "no", "yes") -> yes | N62: concat((indexed-repeat(${ros_03g}, ${b}, 5)),' ',(indexed-repeat(${ros_03s}, ${b}, 5)))
C63: hh_member_6 | G63: calculate | H63: =C63&" "&F63&" "&D63 -> hh_member_6 | J63: =IF(G63="note", "no", "yes") -> yes | N63: concat((indexed-repeat(${ros_03g}, ${b}, 6)),' ',(indexed-repeat(${ros_03s}, ${b}, 6)))
C64: hh_member_7 | G64: calculate | H64: =C64&" "&F64&" "&D64 -> hh_member_7 | J64: =IF(G64="note", "no", "yes") -> yes | N64: concat((indexed-repeat(${ros_03g}, ${b}, 7)),' ',(indexed-repeat(${ros_03s}, ${b}, 7)))
C65: hh_member_8 | G65: calculate | H65: =C65&" "&F65&" "&D65 -> hh_member_8 | J65: =IF(G65="note", "no", "yes") -> yes | N65: concat((indexed-repeat(${ros_03g}, ${b}, 8)),' ',(indexed-repeat(${ros_03s}, ${b}, 8)))
C66: hh_member_9 | G66: calculate | H66: =C66&" "&F66&" "&D66 -> hh_member_9 | J66: =IF(G66="note", "no", "yes") -> yes | N66: concat((indexed-repeat(${ros_03g}, ${b}, 9)),' ',(indexed-repeat(${ros_03s}, ${b}, 9)))
C67: hh_member_10 | G67: calculate | H67: =C67&" "&F67&" "&D67 -> hh_member_10 | J67: =IF(G67="note", "no", "yes") -> yes | N67: concat((indexed-repeat(${ros_03g}, ${b}, 10)),' ',(indexed-repeat(${ros_03s}, ${b}, 10)))
C68: hh_member_11 | G68: calculate | H68: =C68&" "&F68&" "&D68 -> hh_member_11 | J68: =IF(G68="note", "no", "yes") -> yes | N68: concat((indexed-repeat(${ros_03g}, ${b}, 11)),' ',(indexed-repeat(${ros_03s}, ${b}, 11)))
C69: hh_member_12 | G69: calculate | H69: =C69&" "&F69&" "&D69 -> hh_member_12 | J69: =IF(G69="note", "no", "yes") -> yes | N69: concat((indexed-repeat(${ros_03g}, ${b}, 12)),' ',(indexed-repeat(${ros_03s}, ${b}, 12)))
... C129: sex_24 | G129: calculate | H129: =C129&" "&F129&" "&D129 -> sex_24 | J129: =IF(G129="note", "no", "yes") -> yes | N129: indexed-repeat(${ros_04}, ${b}, 24)
C130: id_25 | D130: ='B HH Roster'!B13 -> Who is primarily responsible for making decisions about the household farm? | E130: Who is primarily responsible for making decisions about the HH farm? | F130: ='B HH Roster'!C13 -> Ni nde ufata ibyemezo birebana n'ubuhinzi muri uru rugo? | G130: select_one hh_roster | H130: =C130&" "&F130&" "&D130 -> id_25 Ni nde ufata ibyemezo birebana n'ubuhinzi muri uru rugo? Who is primarily responsible for making decisions about the household farm? | J130: =IF(G130="note", "no", "yes") -> yes | U130: filter<=${ros_01}
C131: id_19 | D131: ='B HH Roster'!B14 -> Please select the respondent from the HH roster below. | E131: Respondent | F131: ='B HH Roster'!C14 -> Hitamo usubiza kuva ku rutonde rwa HH hasi. | G131: select_one hh_roster | H131: =C131&" "&F131&" "&D131 -> id_19 Hitamo usubiza kuva ku rutonde rwa HH hasi. Please select the respondent from the HH roster below. | J131: =IF(G131="note", "no", "yes") -> yes | U131: filter<=${ros_01}
C132: ID_21 | D132: Sex of Respondent | E132: Sex of Respondent | G132: calculate | H132: =C132&" "&F132&" "&D132 -> ID_21 Sex of Respondent | J132: =IF(G132="note", "no", "yes") -> yes | N132: number(if(${id_19}=1, ${sex_1}, if(${id_19}=2, ${sex_2}, if(${id_19}=3, ${sex_3}, if(${id_19}=4, ${sex_4}, if(${id_19}=5, ${sex_5}, if(${id_19}=6, ${sex_6}, if(${id_19}=7, ${sex_7}, if(${id_19}=8, ${sex_8}, if(${id_19}=9 ,${sex_9}, if(${id_19}=10, ${sex_10}, if(${id_19}=11, ${sex_11}, if(${id_19}=12, ${sex_12}, if(${id_19}=13, ${sex_13}, if(${id_19}=14, ${sex_14}, if(${id_19}=15, ${sex_15}, if(${id_19}=16, ${sex_16}, if(${id_19}=17, ${sex_17}, if(${id_19}=18, ${sex_18}, if(${id_19}=19, ${sex_19}, if(${id_19}=20, ${sex_20}, if(${id_19}=21, ${sex_21}, if(${id_19}=22, ${sex_22}, if(${id_19}=23, ${sex_23}, if(${id_19}=24, ${sex_24}, 0)))))))))))))))))))))))))
C133: id_22 | D133: ='B HH Roster'!B15 -> Relationship to household head | E133: Relationship of Respondent to HHH | F133: ='B HH Roster'!C15 -> Isano afitanye n'umukuru w'urugo | G133: select_one relationship_to_hhh | H133: =C133&" "&F133&" "&D133 -> id_22 Isano afitanye n'umukuru w'urugo Relationship to household head | J133: =IF(G133="note", "no", "yes") -> yes
C134: attend_tr | E134: preload: Dummy for Attended RF Training | G134: calculate | H134: =C134&" "&F134&" "&D134 -> attend_tr | J134: =IF(G134="note", "no", "yes") -> yes | N134: pulldata('preload_data_fup3', 'attend_tr', 'hh_code_key', ${ID_05})
C135: training_attendee | E135: preload: RF Training Attendee in HH | G135: calculate | H135: =C135&" "&F135&" "&D135 -> training_attendee | J135: =IF(G135="note", "no", "yes") -> yes | N135: pulldata('preload_data_fup3', 'training_attendee', 'hh_code_key', ${ID_05})
C136: cooperative | G136: calculate | H136: =C136&" "&F136&" "&D136 -> cooperative | J136: =IF(G136="note", "no", "yes") -> yes | N136: pulldata('preload_data_fup3', 'cooperative', 'hh_code_key', ${ID_05})
C137: ='B HH Roster'!A16 -> id_rf_t | D137: ='B HH Roster'!B16 -> According to our records [${training_attendee}] attended a training on financial literacy at [${cooperative}] cooperative. This name corresponds to which name on the HH roster? | E137: Rural Finance Training Attendee (Match to HH Roster) | F137: ='B HH Roster'!C16 -> Dukurikije amakuru dufite [${training_attendee}] yitabiriye amahugurwa ajyanye n'icungamari muri koperative yitwa [${cooperative}]. Iri zina rihuye n'irihe mu mazina y'abanyamuryango b'uru rugo? | G137: select_one hh_roster_match | H137: =C137&" "&F137&" "&D137 -> id_rf_t Dukurikije amakuru dufite [${training_attendee}] yitabiriye amahugurwa ajyanye n'icungamari muri koperative yitwa [${cooperative}]. Iri zina rihuye n'irihe mu mazina y'abanyamuryango b'uru rugo? According to our records [${training_attendee}] attended a training on financial literacy at [${cooperative}] cooperative. This name corresponds to which name on the HH roster? | I137: ${attend_tr} = 1 | J137: yes | U137: filter<=${ros_01}
C138: ='B HH Roster'!A17 -> id_coop | D138: ='B HH Roster'!B17 -> Have you heard of [${cooperative}] cooperative? | E138: Have you heard of COOPERATIVE? | F138: ='B HH Roster'!C17 -> Ese waba uzi Koperative titwa [${cooperative}]? | G138: select_one coop_membership | H138: =C138&" "&F138&" "&D138 -> id_coop Ese waba uzi Koperative titwa [${cooperative}]? Have you heard of [${cooperative}] cooperative? | I138: ${pl_type}=2 or ${pl_type}=3 | J138: yes
C139: start_mod_c | D139: Start Time of Module C: Plot Roster | E139: Start Time of Module C: Plot Roster | G139: calculate_here | H139: =C139&" "&F139&" "&D139 -> start_mod_c Start Time of Module C: Plot Roster | I139: ${id_22}!='' | J139: =IF(G139="note", "no", "yes") -> yes | N139: once(format-date-time(now(), '%Y-%b-%e %H:%M:%S'))
B140: C Plot Roster | C140: module_c | D140: Module C: Plot Roster | E140: Module C: Plot Roster | G140: note | H140: =C140&" "&F140&" "&D140 -> module_c Module C: Plot Roster | J140: =IF(G140="note", "no", "yes") -> no
C141: plot_sketch_rf | D141: ='C Plot Roster'!B3 -> Enumerator: Please draw the PLOT SKETCH in your notebook now. Draw clearly all of the plots the respondent cultivated in Season 14A, and Season 14B, and their relation to the respondent's home and other landmarks. Then, take a photo of the PLOT SKETCH and upload it here. | E141: Plot Sketch File Name (RF) | F141: ='C Plot Roster'!C3 -> Umukarani: Urasabwa gushushanya ISHUSHONGERO Y'IMIRIMA N'URUGO mu gakayi kawe. Shushanya imirima yose ubazwa yahinze mu gihembwe cy'ihinga cya A2014, n'igihembwe cya B2014, ubihuza n'aho urugo rw'usubiza ruri n'ibindi bimenyetso bidasaza biharanga. Noneho, fata ifoto y'iyo SHUSHONGERO uyibike hano. | G141: image | H141: =C141&" "&F141&" "&D141 -> plot_sketch_rf Umukarani: Urasabwa gushushanya ISHUSHONGERO Y'IMIRIMA N'URUGO mu gakayi kawe. Shushanya imirima yose ubazwa yahinze mu gihembwe cy'ihinga cya A2014, n'igihembwe cya B2014, ubihuza n'aho urugo rw'usubiza ruri n'ibindi bimenyetso bidasaza biharanga. Noneho, fata ifoto y'iyo SHUSHONGERO uyibike hano. Enumerator: Please draw the PLOT SKETCH in your notebook now. Draw clearly all of the plots the respondent cultivated in Season 14A, and Season 14B, and their relation to the respondent's home and other landmarks. Then, take a photo of the PLOT SKETCH and upload it here. | I141: ${pl_type} = 2 | J141: =IF(G141="note", "no", "yes") -> yes
C142: plot_sketch_oi | D142: ='C Plot Roster'!B4 -> Enumerator: Please draw the PLOT SKETCH in your notebook now. Draw clearly all of the plots the respondent cultivated in Season 14A, Season 14B, and Season 14C and their relation to the respondent's home and other landmarks. Then, take a photo of the PLOT SKETCH and upload it here. | E142: Plot Sketch File Name (OI) | F142: ='C Plot Roster'!C4 -> Umukarani: Urasabwa gushushanya ISHUSHONGERO Y'IMIRIMA N'URUGO mu gakayi kawe. Shushanya imirima yose ubazwa yahinze mu gihembwe cy'ihinga cya A2014, n'igihembwe cya B2014, and SeasonC 2014 ubihuza n'aho urugo rw'usubiza ruri n'ibindi bimenyetso bidasaza biharanga. Noneho, fata ifoto y'iyo SHUSHONGERO uyibike hano. | G142: image | H142: =C142&" "&F142&" "&D142 -> plot_sketch_oi Umukarani: Urasabwa gushushanya ISHUSHONGERO Y'IMIRIMA N'URUGO mu gakayi kawe. Shushanya imirima yose ubazwa yahinze mu gihembwe cy'ihinga cya A2014, n'igihembwe cya B2014, and SeasonC 2014 ubihuza n'aho urugo rw'usubiza ruri n'ibindi bimenyetso bidasaza biharanga. Noneho, fata ifoto y'iyo SHUSHONGERO uyibike hano. Enumerator: Please draw the PLOT SKETCH in your notebook now. Draw clearly all of the plots the respondent cultivated in Season 14A, Season 14B, and Season 14C and their relation to the respondent's home and other landmarks. Then, take a photo of the PLOT SKETCH and upload it here. | I142: ${pl_type} = 1 or ${pl_type}=3 | J142: =IF(G142="note", "no", "yes") -> yes
C143: ='C Plot Roster'!A5 -> ag2_rf | D143: ='C Plot Roster'!B5 -> How many agricultural plots did the HH cultivate at any time during the time period from Season 14A - Season 14B? This includes Season 14A (September 2013-February 2014), Season 14B ( March 2014-September 2014)). | E143: How many agricultural plots did the HH cultivate Season 14A - Season 14B? | F143: ='C Plot Roster'!C5 -> Ni imirima ingahe urugo rwawe rwahinze mugihe icyo aricyo cyose Kuva mu gihembwe cy'ihinga A 2014 kugeza mu gihembwe kihinga B 2014? Aha hakubiyemo igihembwe cya A 2014 (Nzeri 2013- Gashyantare 2014), igihembwe cya B 2014 (Werurwe 2014-kamena 2014) | G143: integer | H143: =C143&" "&F143&" "&D143 -> ag2_rf Ni imirima ingahe urugo rwawe rwahinze mugihe icyo aricyo cyose Kuva mu gihembwe cy'ihinga A 2014 kugeza mu gihembwe kihinga B 2014? Aha hakubiyemo igihembwe cya A 2014 (Nzeri 2013- Gashyantare 2014), igihembwe cya B 2014 (Werurwe 2014-kamena 2014) How many agricultural plots did the HH cultivate at any time during the time period from Season 14A - Season 14B? This includes Season 14A (September 2013-February 2014), Season 14B ( March 2014-September 2014)). | I143: ${pl_type} = 2 | J143: =IF(G143="note", "no", "yes") -> yes | L143: .>=0
C144: ='C Plot Roster'!A6 -> ag2_oi | D144: ='C Plot Roster'!B6 -> How many agricultural plots did the HH cultivate at any time during the time period from Season 14A - Season 14C? This includes Season 14A (September 2013-February 2014), Season 14B ( February 2014-June 2014)), and Season 14C (July-August 2014). | E144: How many agricultural plots did the HH cultivate from Season 14A - Season 14C? | F144: ='C Plot Roster'!C6 -> Ni imirima ingahe urugo rwawe rwahinze mugihe icyo aricyo cyose Kuva mu gihembwe cy'ihinga A 2014 kugeza mu gihembwe kihinga C 2014? Aha hakubiyemo igihembwe cya A 2014 (Nzeri 2013- Gashyantare 2014), igihembwe cya B 2014 (Werurwe 2014-kamena 2014) n'igihembwe cy'ihinga cya 14 C (Nyakanga-Kanama 2014) | G144: integer | H144: =C144&" "&F144&" "&D144 -> ag2_oi Ni imirima ingahe urugo rwawe rwahinze mugihe icyo aricyo cyose Kuva mu gihembwe cy'ihinga A 2014 kugeza mu gihembwe kihinga C 2014? Aha hakubiyemo igihembwe cya A 2014 (Nzeri 2013- Gashyantare 2014), igihembwe cya B 2014 (Werurwe 2014-kamena 2014) n'igihembwe cy'ihinga cya 14 C (Nyakanga-Kanama 2014) How many agricultural plots did the HH cultivate at any time during the time period from Season 14A - Season 14C? This includes Season 14A (September 2013-February 2014), Season 14B ( February 2014-June 2014)), and Season 14C (July-August 2014). | I144: ${pl_type} = 1 or ${pl_type}=3 | J144: =IF(G144="note", "no", "yes") -> yes | L144: .>=0
C145: ag2 | G145: calculate | H145: =C145&" "&F145&" "&D145 -> ag2 | J145: =IF(G145="note", "no", "yes") -> yes | N145: if(string-length(string(${ag2_rf})) < 1 and string-length(string(${ag2_oi})) < 1, 0, number(if(${pl_type}=2, ${ag2_rf}, ${ag2_oi})))
C146: cultivated | G146: begin group | H146: =C146&" "&F146&" "&D146 -> cultivated | I146: ${ag2}>0 | J146: =IF(G146="note", "no", "yes") -> yes
C147: ='C Plot Roster'!A7 -> ag2_14a | D147: ='C Plot Roster'!B7 -> How many agricultural plots did your HH cultivate during Season 14A? | E147: How many agricultural plots did your HH cultivate during Season 14A? | F147: ='C Plot Roster'!C7 -> Ni imirima ingahe urugo rwawe rwahinze mu gihembwe cy'ihinga cya A 2014 | G147: integer | H147: =C147&" "&F147&" "&D147 -> ag2_14a Ni imirima ingahe urugo rwawe rwahinze mu gihembwe cy'ihinga cya A 2014 How many agricultural plots did your HH cultivate during Season 14A? | J147: =IF(G147="note", "no", "yes") -> yes | L147: .>=0 and .<=${ag2}
C148: ='C Plot Roster'!A8 -> ag2_14b | D148: ='C Plot Roster'!B8 -> How many agricultural plots did your HH cultivate during Season 14B? | E148: How many agricultural plots did your HH cultivate during Season 14B? | F148: ='C Plot Roster'!C8 -> Ni imirima ingahe urugo rwawe rwahinze mu gihembwe cy'ihinga cya B 2014 | G148: integer | H148: =C148&" "&F148&" "&D148 -> ag2_14b Ni imirima ingahe urugo rwawe rwahinze mu gihembwe cy'ihinga cya B 2014 How many agricultural plots did your HH cultivate during Season 14B? | J148: =IF(G148="note", "no", "yes") -> yes | L148: .>=0 and .<=${ag2}
C149: ='C Plot Roster'!A9 -> ag2_14c | D149: ='C Plot Roster'!B9 -> How many agricultural plots did your HH cultivate during Season 14C? | E149: How many agricultural plots did your HH cultivate during Season 14C? | F149: ='C Plot Roster'!C9 -> Ni imirima ingahe urugo rwawe rwahinze mu gihembwe cy'ihinga cya C 2014 | G149: integer | H149: =C149&" "&F149&" "&D149 -> ag2_14c Ni imirima ingahe urugo rwawe rwahinze mu gihembwe cy'ihinga cya C 2014 How many agricultural plots did your HH cultivate during Season 14C? | I149: ${pl_type} = 1 or ${pl_type}=3 | J149: =IF(G149="note", "no", "yes") -> yes | L149: .>=0 and .<=${ag2}
C150: des | G150: begin group | H150: =C150&" "&F150&" "&D150 -> des | J150: =IF(G150="note", "no", "yes") -> yes | K150: field-list
C151: ag3_note | D151: ='C Plot Roster'!B11 -> Please write a description of each Plot. Do not use the size, and do not use crops. It must be a description that will help us identify this plot when we come back later. Be sure each description is different! BE SURE TO ENTER THE PLOT DESCRIPTIONS IN ORDER OF SIZE, starting with the largest. | E151: Please write a description of each Plot. Do not use the size, and do not use crops. It must be a description that will help us identify this plot when we come back later. Be sure each description is different! BE SURE TO ENTER THE PLOT DESCRIPTIONS IN ORDER OF SIZE, starting with the largest. | F151: ='C Plot Roster'!C11 -> Andika imiterere ya buri murima. Ntukoreshe ubuso, kandi ntukoreshe ibihingwa. Igomba kuba imiterere izadufasha kumenya uyu murima mu gihe tuzaba tugarutse. genzura ko buri miterere y'umurima itandukanye n'iy'uwundi. TONDEKANYA IMITERERE Y'IMIRIMA UGENDEYE KU INGANO, tangirira ku murima munini. | G151: note | H151: =C151&" "&F151&" "&D151 -> ag3_note Andika imiterere ya buri murima. Ntukoreshe ubuso, kandi ntukoreshe ibihingwa. Igomba kuba imiterere izadufasha kumenya uyu murima mu gihe tuzaba tugarutse. genzura ko buri miterere y'umurima itandukanye n'iy'uwundi. TONDEKANYA IMITERERE Y'IMIRIMA UGENDEYE KU INGANO, tangirira ku murima munini. Please write a description of each Plot. Do not use the size, and do not use crops. It must be a description that will help us identify this plot when we come back later. Be sure each description is different! BE SURE TO ENTER THE PLOT DESCRIPTIONS IN ORDER OF SIZE, starting with the largest. | J151: =IF(G151="note", "no", "yes") -> no
C152: ag3_p1 | D152: Plot 1 Description: | E152: Plot 1 Description | G152: text | H152: =C152&" "&F152&" "&D152 -> ag3_p1 Plot 1 Description: | I152: ${ag2}>0 | J152: =IF(G152="note", "no", "yes") -> yes | L152: string-length(.)>10 | M152: Please enter a more detailed description.
C153: ag3_p2 | D153: Plot 2 Description: | E153: Plot 2 Description | G153: text | H153: =C153&" "&F153&" "&D153 -> ag3_p2 Plot 2 Description: | I153: ${ag2}>1 | J153: =IF(G153="note", "no", "yes") -> yes | L153: string-length(.)>10 | M153: Please enter a more detailed description.
C154: ag3_p3 | D154: Plot 3 Description: | E154: Plot 3 Description | G154: text | H154: =C154&" "&F154&" "&D154 -> ag3_p3 Plot 3 Description: | I154: ${ag2}>2 | J154: =IF(G154="note", "no", "yes") -> yes | L154: string-length(.)>10 | M154: Please enter a more detailed description.
C155: ag3_p4 | D155: Plot 4 Description: | E155: Plot 4 Description | G155: text | H155: =C155&" "&F155&" "&D155 -> ag3_p4 Plot 4 Description: | I155: ${ag2}>3 | J155: =IF(G155="note", "no", "yes") -> yes | L155: string-length(.)>10 | M155: Please enter a more detailed description.
C156: ag3_p5 | D156: Plot 5 Description: | E156: Plot 5 Description | G156: text | H156: =C156&" "&F156&" "&D156 -> ag3_p5 Plot 5 Description: | I156: ${ag2}>4 | J156: =IF(G156="note", "no", "yes") -> yes | L156: string-length(.)>10 | M156: Please enter a more detailed description.
C157: ag3_p6 | D157: Plot 6 Description: | E157: Plot 6 Description | G157: text | H157: =C157&" "&F157&" "&D157 -> ag3_p6 Plot 6 Description: | I157: ${ag2}>5 | J157: =IF(G157="note", "no", "yes") -> yes | L157: string-length(.)>10 | M157: Please enter a more detailed description.
C158: des | G158: end group | H158: =C158&" "&F158&" "&D158 -> des | J158: =IF(G158="note", "no", "yes") -> yes
C159: mc | G159: begin repeat | H159: =C159&" "&F159&" "&D159 -> mc | J159: =IF(G159="note", "no", "yes") -> yes | O159: int(if(string-length(string(${ag2})) < 1, 0, if(${ag2}<=6, ${ag2}, 6)))
...

Sheet Structure
A1: STRUCTURE OF QUESTIONNAIRE
A2: Module | B2: Module Name | C2: OI Sample (718 HH) | D2: RF Sample (1681 HH) | J2: Roster (English) | K2: Roster (Kinya)
A3: A | B3: Identification | C3: X | D3: X
A4: B | B4: HH Roster | C4: X | D4: X
A5: C | B5: Plot Roster | C5: X | D5: X
A6: D1_14A | B6: Crop Production | C6: X | D6: X
A7: D2_14A | B7: Irrigation | C7: X
A8: D3_14A | B8: HH Farm Labor | C8: X | D8: X
A9: D4_14A | B9: Inputs | C9: X | D9: X
A10: E_14A | B10: Extension | C10: X
A11: F_14A | B11: Labor Outside the HH Farm | C11: X | D11: X
A12: D1_14B | B12: Crop Production | C12: X | D12: X
A13: D2_14B | B13: Irrigation | C13: X
A14: D3_14B | B14: HH Farm Labor | C14: X | D14: X
A15: D4_14B | B15: Inputs | C15: X | D15: X
A16: E_14B | B16: Extension | C16: X
A17: F_14B | B17: Labor Outside the HH Farm | C17: X | D17: X
A18: D1_14C | B18: Crop Production | C18: X
A19: D2_14C | B19: Irrigation | C19: X
A20: G | B20: Agricultural Technologies | C20: X
A21: H | B21: Housing | C21: X
A22: I | B22: Farmer Group | C22: X
A23: J | B23: Yearly Income & Expenditures | C23: X | D23: X
A24: K | B24: Assets | C24: X | D24: X
A25: RF0 | B25: Mini RF | C25: X
A26: RF1 | B26: Rural Finance 1 | D26: X
A27: RF2 | B27: Rural Finance 2 | D27: X
A28: L | B28: Credit | D28: X
A29: M | B29: Transfers | D29: X
A30: N | B30: Shocks | D30: X
A31: O | B31: Social Networks | D31: X
A32: FS1 | B32: HHFP - Hunger in Last 4 Weeks | C32: X
A33: FS2 | B33: Food Expenditures | C33: X
A34: FS3 | B34: Women's Dietary Diversity Score (WDDS) | C34: X

Sheet A ID
A1: Module A: IDENTIFICATION
A2: Question Number | B2: Question (Eng) | C2: Question (Kinya) | D2: Answer (Eng) | E2: Answer (Kinya) | F2: Skip | G2: Special instruction | H2: Response
A3: ID_01 | B3: Time interview started | C3: Igihe ikiganiro cyatangiriye | D3: use 24 hour clock | E3: Fatira ku gipimo cy'masaha 24 | G3: auto filled by tablet
A4: ID_02 | B4: Date of Interview | C4: Itariki yo gusura | D4: mm / dd / yyyy | E4: ukwezi/umunsi/umwaka | G4: auto-filled by tablet
A5: ID_03 | B5: Enumerator | C5: Izina ry’umukarani | D5: Enumerator code list | E5: Kode y'umukarani
A6: ID_04 | B6: Supervisor | C6: Izina ry’umugenzuzi | D6: Supervisor code list | E6: kode y'umugenzuzi
A7: ID_05 | B7: HH Code | C7: Inomero iranga urugo | D7: use logbook | G7: Pre-fill based on listing. Tablet will ask to confirm each step and correct if necessary.
A8: consent | B8: Muraho, nitwa ...................................... nkaba nkorera IPA (Innovations for Poverty Action), umuryango mpuzamahanga utegamiye kuri Leta ukora ubushakashatsi, ukaba ufite ibiro mu Rwanda, i Kigali. IPA irimo gukorana n’umushinga usuzuma ibikorwa bya Banki y’Isi hamwe na luwahu, umushinga wo muri Minisiteri y’Ubuhinzi n’Ubworozi, mu gukora isuzumabikorwa ry’umushinga wo guteza imbere icyaro binyuze mu mu bigo n’amashyirahamwe yo kuzigama no kugurizanya. Intego y’iryo suzumabikorwa ni ugukusanya amakuru ku buryo bushyashya bwo kuzigama ufite intego kugira ngo bifashe abahinzi-borozi gucunga amafaranga mu buryo bunoze kandi bagateganyiriza ibihembwe by’ibinga hakiri kare, hanashakwa uburyo bwo gucunga no guteganyiriza Ibiza bigira ingaruka ku bukungu, no kubyaza umusaruro amahirwe agaragaye. Turifuza kugirana ikiganiro nawe kuri ubu bushakashatsi. Niwemera kugira uruhare muri ubu bushakashatsi, turakubaza ibibazo bijyanye n’urugo rwawe n’abarugize, imirima n’ibihingwa uteramo, ibihembwe by’ihinga, ibiza, kuzigama, ibyinjiye mu rugo n’ibyasohotse. Nta ngaruka zizakubaho kuko wagize uruhare muri ubu bushakashatsi, haba kuri wowe cyangwa ku rugo rwawe muri rusange kandi nta gihembo dutanga ku wemeye kugira uruhare muri ubu bushakashatsi. Icyitonderwa: • Kugira uruhare muri ubu bushakashatsi ni ubushake busesuye kandi amakuru uduha azabikwa mu ibanga rikomeye. Ibisubizo byawe bizahabwa nomero maze umubare w’ibanga ujyanye n’amazina yawe bibikwe ahantu hatagerwa n’ubonetse wese muri za mudasobwa zifungurwa n’umubare w’ibanga. • Abakozi babihuguriwe ba IPA na Banki y’Isi, nibo bonyine bazabona amakuru ashobora gutuma umwirondoro wawe umenyekana. Nta makuru ayo ari yo yose azerekwa rubanda, nta n’amazina azigera agaragazwa muri ubu bushakashatsi. Ni yo mpamvu tugusaba kuvugisha ukuri no gutanga ibisubizo biboneye mu buryo bushoboka bwose. • Ushobora kureka gusubiza ikibazo runaka, cyangwa ugahagarika ibazwa igihe icyo ari cyo cyose. Ibi nta ngaruka namba bizakugiraho cyangwa urugo rwawe. • Ubu bushakashatsi buratwara igihe kijya kungana n’amasaha abiri. • Uduce tumwe na tumwe tw’ubu bushakashatsi turadufata amajwi kugira ngo bidufashe mu kugira amakuru y’umwimerere. • Birashoboka kandi ko twazongera tubatumaho kugira ngo tugirane ikindi kiganiro. Uramutse ufite ibibazo birebana n’ubu bushakashatsi, ushobora kubitumenyesha ubu ngubu cyangwa nyuma kuri aderesi ikurikira: IPA, Kigali, Rwanda. Christophe Ndahimana, ukurikirana ubushakashatsi, Tel: 078-893-1046 Ku bibazo bijyanye n’uburenganzira bwawe nk’ubazwa: Inama y’Igihugu Ngenzuramyitwarire, Umuhanda witiriwe Umuganda Umuyobozi mukuru: Dr. Jean-Baptiste MAZARATI, Tel: 078-830-9807 Umunyamabanga: Dr. Leatitia NYIRAZINYOYE, Tel: 073-868-3209
A9: ID_06 | B9: Village | C9: Umudugudu | D9: select Village
A10: ID_07 | B10: Cell | C10: Akagari | D10: select Cell
A11: ID_08 | B11: Sector | C11: Umurenge | D11: select Sector
A12: ID_09 | B12: District | C12: Akarere | D12: select District
A13: ID_10 | B13: Site | C13: Site | D13: select Site
A14: ID_11 | B14: Is [${prefilled_hhh}] the correct HHH? | C14: Ese izina [ry'umukuru w'urugo ryakoreshejwe mbere) ni ryo? | D14: Yes = 1 No = 2 | E14: Yego= 1 Oya = 2
A15: id_11_why | B15: Why is [${prefilled_hhh}] not the correct household head? | C15: Kuki uyu [${prefilled_hhh}] atari umukuru w'urugo nyawe? | D15: HHH Deceased = 1 Spelling Mistake in preloaded data = 2 wrong HH member listed (not HHH) = 3 HH divorced/separated = 4 | E15: Umukuru w'urugo yitabye Imana=1 Amakuru tumufiteho arimo amakosa=2 Umukuru w'urugo wari wanditse siwe = 3 Baratanye/ Baratandukanye = 4 | F15: only if answered NO to prefilled ID_11
A16: ID_12 | B16: Household Head National ID Number | C16: Inomero y'indangamuntu y'umukuru w'urugo | G16: 16 digits
A17: ID_24_have | B17: Do you have a mobile? | C17: ufite telefone? | D17: Yes = 1 No = 2 | E17: Yego= 1 Oya = 2 | F17: If 2 >> Next Module
A18: ID_24 | B18: Mobile | G18: 10 digits

Sheet B HH Roster
A1: Module B: HOUSEHOLD ROSTER
A2: FIRST, List HEAD OF HH FOLLWED BY SPOUSE AND CHILDREN. If several wives, record in order of marriage. SECOND: List other HH members related to the head of household or his spouse(s). THIRD: List other HH members NOT related to the head of household or his spouse. FOURTH: List any people absent currently but who are HH members, for example persons temporarily absent due to school, seasonal work, holiday, prison, hospital/clinic, etc | E2: Mu gutangira, Wandike Umukuru w’Umuryango, akurikirwe n’Umugore we, abana.Niba afite abagore benshi , andika ukurikije uko bagiye bashyingiranwa. Hanyuma wandike abana uhereye ku mukuru,hanyuma abandi bantu bafitanye isano n’umugabo ndetse n’umugore, Ubwa gatatu wandike abandi bantu badafitanye isano n’umugabo cg umugore ; hanyuma wandike abandi bantu badahari, ariko bafitanye isano nabo mu muryango. Urugero: ababa ku ishuri, bapagasa, bari mu buroko, bari mu bitaro, etc.
B3: Question (Eng) | C3: Question (Kinya) | D3: Answer (Eng) | E3: Answer (Kinya) | F3: Skip | G3: Special instruction | H3: Response
A4: ROS_01 | B4: Number of HH members | C4: Umubare w'abagize urugo
A5: ROS_02 | B5: Roster Number | C5: inomero y'abagize urugo | G5: autofill | H5: 1 | I5: 2 | J5: 3 | K5: 4 | L5: 5 | M5: 6
A6: ROS_03g | B6: Given Name | C6: izina yahawe n'idini | G6: First entry should be HH head
A7: ROS_03s | B7: Surname | C7: Izina ryababyeyi | G7: First entry should be HH head
A8: ROS_04 | B8: Sex | C8: Igitsina | D8: Male Female | E8: gabo gore
A9: ROS_05 | B9: Age | C9: Imyaka yujuje | D9: age in years | E9: imyaka ifite
A10: ROS_01_a | B10: How many members were in your HH one year ago? | C10: Ni abantu bangahe bari bagize uru rugo umwaka ushize? | G10: RF only
A11: ROS_01_b | B11: Have any of those members left since then? | C11: Ese hari ababa barahavuye? | D11: Yes = 1 No = 2 | E11: Yego = 1 Oya = 2
A12: ROS_01_c | B12: Why did they leave? | C12: Kubera iki bagiye? | D12: School = 1 Marriage = 2 Divorce = 3 Deceased = 4 Other = 5 | E12: Amasomo = 1 Gushyingirwa = 2 Gutandukana = 3 Yitabye Imana = 4 Ibindi = 5
A13: ID_25 | B13: Who is primarily responsible for making decisions about the household farm? | C13: Ni nde ufata ibyemezo birebana n'ubuhinzi muri uru rugo? | D13: select Name
A14: ID_19 | B14: Please select the respondent from the HH roster below. | C14: Hitamo usubiza kuva ku rutonde rwa HH hasi. | D14: select Name
A15: id_22 | B15: Relationship to household head | C15: Isano afitanye n'umukuru w'urugo | D15: HHH = 1 Spouse of HHH = 2 Son/Daughter = 3 Parent = 4 Sibling = 5 other relative = 6 no relation = 7 | E15: nyir'urugo uwashakanye na nyir'urugo umuhungu/umukobwa we umubyeyi we/ umuvandimwe andi masano nta sano
A16: id_rf_t | B16: According to our records [${training_attendee}] attended a training on financial literacy at [${cooperative}] cooperative. This name corresponds to which name on the HH roster? | C16: Dukurikije amakuru dufite [${training_attendee}] yitabiriye amahugurwa ajyanye n'icungamari muri koperative yitwa [${cooperative}]. Iri zina rihuye n'irihe mu mazina y'abanyamuryango b'uru rugo? | D16: HH Roster | E16: Urutonde rw'abagize urugo | G16: Only for HH in RF Sample that Attended Training
A17: id_coop | B17: Have you heard of [${cooperative}] cooperative? | C17: Ese waba uzi Koperative titwa [${cooperative}]? | D17: 1 = Yes, I am a member 2=Yes, I paid a fee but am not a member 3= Yes, but I am not a member 4 = No​ | E17: 1=Yego, ndi umunyamuryango wayo. 2=Yego, natanzemo amafaranga ariko sindi umunyamuryango wayo. 3=Yego, ariko sindi umunyamuryango wayo. 4=Oya | G17: Only RF Sample

Sheet C Plot Roster
A1: Module C: Plot Roster
B2: Question (Eng) | C2: Question (Kinya) | D2: Answer (Eng) | E2: Answer (Kinya) | F2: Skip | G2: Special instruction | H2: Response
A3: plot_sketch_rf | B3: Enumerator: Please draw the PLOT SKETCH in your notebook now. Draw clearly all of the plots the respondent cultivated in Season 14A, and Season 14B, and their relation to the respondent's home and other landmarks. Then, take a photo of the PLOT SKETCH and upload it here. | C3: Umukarani: Urasabwa gushushanya ISHUSHONGERO Y'IMIRIMA N'URUGO mu gakayi kawe. Shushanya imirima yose ubazwa yahinze mu gihembwe cy'ihinga cya A2014, n'igihembwe cya B2014, ubihuza n'aho urugo rw'usubiza ruri n'ibindi bimenyetso bidasaza biharanga. Noneho, fata ifoto y'iyo SHUSHONGERO uyibike hano. | F3: For RF only (no 14C) | G3: Take a photo to load the sketch onto the tablet
A4: plot_sketch_oi | B4: Enumerator: Please draw the PLOT SKETCH in your notebook now. Draw clearly all of the plots the respondent cultivated in Season 14A, Season 14B, and Season 14C and their relation to the respondent's home and other landmarks. Then, take a photo of the PLOT SKETCH and upload it here. | C4: Umukarani: Urasabwa gushushanya ISHUSHONGERO Y'IMIRIMA N'URUGO mu gakayi kawe. Shushanya imirima yose ubazwa yahinze mu gihembwe cy'ihinga cya A2014, n'igihembwe cya B2014, and SeasonC 2014 ubihuza n'aho urugo rw'usubiza ruri n'ibindi bimenyetso bidasaza biharanga. Noneho, fata ifoto y'iyo SHUSHONGERO uyibike hano. | F4: For OI only (includes 14C) | G4: Take a photo to load the sketch onto the tablet
A5: ag2_rf | B5: How many agricultural plots did the HH cultivate at any time during the time period from Season 14A - Season 14B? This includes Season 14A (September 2013-February 2014), Season 14B ( March 2014-September 2014)). | C5: Ni imirima ingahe urugo rwawe rwahinze mugihe icyo aricyo cyose Kuva mu gihembwe cy'ihinga A 2014 kugeza mu gihembwe kihinga B 2014? Aha hakubiyemo igihembwe cya A 2014 (Nzeri 2013- Gashyantare 2014), igihembwe cya B 2014 (Werurwe 2014-kamena 2014) | F5: For RF only (no 14C)
A6: ag2_oi | B6: How many agricultural plots did the HH cultivate at any time during the time period from Season 14A - Season 14C? This includes Season 14A (September 2013-February 2014), Season 14B ( February 2014-June 2014)), and Season 14C (July-August 2014). | C6: Ni imirima ingahe urugo rwawe rwahinze mugihe icyo aricyo cyose Kuva mu gihembwe cy'ihinga A 2014 kugeza mu gihembwe kihinga C 2014? Aha hakubiyemo igihembwe cya A 2014 (Nzeri 2013- Gashyantare 2014), igihembwe cya B 2014 (Werurwe 2014-kamena 2014) n'igihembwe cy'ihinga cya 14 C (Nyakanga-Kanama 2014) | F6: For OI only (includes 14C)
A7: ag2_14a | B7: How many agricultural plots did your HH cultivate during Season 14A? | C7: Ni imirima ingahe urugo rwawe rwahinze mu gihembwe cy'ihinga cya A 2014
A8: ag2_14b | B8: How many agricultural plots did your HH cultivate during Season 14B? | C8: Ni imirima ingahe urugo rwawe rwahinze mu gihembwe cy'ihinga cya B 2014
A9: ag2_14c | B9: How many agricultural plots did your HH cultivate during Season 14C? | C9: Ni imirima ingahe urugo rwawe rwahinze mu gihembwe cy'ihinga cya C 2014 | F9: OI Only
H10: Plot 1 | I10: Plot 2 | J10: Plot 3 | K10: Plot 4 | L10: Plot 5 | M10: Plot 6
A11: ag3 | B11: Please write a description of each Plot. Do not use the size, and do not use crops. It must be a description that will help us identify this plot when we come back later. Be sure each description is different! BE SURE TO ENTER THE PLOT DESCRIPTIONS IN ORDER OF SIZE, starting with the largest. | C11: Andika imiterere ya buri murima. Ntukoreshe ubuso, kandi ntukoreshe ibihingwa. Igomba kuba imiterere izadufasha kumenya uyu murima mu gihe tuzaba tugarutse. genzura ko buri miterere y'umurima itandukanye n'iy'uwundi. TONDEKANYA IMITERERE Y'IMIRIMA UGENDEYE KU INGANO, tangirira ku murima munini. | F11: Asks for Description of all plots at once, then loops through each plot for this section. BE SURE TO ENTER THE PLOT DESCRIPTIONS IN ORDER OF SIZE.
A12: ag4 | B12: Where is this PLOT: [${plot_des}] located? | C12: Uyu UMURIMA: [${plot_des}] uherereye he? | D12: hilltop = 1 hillside = 2 hill foot = 3 plain = 4 marsh = 5 | E12: Ku musozi = 1 Ku ibanga ry’umusozi = 2 Hasi y'umusozi = 3 Mu kibaya = 4 Mu gishanga = 5
A13: ag_loc1 | B13: [${plot_des}]: In what sector is this plot located? | C13: [${plot_des}]: Uyu murima uherereye mu wuhe murenge? | D13: Preloaded List appears
A14: ag_loc2 | B14: [${plot_des}]: In what cell is this plot located? | C14: [${plot_des}]: Uyu murima uherereye mu kahe kagari?
A15: ag_loc3 | B15: [${plot_des}]: In what village is this plot located? | C15: [${plot_des}]: Uyu murima uherereye mu wuhe mudugudu?
A16: ag_loc4 | B16: [${plot_des}]: Is this plot part of a land consolidation area? | C16: [${plot_des}]: Uyu murima waba uri muri gahunda yo guhuza ubutaka? | D16: Yes = 1 No = 2 | E16: Yego = 1 Oya = 2
A17: ag6n | B17: [${plot_des}]: Plot area (number) | C17: [${plot_des}]: ubuso bw'umurima (umubare)
A18: ag6u | B18: [${plot_des}]: units | C18: [${plot_des}]: Ingero fatizo | D18: kode y'urugero
A19: ag7 | B19: [${plot_des}]: Enumerator checkpoint: Source of plot area data | C19: [${plot_des}]: Ubaza: isoko y'amakuru y'ubuso bw'umurima | D19: GPS = 1 land title = 2 self-reported = 3 | E19: GPS icyangombwacy'ubutaka. Niwe wabitwibwiriye.
A20: parcel_id | B20: [${plot_des}]:What is the Parcel ID on the land title? | C20: [${plot_des}]: Nomero y'icyangombwa cy'ubutaka ni iyihe? | F20: if 2 in ag7
A21: plot_upi | B21: The respondent may have the paperwork used for claiming their Land Title. What is the PLOT UPI given on this paper?[${plot_des}]: | C21: [${plot_des}]:Usubiza ashobora kuba afite urupapuro rukoreshwa mu gusaba icyangombwa cy'ubutaka. Ni iyihe nomero y'icyangombwa cy'ubutaka yanditse kuri urwo rupapuro? | F21: if 3 in ag7
A22: ag_12 | B22: [${plot_des}]: What is the ownership status of this plot? | C22: [${plot_des}]: Ni ubuhe buryo uyu murima muwutunzemo?
A23: ag_coop | B23: [${plot_des}]: Is this plot cultivated for [${cooperative}]? | C23: [${plot_des}]: Ese uyu murima mwawuhinze muri gahunda ya [${cooperative}]? | F23: RF sample only
A24: pl_t1 | B24: [${plot_des}]: Is this plot terraced? | C24: [${plot_des}]: Uyu murima wakorewe amaterase? | D24: Yes = 1 No = 2 | E24: Yego = 1 Oya = 2 | F24: If NO, skip to ag8_14a
A25: pl_t2m | B25: [${plot_des}]: What MONTH and YEAR was this plot terraced? | C25: [${plot_des}]: Ni mu kuhe kwezi n'umwaka uyu murima wakoreweho amaterasi?
A26: pl_t3 | B26: [${plot_des}]: Is it a RADICAL or PROGRESSIVE terrace? | C26: [${plot_des}]: Ni amaterase y'indinganire cyangwa amaterasi yikora? | D26: Radical = 1 Progressive = 2
A27: pl_35 | B27: [${plot_des}]: Has this plot been terraced by the LWH project? | C27: [${plot_des}]: uyu murima waba warakorewe amaterasi n'umushinga wa LWH? | D27: Yes = 1 No = 2 | E27: Yego = 1 Oya = 2
A28: pl_36 | B28: [${plot_des}]: Proportion of the plot that was terraced | C28: [${plot_des}]: ubuso bw'umurima wakorewe amaterasi ni bungahe? | D28: 25% = 1 50% = 2 75% = 3 100% = 4
A29: ag8_14a | B29: [${plot_des}]: Did you cultivate seasonal crops on this plot during Season A 2014? (September 2013-February 2014) | C29: [${plot_des}]: Waba warahinze ibihingwa byerera igihembwe muri uyumurima mu gihembwe cy'ihinga A 2014? (Nzeri 2013- Gashyantare 2014) | D29: Yes = 1 No = 2 | E29: Yego = 1 Oya = 2 | F29: If NO, skip to ag8_14b
A30: ag9n_14a | B30: [${plot_des}]: How many seasonal crops did you culitvate on this plot during Season A 2014? | C30: [${plot_des}]: ni bihingwa bingahe byerera ku gihembwe wahinze kuri ubu butaka mu gihembwe cy'ihinga A 2014?
A31: ag10_14a | B31: Who was primarily responsible for making decisions about this plot during Season A 2014? | C31: Ni nde muntu w'ibanze wafataga ibyemezo bijyanye n'uyu umurima mu gihembwe cy’ihinga A 2014? | E31: HH Roster appears
A32: ag11_14a | B32: Who spent most time working on this plot during Season A 2014? | C32: Ni nde wakoze igihe kirekire muri uyu umurima mu gihembwe cy'ihinga A 2014? | E32: HH Roster appears
A33: ag8_14b | B33: [${plot_des}]: Did you cultivate seasonal crops on this plot during Season B 2014? | C33: [${plot_des}]: waba warahinze ibihingwa byerera igihembwe muri uyu murima mu gihembwe cy'ihinga B 2014? | D33: Yes = 1 No = 2 | E33: Yego = 1 Oya = 2 | F33: If NO, skip to ag8_14c
A34: ag9n_14b | B34: [${plot_des}]: How many seasonal crops did you cultivate on this plot during Season B 2014? | C34: [${plot_des}]: ni bihingwa byerera ku gihembwe bingahe wahinze kuri ubu butaka mu gihembwe cy'ihinga B 2014?
A35: ag10_14b | B35: Who was primarily responsible for making decisions about this plot during Season B 2014? | C35: Ni nde muntu w'ibanze wafataga ibyemezo bijyanye n'uyu umurima mu gihembwe cy’ihinga B 2014? | E35: HH Roster appears
A36: ag11_14b | B36: Who spent most time working on this plot during Season B 2014? | C36: Ni nde wakoze igihe kirekire muri uyu umurima mu gihembwe cy'ihinga B 2014? | E36: HH Roster appears
A37: ag8_14c | B37: [${plot_des}]: Did you cultivate seasonal crops on this plot during Season C 2014? | C37: [${plot_des}]: waba warahinze ibihingwa byerera igihembwe muri uyu murima mu gihembwe cy'ihinga C 2014? | D37: Yes = 1 No = 2 | E37: Yego = 1 Oya = 2 | F37: If NO, skip to ag12 | G37: Skip for RF Sample
A38: ag9n_14c | B38: [${plot_des}]: How many seasonal crops did you cultivate on this plot during Season C 2014? | C38: [${plot_des}]: ni bihingwa byerera ku gihembwe bingahe wahinze kuri ubu butaka mu gihembwe cy'ihinga C 2014?
A39: ag10_14c | B39: Who was primarily responsible for making decisions about this plot during Season C 2014? | C39: Ni nde muntu w'ibanze wafataga ibyemezo bijyanye n'uyu umurima mu gihembwe cy’ihinga C 2014? | E39: HH Roster appears
A40: ag11_14c | B40: Who spent most time working on this plot during Season C 2014? | C40: Ni nde wakoze igihe kirekire muri uyu umurima mu gihembwe cy'ihinga C 2014? | E40: HH Roster appears
A41: ag12 | B41: Do you have a kitchen garden? | C41: Ese mwaba mufite akarima k'igikoni? | D41: Yes = 1 No = 2 | E41: Yego = 1 Oya = 2 | F41: if NO, skip to next section
A42: ag13 | B42: When did you start culivating this kitchen garden? | C42: Ni ryari watangiye guhinga muri aka karima k'igikoni? | D42: month & year | E42: Ukwezi & umwaka

Sheet D1 14A Crop
A1: Module D1: 14A Seasonal Crop Production (September 2013-February 2014)
A2: Asks about up to three plots cultivated in Season 14A, starting with the largest plot. If more than three, asks about the three largest. Baza ku mirima itatu yahinzwe mu gihembwe cya A 2014, Uhereye ku murima munini, niba yarahinze iimirima irenze itatu, baza ku mirima itatu minini. | H2: PLOT 1 Crop Number: | K2: PLOT 2 Crop Number: | N2: PLOT 3 Crop Number:
B3: Question (Eng) | C3: Question (Kinya) | D3: Code | E3: Answer (Eng) | F3: Answer (Kinya) | G3: Skip | H3: 1 | I3: 2 | J3: 3 | K3: 1 | L3: 2 | M3: 3 | N3: 1 | O3: 2 | P3: 3
A4: CRP_00_14a | B4: Please list the crops grown on this plot during season 14A | C4: Andika urutonde rw'imyaka yahinzwe muri uyu murima mu gihembwe cy'ihinga cya A 2014
A5: CRP_02_14a | B5: [${plot_14a}]: In which month did you plant this [${crop_14a}]? | C5: [${plot_14a}]: Ni mu kuhe kwezi mwateye [${crop_14a}]? | E5: List of Months
A6: CRP_03_Q_14a | B6: [${plot_14a}]: On what proportion of plot did you grow this [${crop_14a}]? | C6: [${plot_14a}]: Ni ku kihe kigereranyo cy'umurima mwateyeho ibi [${crop_14a}]? | E6: Numbers 5%-100% listed
A7: CRP_04_Q_14a | B7: [${plot_14a}]: How much [${crop_14a}] seed did you plant in this plot? | C7: [${plot_14a}]: Mwateye imbuto za [${crop_14a}] zingana iki muri uyu murima? | E7: Quantity
A8: CRP_04_U_14a | B8: units | C8: Ingero | E8: unit codes
A9: CRP_05_A_14a | B9: [${plot_14a}]: [${crop_14a}]: What was the source of the seed? | C9: [${plot_14a}]: [${crop_14a}]: Nihe hantu mwakuye imbuto yo gutera? | D9: 1 2 3 4 5 6 7 8 9 10 11 12 | E9: TUBURA LWH Project Local government NGO Agro-dealer CIP own production neighbor/friend RAB agricultural cooperative gift local market | F9: muri TUBURA mu mushinga wa LWH mu nzego z'ibanze mu muryango utagengwa na Leta umucuruzi w'imbuto n'inyongeramusaruro (agrodila) CIP umusaruro wabo bwite/Ibyo biyejereje Umuturanyi/inshuti RAB (Ikigo cy'igihugu cy'ubuhinzi n'ubworozi) Koperative y'abahinzi-borozi Impano Isoko ryo muri ako gace
A10: CRP_06_14a | B10: [${plot_14a}]: How much in total did you spend on the [${crop_14a}] seed you planted in this plot? | C10: [${plot_14a}]: Wakoresheje amafaranga angana ate ku mbuto za [${crop_14a}] wateye muri uyu murima? | D10: RWF
A11: CRP_07_14a | B11: [${plot_14a}]: Was [${crop_14a}] affected by any disease or pest infestation during the season? | C11: [${plot_14a}]: Muri iki [${crop_14a}] hari icyangiritse kubera indwara cyangwa udusimba muri icyo gihembwe? | E11: Yes No | F11: Yego Oya
A12: CRP_08_Q_14a | B12: [${plot_14a}]: How much [${crop_14a}] did you harvest from this plot in Season A? | C12: [${plot_14a}]: Waba umaze gusarura [${crop_14a}] bingana iki muri uwo murima? | D12: quantity | G12: if 0 > CRP_08_0
A13: CRP_08_U_14a | B13: units | C13: Ingero | E13: unit codes
A14: CRP_08_GD_14a | B14: [${plot_14a}]: Green or Dry Maize? | C14: [${plot_14a}]: Ibigori bibisi cg byumye? | E14: Green = 1 Dry = 2 Both = 3 | F14: Bibisi = 1 Byumye = 2 Byombi = 3 | G14: Only for MAIZE
A15: CRP_08_GQ_14a | B15: Green (Quantity) | C15: Bibisi (ingano) | G15: if CRP_08_GD_14a = 3
A16: CRP_08_GU_14a | B16: Green (Unit) | C16: Bibisi (igipimo)
A17: CRP_08_DQ_14a | B17: Dry (Quenity) | C17: Byumye (ingano)
A18: CRP_08_DU_14a | B18: Dry (Unit) | C18: Byumye (igipimo)
A19: CRP_08_0 | B19: Why was the harvested amount zero? | C19: Kubera iki umusaruro wabonetse ari zeru? | E19: Crop Disease = 1 Crop Theft = 2 Crop Destruction = 3 Other = 4 | F19: Kurwara kw'ibihingwa = 1 Kwibwa kw'ibihingwa = 1 Kwangirika kw'imyaka = 3 Ibindi = 4 | G19: >> Next Crop
A20: CRP_09_Q_14a | B20: [${plot_14a}]: How much [${crop_14a}] did you sell from the season A 2014 harvest? | C20: [${plot_14a}]: Umaze kugurisha [${crop_14a}] bingana iki wavanye mu musaruro w'igihembwe cy'ihinga A 2014? | D20: quantity | G20: if 0 skip to CRP_15_Q
A21: CRP_09_U_14a | B21: units | C21: Ingero | D21: unit codes
A22: CRP_09_GD_14a | B22: [${plot_14a}]: Green or Dry Maize? | C22: [${plot_14a}]: Ibigori bibisi cg byumye? | E22: Green = 1 Dry = 2 Both = 3 | F22: Bibisi = 1 Byumye = 2 Byombi = 3 | G22: Only for MAIZE
A23: CRP_09_GQ_14a | B23: Green (Quantity) | C23: Bibisi (ingano) | G23: if CRP_09_GD_14a = 3
A24: CRP_09_GU_14a | B24: Green (Unit) | C24: Bibisi (igipimo)
A25: CRP_09_DQ_14a | B25: Dry (Quenity) | C25: Byumye (ingano)
A26: CRP_09_DU_14a | B26: Dry (Unit) | C26: Byumye (igipimo)
A27: CRP_10_14a | B27: [${plot_14a}]: How much did you earn in total from selling this [${crop_14a}] from your Season 14a harvest? | C27: [${plot_14a}]: Winjije amafaranga angahe mu musaruro wa [${crop_14a}] mu gihembwe cy'ihinga 14a? | D27: RWF
A28: RF Sample: Skip to next CROP
A29: CRP_15_Q_14a | B29: [${plot_14a}]: How much [${crop_14a}] was used for HH consumption? | C29: [${plot_14a}]: Umusaruro [${crop_14a}] umaze kuribwa mu rugo ungana ute? | D29: quantity | G29: if 0 skip to CRP_16_Q
A30: CRP_15_U_14a | B30: units | C30: Ingero | E30: unit codes
A31: CRP_15_GD_14a | B31: [${plot_14a}]: Green or Dry Maize? | C31: [${plot_14a}]: Ibigori bibisi cg byumye? | E31: Green = 1 Dry = 2 Both = 3 | F31: Bibisi = 1 Byumye = 2 Byombi = 3 | G31: Only for MAIZE
A32: CRP_15_GQ_14a | B32: Green (Quantity) | C32: Bibisi (ingano) | G32: if CRP_15_GD_14a = 3
A33: CRP_15_GU_14a | B33: Green (Unit) | C33: Bibisi (igipimo)
A34: CRP_15_DQ_14a | B34: Dry (Quenity) | C34: Byumye (ingano)
A35: CRP_15_DU_14a | B35: Dry (Unit) | C35: Byumye (igipimo)
A36: CRP_25_Q_14a | B36: [${plot_14a}]: How much [${crop_14a}] did you lose due to spoilage or post-harvest losses (during storage)? | C36: [${plot_14a}]: Wahombye umusaruro [${crop_14a}] ungana ute nyuma yo kuwurobanura/kuwugosora ngo uwuhunike? | D36: quantity | G36: if 0 skip to CRP_26_Q
A37: CRP_25_U_14a | B37: units | C37: Ingero | E37: unit codes
A38: CRP_25_GD_14a | B38: [${plot_14a}]: Green or Dry Maize? | C38: [${plot_14a}]: Ibigori bibisi cg byumye? | E38: Green = 1 Dry = 2 Both = 3 | F38: Bibisi = 1 Byumye = 2 Byombi = 3 | G38: Only for MAIZE
A39: CRP_25_GQ_14a | B39: Green (Quantity) | C39: Bibisi (ingano) | G39: if CRP_25_GD_14a = 3
A40: CRP_25_GU_14a | B40: Green (Unit) | C40: Bibisi (igipimo)
A41: CRP_25_DQ_14a | B41: Dry (Quenity) | C41: Byumye (ingano)
A42: CRP_25_DU_14a | B42: Dry (Unit) | C42: Byumye (igipimo)
A43: CRP_26_14a | B43: [${plot_14a}]: Did you store this [${crop_14a}] in a post-harvest infra-structure? | C43: [${plot_14a}]: Wahunitse umusaruro wa [${crop_14a}]? | D43: 1 2 | E43: Yes No | F43: Yego Oya | G43: If 2 skip to next CROP
A44: CRP_27_14a | B44: [${plot_14a}]: What type of post-harvest infra-structure was used to store this [${crop_14a}]?/ What type of storage facility was used for this [${crop_14a}]? | C44: [${plot_14a}]: Ni ubuhe bwoko bw' ububiko wakoresheje ubikamo umusaruro wa [${crop_14a}]? / ni ubuhe bubiko wabitsemo umusaruro wa [${crop_14a}]? | D44: 1 2 3 4 5 99 | E44: Big wood/bamboo basket with cow dung, outside house Small wood/bamboo basket, inside house Public storage facility (non-LWH) LWH storage facility Sack Other | F44: Umutiba/intonga ikozwe mu migano n'amase y'inka, kiri hanze y'urugo. Igitebo gikozwe mu giti cyangwa imigano n'amase y'inka, kiri munzu. Ububiko rusange (Butari ubwa LWH) Ububiko bwa LWH Imifuka Ibindi
A45: CRP_28_14a | B45: [${plot_14a}]: How many minutes did it take you to reach the post-harvest infra-structure? | C45: [${plot_14a}]: Byagutwaye iminota ingahe kugira ngo ugere kuri ubwo bubiko? | D45: minutes
A46: CRP_29_14a | B46: [${plot_14a}]: How much did it cost you to reach the pots-harvest infrastructure, round trip? | C46: [${plot_14a}]: Byagutwaye amafaranga angahe kugira ngo ugere kuri ubwo bubiko (kugenda no kugaruka)? | D46: RWF
A47: CRP_30_14a | B47: [${plot_14a}]: What was the total storage cost incurred to store the [${crop_14a}] at the post-harvest infra-structure? | C47: [${plot_14a}]: Ni amafaranga angahe yose hamwe yakoreshejwe mu guhunika umusaruro [${crop_14a}]? | D47: RWF

Sheet B2 Plot 2 Roster
A1: Module B2: PLOT 2 ROSTER SEASON B 2013
A2: Question Number | B2: Question (Eng) | C2: Question (Kinya) | D2: Answer code | E2: Answer (Eng) | F2: Answer (Kinya) | G2: Skip | H2: Special instruction | I2: Response
B3: =survey!D302 -> Module D3: 14A HH Farm Labor | C3: =survey!G307 -> decimal | G3: Skip to PL_LC_a_P if this is a preloaded plot
A4: =survey!#REF! -> #REF! | B4: =survey!D306 -> How much in total was spent on hired labor for [land preparation and planting]? | C4: Umubare w'abagize urugo | H4: Asks for Description of all plots at once, then loops through each plot for this section. BE SURE TO ENTER THE PLOT DESCRIPTIONS IN ORDER OF SIZE.
A5: =survey!#REF! -> #REF! | B5: =survey!D307 -> How many total days did members of your household spend on [growing] during Season A 2014? This includes applying inputs, weeding and irrigating. | C5: =survey!G311 -> select_one yes_no | D5: 1 2 3 4 5 | E5: hilltop hillside hill foot plain marsh | F5: Ku musozi Ku ibanga ry’umusozi Hasi y'umusozi Mu kibaya Mu gishanga
A6: =survey!#REF! -> #REF! | B6: =survey!D308 -> Did the HH hire any labor to assist with [growing] during Season A 2014? | C6: =survey!G312 -> integer
A7: =survey!#REF! -> #REF! | B7: Unit
A8: =survey!C318 -> AG_08_A | B8: =survey!D310 -> How many total days did members of your household spend on [harvesting] during Season A 2014? This includes harvesting and processing crops after harvest. | C8: =survey!G318 -> select_one yes_no | D8: 1 2 3 | E8: GPS land title self-reported | F8: GPS icyangombwacy'ubutaka. Niwe wabitwibwiriye.
A9: Question Number | B9: Question (Eng) | C9: Question (Kinya) | D9: Answer code | E9: Answer (Eng) | F9: Answer (Kinya) | G9: Skip | H9: Special instruction | I9: Response
B10: =survey!#REF! -> #REF! | C10: =survey!#REF! -> #REF! | H10: The following Questions are asked for ALL PLOTS
A11: =survey!C321 -> AG_12_A | B11: =survey!D311 -> Did the HH hire any labor to assist with [harvesting] during Season A 2014? | C11: =survey!G321 -> integer | D11: 1 2 | E11: Yes No | F11: Yego Oya
A12: =survey!C323 -> AG_18Q_A | B12: =survey!D312 -> How much in total was spent on hired labor for [harvesting]? | C12: =survey!G323 -> decimal | D12: 1 2 3 | E12: owned rented sharecropped | F12: 1 uwanyu bwite 2 kuwukodesha 3 Uruhare ku bihingwa
A13: =survey!#REF! -> #REF! | B13: =survey!D318 -> Did the HH apply any [${input_a}] for use in Season A 2014? | C13: =survey!G325 -> select_one input_planned | D13: 1 2 | E13: Yes No | F13: Yego Oya
A14: =survey!#REF! -> #REF! | B14: =survey!D321 -> How much in total did the HH spend on ${input_a}? (RWF) | C14: =survey!G326 -> select_one input_why_less or_other
A15: =survey!#REF! -> #REF! | B15: =survey!D324 -> Unit | C15: =survey!#REF! -> #REF! | D15: 1 2 | E15: Radical Progressive
A16: =survey!#REF! -> #REF! | B16: =survey!D325 -> Did the HH apply more / less / the same amount of [${input_a}] as planned? | C16: =survey!G327 -> end repeat | D16: 1 2 | E16: Yes No | F16: Yego Oya
A17: =survey!#REF! -> #REF! | B17: =survey!D326 -> Why was less applied than planned? | C17: =survey!G330 -> select_one ok
A18: =survey!#REF! -> #REF! | B18: =survey!#REF! -> #REF! | C18: =survey!G335 -> select_one yes_no | D18: 1 2 | E18: Yes No | F18: Yego Oya
A19: =survey!#REF! -> #REF! | B19: =survey!D327 -> 0 | C19: =survey!G336 -> select_one yes_no
A20: =survey!#REF! -> #REF! | B20: =survey!D329 -> 0 | C20: =survey!G338 -> select_one hh_roster | D20: crop codes | H20: multiple response
A21: =survey!#REF! -> #REF! | B21: =survey!#REF! -> #REF! | C21: =survey!#REF! -> #REF! | D21: HH roster number
A22: =survey!#REF! -> #REF! | B22: =survey!#REF! -> #REF! | C22: =survey!#REF! -> #REF! | D22: HH roster number

Sheet B3 Irrigation Plot 2
A1: Module B3: IRRIGATION PLOT 2 SEASON B 2013
A2: Question Number | B2: Question (Eng) | C2: Question (Kinya) | D2: Answer code | E2: Answer (Eng) | F2: Answer (Kinya) | G2: Skip | H2: Special instruction | I2: Response
A3: =survey!#REF! -> #REF! | B3: =survey!#REF! -> #REF! | C3: =survey!G341 -> end group | D3: 1 2 | E3: Yes No | F3: Yego Oya | G3: if 2 skip to B4 Crop Roster
A4: =survey!#REF! -> #REF! | B4: =survey!#REF! -> #REF! | C4: Umubare w'abagize urugo | D4: 1 2 3 4 5 6 7 8 9 10 | E4: Shallow well Marshland drainage Borehole Spring Stream Rain catchment pond Roof catchment Lake Dam Other | F4: Iriba ridafukuye cyane Imiyoboro y'amazi y'ibishanga Umwobo uzamurwamo amazi Isoko Umugezi Ikizenga kiyoborwamo amazi y'imvura Amazi ava ku mazu Ikiyaga idamu Ikindi
A5: =survey!#REF! -> #REF! | B5: =survey!#REF! -> #REF! | C5: =survey!G345 -> integer | D5: 1 2 3 4 5 6 | E5: Watering can Manual pumping Mechanical pumping Gravity stream diversion Pipelines Other | F5: Arozwari Gukoresha pompe y'intoki Gukoresha pompe ya moteri ikoreshwa ry'uruhavu mu murima Impombo/amatiyo Ikindi
A6: =survey!#REF! -> #REF! | B6: =survey!D341 -> 0 | C6: =survey!G346 -> select_one yes_no | D6: 1 2 3 4 5 | E6: Cooperative Water User Association Self-help group Household Other | F6: Koperative Ishyirahamwe ry’abakoresha amazi Itsinda ry’ubwisungane Urugo ubwarwo Ikindi
A7: =survey!#REF! -> #REF! | B7: =survey!D342 -> Module F: 14A Labor | C7: =survey!G347 -> integer | D7: RWF
A8: =survey!#REF! -> #REF! | B8: =survey!D344 -> Did anyone in the household do agricultural labor outside of the HH farm for Season A 2014 from August 2013-February 2014? | C8: =survey!G350 -> select_one yes_no | D8: 1 2 3 4 5 | E8: Cooperative Water User Association Self-help group Household Other | F8: Koperative Ishyirahamwe ry’abakoresha amazi Itsinda ry’ubwisungane Urugo ubwarwo Ikindi
A9: =survey!#REF! -> #REF! | B9: =survey!D345 -> How much in total did the HH earn? | C9: =survey!G548 -> note | D9: 1 2 | E9: Yes No | F9: Yego Oya | G9: if 2 skip to next [PLOT]
A10: =survey!#REF! -> #REF! | B10: =survey!D346 -> Did anyone in the household do public works labor from August 2013-February 2014? | C10: =survey!G549 -> select_one yes_no | D10: RWF

Sheet B4 Crop Roster Plot 2
A1: Module B4: CROP ROSTER PLOT 2 SEASON B 2013
A2: Asks about up to three plots cultivated in Season 13B, starting with the largest pot. If more than three, asks about the three largest/. Baza ku mirima itatu yahinzwe mu gihembwe cya B 2013, Uhereye ku murima mu nini, niba yarahinze iimirima irenze itatu, baza ku mirima itatu minini. | I2: PLOT 2
I3: Crop Number:
B4: Question (Eng) | C4: Umubare w'abagize urugo | D4: Answer code | E4: Answer (Eng) | F4: Answer (Kinya) | G4: Skip | H4: Special instruction | I4: 1 | J4: 2 | K4: 3
A5: =survey!#REF! -> #REF! | B5: =survey!D550 -> What Season and Year did you plant these agro-forestry species on your land? | C5: =survey!G554 -> select_one season_year | H5: pre-filled based on list of crops grown on this plot in Season B (from Plot Roster)
A6: =survey!#REF! -> #REF! | B6: =survey!D551 -> Do you intercrop with plants used for plant cover? For example: Cajanus, chloris,lablabu,Apples,Avocados,alnus | C6: =survey!G555 -> select_one yes_no | D6: month codes
A7: =survey!#REF! -> #REF! | B7: =survey!D552 -> What Season and Year did you begin doing this intercropping with plants used for plant cover? | C7: =survey!G556 -> select_one season_year | D7: 1 2 3 4 | E7: 25% or less about 50% about 75% 100% | F7: 25% cg munsi hafi 50% hafi 75% 100%
A8: =survey!#REF! -> #REF! | B8: =survey!D554 -> What Season and Year did you begin using trees and grasses to protect your terraces? | C8: =survey!G558 -> select_one season_year | D8: quantity
A9: =survey!#REF! -> #REF! | B9: =survey!D556 -> What Season and Year did you first have waterways connected to your terraces? | C9: =survey!G560 -> select_one season_year | D9: 1 2 3 4 | E9: RAB Seed Multiplier Own Production Agri Dealer | F9: RAB Abatubuzi umusaruro wacu bwite Abacuri b'ibikomoka k'ubuhinzi
A10: =survey!#REF! -> #REF! | B10: =survey!D557 -> Do you have forest species planted on your land, other than on terraces? For example…Eucalptus,Callitus,pinus | C10: =survey!G561 -> select_one yes_no
A11: =survey!#REF! -> #REF! | B11: =survey!D559 -> Do you grow rwatsi on your land to fertilize your land? | C11: =survey!G598 -> select_one ok | D11: quantity | G11: if 0 skip to next ${a_crop}
A12: =survey!#REF! -> #REF! | B12: =survey!D561 -> Do you put mulch around any plants on your land? (ex: pineapple, banana, tomatoes…) | C12: =survey!G602 -> integer | G12: Only for MAIZE
A13: =survey!#REF! -> #REF! | B13: =survey!D598 -> Module J: Income & Expenditures | C13: =survey!G604 -> integer | D13: quantity
A14: =survey!#REF! -> #REF! | B14: =survey!D602 -> On-farm enterprise (RWF) | C14: =survey!G606 -> integer | G14: Only for MAIZE
A15: =survey!#REF! -> #REF! | B15: =survey!D603 -> Non-farm enterprise (RWF) | C15: =survey!G607 -> integer
A16: =survey!#REF! -> #REF! | B16: =survey!#REF! -> #REF! | C16: =survey!#REF! -> #REF!
A17: =survey!#REF! -> #REF! | B17: =survey!#REF! -> #REF! | C17: =survey!#REF! -> #REF! | G17: Only for MAIZE
A18: =survey!#REF! -> #REF! | B18: =survey!D605 -> interests & dividends (RWF) | C18: =survey!G609 -> integer
A19: =survey!#REF! -> #REF! | B19: =survey!D607 -> Gifts (RWF) | C19: =survey!G611 -> integer | G19: Only for MAIZE
A20: =survey!#REF! -> #REF! | B20: =survey!#REF! -> #REF! | C20: =survey!#REF! -> #REF!
A21: =survey!#REF! -> #REF! | B21: =survey!#REF! -> #REF! | C21: =survey!#REF! -> #REF! | G21: Only for MAIZE
A22: =survey!#REF! -> #REF! | B22: =survey!D608 -> Terracing for LWH (RWF) | C22: =survey!G612 -> integer
A23: =survey!#REF! -> #REF! | B23: =survey!D610 -> Composting for LWH (RWF) | C23: =survey!G619 -> begin group | G23: Only for MAIZE
A24: =survey!#REF! -> #REF! | B24: =survey!D611 -> Selling of Permanent Crop Production | C24: =survey!G620 -> note
A25: =survey!#REF! -> #REF! | B25: =survey!D613 -> Income from Migratory Work (not reported elsewhere) | C25: =survey!G622 -> integer | G25: Only for MAIZE
A26: =survey!#REF! -> #REF! | B26: =survey!#REF! -> #REF! | C26: =survey!#REF! -> #REF!
A27: =survey!#REF! -> #REF! | B27: =survey!#REF! -> #REF! | C27: =survey!#REF! -> #REF!
A28: =survey!#REF! -> #REF! | B28: =survey!#REF! -> #REF! | C28: =survey!#REF! -> #REF!
A29: =survey!#REF! -> #REF! | B29: =survey!#REF! -> #REF! | C29: =survey!#REF! -> #REF!
A30: =survey!#REF! -> #REF! | B30: =survey!#REF! -> #REF! | C30: =survey!#REF! -> #REF!
A31: =survey!#REF! -> #REF! | B31: =survey!#REF! -> #REF! | C31: =survey!#REF! -> #REF!
A32: =survey!#REF! -> #REF! | B32: =survey!D619 -> 0 | C32: =survey!G623 -> integer
A33: =survey!#REF! -> #REF! | B33: =survey!D621 -> Transportation (RWF) | C33: =survey!G625 -> integer
A34: =survey!#REF! -> #REF! | B34: =survey!D622 -> Communication (RWF) | C34: =survey!G629 -> begin group | D34: 1 2 | E34: Yes No | F34: Yego Oya | G34: If 2 skip to next section
A35: =survey!#REF! -> #REF! | B35: =survey!D623 -> Clothing and personal belongings (RWF) | C35: =survey!G630 -> note | D35: 1 2 3 4 | E35: Big wood/bamboo basket with cow dung, outside house Small wood/bamboo basket, inside house Public storage facility (non-LWH) LWH storage facility | F35: Ingiga nini y'igiti/ Igitebo gikozwe mu migano n'amase y'inka, kiri hanze y'urugo. Ingiga ntoya yigiti/igitebo gikozwe mu migano n'amase y'inka, kiri munzu Ububiko rusange (Butari ubwa LWH) Ububiko bwa LWH
A36: =survey!#REF! -> #REF! | B36: =survey!D624 -> Leisure (going to bar, watching sports, watching film) (RWF) | C36: =survey!G631 -> integer | D36: minutes
A37: =survey!#REF! -> #REF! | B37: =survey!D625 -> Water (RWF) | C37: =survey!G632 -> integer | D37: RWF
A38: =survey!#REF! -> #REF! | B38: =survey!D629 -> 0 | C38: =survey!G633 -> integer | D38: RWF

Sheet B2 Plot 3 Roster
A1: Module B2: PLOT 3 ROSTER SEASON B 2013
A2: Question Number | B2: Question (Eng) | C2: Question (Kinya) | D2: Answer code | E2: Answer (Eng) | F2: Answer (Kinya) | G2: Skip | H2: Special instruction | I2: Response
B3: =survey!D302 -> Module D3: 14A HH Farm Labor | C3: =survey!G307 -> decimal | G3: Skip to PL_LC_a_P if this is a preloaded plot
A4: =survey!#REF! -> #REF! | B4: =survey!D306 -> How much in total was spent on hired labor for [land preparation and planting]? | C4: Umubare w'abagize urugo | H4: Asks for Description of all plots at once, then loops through each plot for this section. BE SURE TO ENTER THE PLOT DESCRIPTIONS IN ORDER OF SIZE.
A5: =survey!#REF! -> #REF! | B5: =survey!D307 -> How many total days did members of your household spend on [growing] during Season A 2014? This includes applying inputs, weeding and irrigating. | C5: =survey!G311 -> select_one yes_no | D5: 1 2 3 4 5 | E5: hilltop hillside hill foot plain marsh | F5: Ku musozi Ku ibanga ry’umusozi Hasi y'umusozi Mu kibaya Mu gishanga
A6: =survey!#REF! -> #REF! | B6: =survey!D308 -> Did the HH hire any labor to assist with [growing] during Season A 2014? | C6: =survey!G312 -> integer
A7: =survey!#REF! -> #REF! | B7: Unit
A8: =survey!C318 -> AG_08_A | B8: =survey!D310 -> How many total days did members of your household spend on [harvesting] during Season A 2014? This includes harvesting and processing crops after harvest. | C8: =survey!G318 -> select_one yes_no | D8: 1 2 3 | E8: GPS land title self-reported | F8: GPS icyangombwacy'ubutaka. Niwe wabitwibwiriye.
A9: Question Number | B9: Question (Eng) | C9: Question (Kinya) | D9: Answer code | E9: Answer (Eng) | F9: Answer (Kinya) | G9: Skip | H9: Special instruction | I9: Response
B10: =survey!#REF! -> #REF! | C10: =survey!#REF! -> #REF! | H10: The following Questions are asked for ALL PLOTS
A11: =survey!C321 -> AG_12_A | B11: =survey!D311 -> Did the HH hire any labor to assist with [harvesting] during Season A 2014? | C11: =survey!G321 -> integer | D11: 1 2 | E11: Yes No | F11: Yego Oya
A12: =survey!C323 -> AG_18Q_A | B12: =survey!D312 -> How much in total was spent on hired labor for [harvesting]? | C12: =survey!G323 -> decimal | D12: 1 2 3 | E12: owned rented sharecropped | F12: 1 uwanyu bwite 2 kuwukodesha 3 Uruhare ku bihingwa
A13: =survey!#REF! -> #REF! | B13: =survey!D318 -> Did the HH apply any [${input_a}] for use in Season A 2014? | C13: =survey!G325 -> select_one input_planned | D13: 1 2 | E13: Yes No | F13: Yego Oya
A14: =survey!#REF! -> #REF! | B14: =survey!D321 -> How much in total did the HH spend on ${input_a}? (RWF) | C14: =survey!G326 -> select_one input_why_less or_other
A15: =survey!#REF! -> #REF! | B15: =survey!D324 -> Unit | C15: =survey!#REF! -> #REF! | D15: 1 2 | E15: Radical Progressive
A16: =survey!#REF! -> #REF! | B16: =survey!D325 -> Did the HH apply more / less / the same amount of [${input_a}] as planned? | C16: =survey!G327 -> end repeat | D16: 1 2 | E16: Yes No | F16: Yego Oya
A17: =survey!#REF! -> #REF! | B17: =survey!D326 -> Why was less applied than planned? | C17: =survey!G330 -> select_one ok
A18: =survey!#REF! -> #REF! | B18: =survey!#REF! -> #REF! | C18: =survey!G335 -> select_one yes_no | D18: 1 2 | E18: Yes No | F18: Yego Oya
A19: =survey!#REF! -> #REF! | B19: =survey!D327 -> 0 | C19: =survey!G336 -> select_one yes_no
A20: =survey!#REF! -> #REF! | B20: =survey!D329 -> 0 | C20: =survey!G338 -> select_one hh_roster | D20: crop codes | H20: multiple response
A21: =survey!#REF! -> #REF! | B21: =survey!#REF! -> #REF! | C21: =survey!#REF! -> #REF! | D21: HH roster number
A22: =survey!#REF! -> #REF! | B22: =survey!#REF! -> #REF! | C22: =survey!#REF! -> #REF! | D22: HH roster number

Sheet B3 Irrigation Plot 3
A1: Module B3: IRRIGATION PLOT 3 SEASON B 2013
A2: Question Number | B2: Question (Eng) | C2: Question (Kinya) | D2: Answer code | E2: Answer (Eng) | F2: Answer (Kinya) | G2: Skip | H2: Special instruction | I2: Response
A3: =survey!#REF! -> #REF! | B3: =survey!#REF! -> #REF! | C3: =survey!G341 -> end group | D3: 1 2 | E3: Yes No | F3: Yego Oya | G3: if 2 skip to B4 Crop Roster
A4: =survey!#REF! -> #REF! | B4: =survey!#REF! -> #REF! | C4: Umubare w'abagize urugo | D4: 1 2 3 4 5 6 7 8 9 10 | E4: Shallow well Marshland drainage Borehole Spring Stream Rain catchment pond Roof catchment Lake Dam Other | F4: Iriba ridafukuye cyane Imiyoboro y'amazi y'ibishanga Umwobo uzamurwamo amazi Isoko Umugezi Ikizenga kiyoborwamo amazi y'imvura Amazi ava ku mazu Ikiyaga idamu Ikindi
A5: =survey!#REF! -> #REF! | B5: =survey!#REF! -> #REF! | C5: =survey!G345 -> integer | D5: 1 2 3 4 5 6 | E5: Watering can Manual pumping Mechanical pumping Gravity stream diversion Pipelines Other | F5: Arozwari Gukoresha pompe y'intoki Gukoresha pompe ya moteri ikoreshwa ry'uruhavu mu murima Impombo/amatiyo Ikindi
A6: =survey!#REF! -> #REF! | B6: =survey!D341 -> 0 | C6: =survey!G346 -> select_one yes_no | D6: 1 2 3 4 5 | E6: Cooperative Water User Association Self-help group Household Other | F6: Koperative Ishyirahamwe ry’abakoresha amazi Itsinda ry’ubwisungane Urugo ubwarwo Ikindi
A7: =survey!#REF! -> #REF! | B7: =survey!D342 -> Module F: 14A Labor | C7: =survey!G347 -> integer | D7: RWF
A8: =survey!#REF! -> #REF! | B8: =survey!D344 -> Did anyone in the household do agricultural labor outside of the HH farm for Season A 2014 from August 2013-February 2014? | C8: =survey!G350 -> select_one yes_no | D8: 1 2 3 4 5 | E8: Cooperative Water User Association Self-help group Household Other | F8: Koperative Ishyirahamwe ry’abakoresha amazi Itsinda ry’ubwisungane Urugo ubwarwo Ikindi
A9: =survey!#REF! -> #REF! | B9: =survey!D345 -> How much in total did the HH earn? | C9: =survey!G548 -> note | D9: 1 2 | E9: Yes No | F9: Yego Oya | G9: if 2 skip to next [PLOT]
A10: =survey!#REF! -> #REF! | B10: =survey!D346 -> Did anyone in the household do public works labor from August 2013-February 2014? | C10: =survey!G549 -> select_one yes_no | D10: RWF

Sheet B4 Crop Roster Plot 3
A1: Module B4: CROP ROSTER PLOT 3 SEASON B 2013
A2: Asks about up to three plots cultivated in Season 13B, starting with the largest pot. If more than three, asks about the three largest/. Baza ku mirima itatu yahinzwe mu gihembwe cya B 2013, Uhereye ku murima mu nini, niba yarahinze iimirima irenze itatu, baza ku mirima itatu minini. | I2: PLOT 3
I3: Crop Number:
B4: Question (Eng) | C4: Umubare w'abagize urugo | D4: Answer code | E4: Answer (Eng) | F4: Answer (Kinya) | G4: Skip | H4: Special instruction | I4: 1 | J4: 2 | K4: 3
A5: =survey!#REF! -> #REF! | B5: =survey!D550 -> What Season and Year did you plant these agro-forestry species on your land? | C5: =survey!G554 -> select_one season_year | H5: pre-filled based on list of crops grown on this plot in Season B (from Plot Roster)
A6: =survey!#REF! -> #REF! | B6: =survey!D551 -> Do you intercrop with plants used for plant cover? For example: Cajanus, chloris,lablabu,Apples,Avocados,alnus | C6: =survey!G555 -> select_one yes_no | D6: month codes
A7: =survey!#REF! -> #REF! | B7: =survey!D552 -> What Season and Year did you begin doing this intercropping with plants used for plant cover? | C7: =survey!G556 -> select_one season_year | D7: 1 2 3 4 | E7: 25% or less about 50% about 75% 100% | F7: 25% cg munsi hafi 50% hafi 75% 100%
A8: =survey!#REF! -> #REF! | B8: =survey!D554 -> What Season and Year did you begin using trees and grasses to protect your terraces? | C8: =survey!G558 -> select_one season_year | D8: quantity
A9: =survey!#REF! -> #REF! | B9: =survey!D556 -> What Season and Year did you first have waterways connected to your terraces? | C9: =survey!G560 -> select_one season_year | D9: 1 2 3 4 | E9: RAB Seed Multiplier Own Production Agri Dealer | F9: RAB Abatubuzi umusaruro wacu bwite Abacuri b'ibikomoka k'ubuhinzi
A10: =survey!#REF! -> #REF! | B10: =survey!D557 -> Do you have forest species planted on your land, other than on terraces? For example…Eucalptus,Callitus,pinus | C10: =survey!G561 -> select_one yes_no
A11: =survey!#REF! -> #REF! | B11: =survey!D559 -> Do you grow rwatsi on your land to fertilize your land? | C11: =survey!G598 -> select_one ok | D11: quantity | G11: if 0 skip to next ${a_crop}
A12: =survey!#REF! -> #REF! | B12: =survey!D561 -> Do you put mulch around any plants on your land? (ex: pineapple, banana, tomatoes…) | C12: =survey!G602 -> integer | G12: Only for MAIZE
A13: =survey!#REF! -> #REF! | B13: =survey!D598 -> Module J: Income & Expenditures | C13: =survey!G604 -> integer | D13: quantity
A14: =survey!#REF! -> #REF! | B14: =survey!D602 -> On-farm enterprise (RWF) | C14: =survey!G606 -> integer | G14: Only for MAIZE
A15: =survey!#REF! -> #REF! | B15: =survey!D603 -> Non-farm enterprise (RWF) | C15: =survey!G607 -> integer
A16: =survey!#REF! -> #REF! | B16: =survey!#REF! -> #REF! | C16: =survey!#REF! -> #REF!
A17: =survey!#REF! -> #REF! | B17: =survey!#REF! -> #REF! | C17: =survey!#REF! -> #REF! | G17: Only for MAIZE
A18: =survey!#REF! -> #REF! | B18: =survey!D605 -> interests & dividends (RWF) | C18: =survey!G609 -> integer
A19: =survey!#REF! -> #REF! | B19: =survey!D607 -> Gifts (RWF) | C19: =survey!G611 -> integer | G19: Only for MAIZE
A20: =survey!#REF! -> #REF! | B20: =survey!#REF! -> #REF! | C20: =survey!#REF! -> #REF!
A21: =survey!#REF! -> #REF! | B21: =survey!#REF! -> #REF! | C21: =survey!#REF! -> #REF! | G21: Only for MAIZE
A22: =survey!#REF! -> #REF! | B22: =survey!D608 -> Terracing for LWH (RWF) | C22: =survey!G612 -> integer
A23: =survey!#REF! -> #REF! | B23: =survey!D610 -> Composting for LWH (RWF) | C23: =survey!G619 -> begin group | G23: Only for MAIZE
A24: =survey!#REF! -> #REF! | B24: =survey!D611 -> Selling of Permanent Crop Production | C24: =survey!G620 -> note
A25: =survey!#REF! -> #REF! | B25: =survey!D613 -> Income from Migratory Work (not reported elsewhere) | C25: =survey!G622 -> integer | G25: Only for MAIZE
A26: =survey!#REF! -> #REF! | B26: =survey!#REF! -> #REF! | C26: =survey!#REF! -> #REF!
A27: =survey!#REF! -> #REF! | B27: =survey!#REF! -> #REF! | C27: =survey!#REF! -> #REF!
A28: =survey!#REF! -> #REF! | B28: =survey!#REF! -> #REF! | C28: =survey!#REF! -> #REF!
A29: =survey!#REF! -> #REF! | B29: =survey!#REF! -> #REF! | C29: =survey!#REF! -> #REF!
A30: =survey!#REF! -> #REF! | B30: =survey!#REF! -> #REF! | C30: =survey!#REF! -> #REF!
A31: =survey!#REF! -> #REF! | B31: =survey!#REF! -> #REF! | C31: =survey!#REF! -> #REF!
A32: =survey!#REF! -> #REF! | B32: =survey!D619 -> 0 | C32: =survey!G623 -> integer
A33: =survey!#REF! -> #REF! | B33: =survey!D621 -> Transportation (RWF) | C33: =survey!G625 -> integer
A34: =survey!#REF! -> #REF! | B34: =survey!D622 -> Communication (RWF) | C34: =survey!G629 -> begin group | D34: 1 2 | E34: Yes No | F34: Yego Oya | G34: If 2 skip to next section
A35: =survey!#REF! -> #REF! | B35: =survey!D623 -> Clothing and personal belongings (RWF) | C35: =survey!G630 -> note | D35: 1 2 3 4 | E35: Big wood/bamboo basket with cow dung, outside house Small wood/bamboo basket, inside house Public storage facility (non-LWH) LWH storage facility | F35: Ingiga nini y'igiti/ Igitebo gikozwe mu migano n'amase y'inka, kiri hanze y'urugo. Ingiga ntoya yigiti/igitebo gikozwe mu migano n'amase y'inka, kiri munzu Ububiko rusange (Butari ubwa LWH) Ububiko bwa LWH
A36: =survey!#REF! -> #REF! | B36: =survey!D624 -> Leisure (going to bar, watching sports, watching film) (RWF) | C36: =survey!G631 -> integer | D36: minutes
A37: =survey!#REF! -> #REF! | B37: =survey!D625 -> Water (RWF) | C37: =survey!G632 -> integer | D37: RWF
A38: =survey!#REF! -> #REF! | B38: =survey!D629 -> 0 | C38: =survey!G633 -> integer | D38: RWF

Sheet D2 14A Irrigation
A1: Module D2: 14A Irrigation (September 2013-February/March 2014) (This Module is OI ONLY)
B2: Question (Eng) | C2: Question (Kinya) | D2: Answer code | E2: Answer (Eng) | F2: Answer (Kinya) | G2: Skip | H2: Special instruction | I2: Plot 1 | J2: Plot 2 | K2: Plot 3
A3: PL_16_14a | B3: Was this plot [${plot_14a}] irrigated for Season A 2014? | C3: Ese uyu murima [${plot_14a}] wigeze wuhirwa mu gihembwe cy’ihinga A 2014? | D3: 1 2 | E3: Yes No | F3: Yego Oya | G3: if 2 skip to "14a - Module E Part 1 CROP ROSTER" for next PLOT
A4: PL_17_14a | B4: [${plot_14a}]: What was the source of water? | C4: [${plot_14a}]: Amazi mwakoresheje yaturutse he? | D4: 1 2 3 4 5 6 7 8 9 10 | E4: Shallow well Marshland drainage Borehole Spring Stream Rain catchment pond Roof catchment Lake Dam Other | F4: Iriba ridafukuye cyane Imiyoboro y'amazi y'ibishanga Umwobo uzamurwamo amazi Isoko Umugezi Ikizenga kiyoborwamo amazi y'imvura Amazi ava ku mazu Ikiyaga idamu Ikindi
A5: PL_18_14a | B5: [${plot_14a}]: How did you supply water from the source to the irrigation area? | C5: [${plot_14a}]: Ni iki mwakoresheje kugira ngo mukure amazi aho yari ari muyajyana mu murima kuhira? | D5: 1 2 3 4 5 6 | E5: Watering can Manual pumping Mechanical pumping Gravity stream diversion Pipelines Other | F5: Arozwari Gukoresha pompe y'intoki Gukoresha pompe ya moteri ikoreshwa ry'uruhavu mu murima Impombo/amatiyo Ikindi
A6: PL_19_14a | B6: [${plot_14a}]: Who is responsible for management of irrigation structure for this plot? | C6: [${plot_14a}]: Ni nde ushinzwe gucunga/gukurikirana gahunda y'ibikorwa by'isukira muri uyu murima? | D6: 1 2 3 4 5 | E6: Cooperative Water User Association Self-help group Household Other | F6: Koperative Ishyirahamwe ry’abakoresha amazi Itsinda ry’ubwisungane Urugo ubwarwo Ikindi
A7: PL_20_14a | B7: [${plot_14a}]: How much did you pay in fees for managing irrigation for this plot in season A 2014? | C7: [${plot_14a}]: Mwishyuye amafaranga angahe mu bikorwa byo gucunga isukira muri uyu murima mu gihembwe cy’ihinga cya A 2014? | D7: RWF
A8: PL_21_14a | B8: [${plot_14a}]: Who is responsible for maintaining the irrigation structure for this plot? | C8: [${plot_14a}]: Ni nde ushinzwe gukora/gukanika ibikoresho by'isukira muri uyu murima? | D8: 1 2 3 4 5 | E8: Cooperative Water User Association Self-help group Household Other | F8: Koperative Ishyirahamwe ry’abakoresha amazi Itsinda ry’ubwisungane Urugo ubwarwo Ikindi
A9: PL_22_14a | B9: [${plot_14a}]: Did you pay any fee for maintenance of the irrigation structure for this plot? | C9: [${plot_14a}]: Hari amafaranga mwishyuye yo kwita /gusana ibikoresho by'isukira muri uyu murima? | D9: 1 2 | E9: Yes No | F9: Yego Oya | G9: if 2 skip to next [PLOT]
A10: PL_23_14a | B10: [${plot_14a}]: How much did you pay in fees for maintenance of the irrigation structure for this plot in season A 2014? | C10: [${plot_14a}]: Mwishyuye amafaranga angahe yo kwita /gusana ibikoresho by'isukira muri uyu [murima] mu gihembwe cy'ihinga A 2014? | D10: RWF

Sheet D3 14A HH Farm Labor
A1: D3: LABOR ON THE HH FARM SEASON A 2014
A3: Number | B3: Question (Eng) | C3: Question (Kinya) | D3: Answer code | E3: Answer (Eng) | F3: Answer (Kinya) | G3: Skip | H3: Response
A4: AG_16_X_14a | B4: How many total days did members of your household spend on [land preparation and planting] during Season A 2014? This includes preparing fields for planting and planting. | C4: Abantu bo muri uru rugo bamaze iminsi ingahe [mu gutegura imirima yo guteramo no gutera] mu gihembwe cy'ihinga A 2014? Aha ubariremo gutegura imirima yo guteramo no gutera. | D4: number of days
A5: AG_17_X_14a | B5: Did the HH hire any labor to assist with [land preparation and planting] during Season A 2014? | C5: Hari abakozi urugo rwakoresheje mu kurwunganira [mu gutegura imirima yo guteramo no gutera] mu gihembwe cy'ihinga A 2014? | D5: 1 2 | E5: Yes No | F5: Yego Oya | G5: If 2 skip to next [TASK]
A6: AG_18_X_14a | B6: How much in total was spent on hired labor for [land preparation and planting]? | C6: Abo bakozi bahembwe amafaranga angana iki [mu gutegura imirima yo guteramo no gutera] ? | D6: RWF
A7: AG_16_Y_14a | B7: How many total days did members of your household spend on [growing] during Season A 2014? This includes applying inputs, weeding and irrigating. | C7: Abantu bo muri uru rugo bamaze iminsi ingahe mu [bikorwa byo kwita ku bihingwa] mu gihe cy'igihembwe cy'ihinga A 2014? Aha habariyemo no gushyiramo ifumbire n'imiti, kubagara no kuhira. | D7: number of days
A8: AG_17_Y_14a | B8: Did the HH hire any labor to assist with [growing] during Season A 2014? | C8: Hari abakozi urugo rwakoresheje mu kurwunganira mu [bikorwa byo kwita ku bihingwa] mu gihembwe cy'ihinga A 2014? | D8: 1 2 | E8: Yes No | F8: Yego Oya | G8: If 2 skip to next [TASK]
A9: AG_18_Y_14a | B9: How much in total was spent on hired labor for [growing]? | C9: Abo bakozi bahembwe amafaranga angana iki mu [bikorwa byo kwita ku bihingwa]? | D9: RWF
A10: AG_16_Z_14a | B10: How many total days did members of your household spend on [harvesting] during Season A 2014? This includes harvesting and processing crops after harvest. | C10: Abantu bo muri uru rugo bamaze iminsi ingahe mu [gusarura] mu gihembwe cy'ihinga A 2014? Aha harimo gusarura no gutunganya imyaka nyuma yo gusarura. | D10: number of days
A11: AG_17_Z_14a | B11: Did the HH hire any labor to assist with [harvesting] during Season A 2014? | C11: Hari abakozi urugo rwakoresheje mu kurwunganira mu [gusarura] mu gihembwe cy'ihinga A 2014? | D11: 1 2 | E11: Yes No | F11: Yego Oya | G11: If 2 skip to next Module
A12: AG_18_Z_14a | B12: How much in total was spent on hired labor for [harvesting]? | C12: Abo bakozi batwaye amafaranga angana iki mu [gusarura]? | D12: RWF

Sheet D4 14A Inputs
A1: Module D4: Season 14A Inputs
A2: Now we are going to discuss the use of different inputs on your HH farm. | E2: ubu tugiye kuganira uko wakoresheje inyongeramusaruro mu murima wawe
G3: INPUTS
G4: A. compost | H4: B. organic manure | I4: C. NPK | J4: D. Urea | K4: E .DAP | L4: F. lime | M4: G. pesticides
G5: A.Ifumbire mborera | H5: B. ifumbire y'ibiva ku matungo | I5: C. NPK | J5: D.Ureya | K5: E .DAP | L5: F.Ishwagara | M5: G.Umuti wica udukoko
A6: Question Number | B6: Question (Eng) | C6: Question (Kinya) | D6: Answer (Eng) | E6: Answer (Kinya) | F6: Skip
A7: AG_08_A | B7: Did the HH apply any [${input_a}] for use in Season A 2014? | C7: Hari [${input_a}] yakoreshejwe n'uru rugo rwanyu muri iki gihembwe cy'ihinga A 2014? | D7: Yes = 1 No = 2 | E7: Yego = 1 Oya = 2 | F7: If 2 then skip to next input
A8: AG_11q_a | B8: How much [${input_a}] did the HH use in Season A 2014? | C8: [${input_a}]: urugo rwanyu rwakoresheje mu gihembwe cy'ihinga cya A 2014 yanganaga ite?
A9: AG_11u_a | B9: units
A10: AG_12_A | B10: How much in total did the HH spend on ${input_a}? (RWF) | C10: uru rugo rwakoresheje amafaranga angahe yose hamwe ku [${input_a}]? (RWF) | D10: RWF | E10: RWF
A11: AG_10_A | B11: What was the source of [${input_a}]? | C11: Iyo [${input_a}] yaturutse he? | F11: RF Only
A12: AG_18Q_A | B12: How much [${input_a}] did the HH receive for free? | C12: Niyihe ngano y'inyongeramusaruro urugo rwawe rwafashe ku buntu? | D12: Quantity | E12: Ingano | F12: if OI Sample >> next INPUT
A13: AG_18U_A | B13: Unit | C13: Ingero | D13: Unit | E13: Ingero
A14: AG_14_A | B14: Did the HH apply more / less / the same amount of [${input_a}] as planned? | C14: Ese uru rugo rwakoresheje [${input_a}] nyinshi/nkeya cyangwa ihwanye n'iyari iteganyijwe? | D14: applied more than planned = 1 applied less than planned = 2 appplied the same amount planned = 3 did not plan = 4 | E14: Hakoreshejwe nyinshi kuruta iyateganyijwe = 1 Hakoreshejwe nkeya ku yateganyijwe = 2 hakoreshejwe ingana n'iyateganyijwe = 3 ntabwo nateganyije = 4 | F14: if 1 or 3 or 4 >> next INPUT
A15: AG_15_A | B15: Why was less applied than planned? | C15: Kuki hakoreshejwe bike ku byari biteganyijwe? | D15: insufficient savings = 1 could not secure a loan = 2 interest rates for credit higher than planned = 3 prioritized other expenditures = 4 refuse to answer -66 don't know -88 | E15: Ubwizigame budahagije = 1 nibyashobotse kubona inguzanyo = 2 inyungu nini cyane irenze ibyo nateganyaga = 3 Kwibanda ku bindi byihutirwaga =4 Yanze gusubiza = -66 Simbizi = - 88

Sheet F1 Season C Plot 2 Roster
A1: Module F1: SEASON C PLOT 2 ROSTER
A2: =survey!D774 -> In what month did you make the final payment on this loan? | H2: =survey!G779 -> select_one installments
A3: Question Number | B3: Question (Eng) | C3: Question (Kinya) | D3: Answer code | E3: Answer (Eng) | F3: Answer (Kinya) | G3: Skip | H3: Special instruction | I3: Response
A4: =survey!#REF! -> #REF! | B4: =survey!D780 -> Imagine you have a loan for RWF50,000. Would you rather pay it in small installments (less than RWF1,000) as often as you can or in large installments (more than RWF1,000) only when you have cash on hand from wages or harvest? | C4: Umubare w'abagize urugo | H4: Asks for Description of all plots at once, then loops through each plot for this section. BE SURE TO ENTER THE PLOT DESCRIPTIONS IN ORDER OF SIZE.
A5: =survey!#REF! -> #REF! | B5: =survey!D865 -> 0 | C5: =survey!#REF! -> #REF! | D5: 1 2 3 4 5 | E5: hilltop hillside hill foot plain marsh | F5: Ku musozi Ku ibanga ry’umusozi Hasi y'umusozi Mu kibaya Mu gishanga
A6: =survey!#REF! -> #REF! | B6: =survey!D782 -> Module M: Transfers | C6: =survey!#REF! -> #REF!
A7: =survey!C804 -> n | B7: =survey!#REF! -> #REF! | C7: =survey!D786 -> Transfer ${gtransfer_position}: Recipient's relationship to HH member who made the transfer (or relationship to HH head if gift was given from entire HH) | D7: 1 2 3 | E7: GPS land title self-reported | F7: GPS icyangombwacy'ubutaka. Niwe wabitwibwiriye.
A8: =survey!#REF! -> #REF! | B8: =survey!D787 -> Distance from HH to transfer recipient | C8: =survey!G804 -> begin repeat | D8: 1 2 | E8: Yes No | F8: Yego Oya
A9: =survey!#REF! -> #REF! | B9: =survey!D788 -> Reason for gift | C9: =survey!G805 -> calculate | D9: 1 2 3 | E9: owned rented sharecropped | F9: 1 uwanyu bwite 2 kuwukodesha 3 Uruhare ku bihingwa
A10: =survey!#REF! -> #REF! | B10: =survey!D803 -> Module N: Shock | C10: =survey!G806 -> calculate | D10: 1 2 | E10: Yes No | F10: Yego Oya
A11: =survey!#REF! -> #REF! | B11: =survey!D804 -> 0 | C11: =survey!G814 -> select_one ok
A12: =survey!#REF! -> #REF! | B12: =survey!D806 -> 0 | C12: =survey!G857 -> calculate | D12: 1 2 | E12: 1 Radical 2 Progressive
A13: =survey!#REF! -> #REF! | B13: =survey!D814 -> Module O: Networks | C13: =survey!G816 -> calculate | D13: 1 2 | E13: Yes No | F13: Yego Oya
A14: =survey!#REF! -> #REF! | B14: =survey!D856 -> 0 | C14: =survey!G864 -> end repeat

Sheet F2 Plot 2 Irrigation Season
A1: Module F2: SEASON C PLOT 2 IRRIGATION
A2: Question Number | B2: Question (Eng) | C2: Question (Kinya) | D2: Answer code | E2: Answer (Eng) | F2: Answer (Kinya) | G2: Skip | H2: Response
A3: =survey!#REF! -> #REF! | B3: =survey!D816 -> 0 | C3: =survey!G866 -> begin group | D3: 1 2 | E3: Yes No | F3: Yego Oya | G3: If NO, skip to the Crop Roster
A4: =survey!#REF! -> #REF! | B4: =survey!#REF! -> #REF! | C4: Umubare w'abagize urugo | D4: 1 2 3 4 5 6 7 8 9 10 | E4: Shallow well Marshland drainage Borehole Spring Stream Rain catchment pond Roof catchment Lake Dam Other | F4: Iriba ridafukuye cyane Imiyoboro y'amazi y'ibishanga Umwobo uzamurwamo amazi Isoko Umugezi Ikizenga kiyoborwamo amazi y'imvura Amazi ava ku mazu Ikiyaga idamu Ikindi
A5: =survey!#REF! -> #REF! | B5: =survey!D866 -> 0 | C5: =survey!G874 -> select_one hhs_often | D5: 1 2 3 4 5 6 | E5: Watering can Manual pumping Mechanical pumping Gravity stream diversion Pipelines Other | F5: Arozwari Gukoresha pompe y'intoki Gukoresha pompe ya moteri ikoreshwa ry'uruhavu mu murima Impombo/amatiyo Ikindi
A6: =survey!#REF! -> #REF! | B6: =survey!D872 -> Module FS1: HHFP | C6: =survey!G875 -> select_one yes_no | D6: 1 2 3 4 5 | E6: Cooperative Water User Association Self-help group Household Other | F6: Koperative Ishyirahamwe ry’abakoresha amazi Itsinda ry’ubwisungane Urugo ubwarwo Ikindi
A7: =survey!#REF! -> #REF! | B7: =survey!C873 -> FS_01 | C7: =survey!G876 -> select_one hhs_often | D7: RWF
A8: =survey!#REF! -> #REF! | B8: =survey!C874 -> FS_02 | C8: =survey!G879 -> note | D8: 1 2 3 4 5 | E8: Cooperative Water User Association Self-help group Household Other | F8: Koperative Ishyirahamwe ry’abakoresha amazi Itsinda ry’ubwisungane Urugo ubwarwo Ikindi
A9: =survey!#REF! -> #REF! | B9: =survey!C875 -> FS_03 | C9: =survey!G880 -> begin repeat | D9: 1 2 | E9: Yes No | F9: Yego Oya | G9: if 2 skip to next [PLOT]
A10: =survey!#REF! -> #REF! | B10: =survey!C876 -> FS_04 | C10: =survey!G881 -> calculate | D10: RWF

Sheet F3 Plot 2 Crop Roster Season C
A1: Module F3: SEASON C PLOT 2 CROP ROSTER
A2: Question Number | B2: Question (Eng) | C2: Question (Kinya) | D2: Answer code | E2: Answer (Eng) | F2: Answer (Kinya) | G2: Skip | H2: Special instruction | I2: Response
A3: =survey!#REF! -> #REF! | B3: =survey!D880 -> 0 | C3: =survey!G891 -> note
A4: =survey!#REF! -> #REF! | B4: =survey!D890 -> 0 | C4: Umubare w'abagize urugo | D4: crop codes | H4: multiple response
I5: Crop 1 | J5: Crop 2 | K5: Crop 3 | L5: Crop 4 | M5: Crop 5
A6: =survey!#REF! -> #REF! | B6: =survey!D905 -> 0 | C6: =survey!G908 -> 0
A7: =survey!#REF! -> #REF! | B7: =survey!D906 -> 0 | C7: =survey!G909 -> 0
A8: =survey!#REF! -> #REF! | B8: =survey!D908 -> 0 | C8: =survey!G911 -> 0
A9: =survey!#REF! -> #REF! | B9: =survey!D910 -> 0 | C9: =survey!G913 -> 0
A10: =survey!#REF! -> #REF! | B10: =survey!D912 -> 0 | C10: =survey!G915 -> 0
A11: =survey!#REF! -> #REF! | B11: =survey!D913 -> 0 | C11: =survey!G916 -> 0

Sheet F1 Season C Plot 3 Roster
A1: Module F1: SEASON C PLOT 3 ROSTER
A2: =survey!D774 -> In what month did you make the final payment on this loan? | H2: =survey!G779 -> select_one installments
A3: Question Number | B3: Question (Eng) | C3: Question (Kinya) | D3: Answer code | E3: Answer (Eng) | F3: Answer (Kinya) | G3: Skip | H3: Special instruction | I3: Response
A4: =survey!#REF! -> #REF! | B4: =survey!D780 -> Imagine you have a loan for RWF50,000. Would you rather pay it in small installments (less than RWF1,000) as often as you can or in large installments (more than RWF1,000) only when you have cash on hand from wages or harvest? | C4: Umubare w'abagize urugo | H4: Asks for Description of all plots at once, then loops through each plot for this section. BE SURE TO ENTER THE PLOT DESCRIPTIONS IN ORDER OF SIZE.
A5: =survey!#REF! -> #REF! | B5: =survey!D865 -> 0 | C5: =survey!#REF! -> #REF! | D5: 1 2 3 4 5 | E5: hilltop hillside hill foot plain marsh | F5: Ku musozi Ku ibanga ry’umusozi Hasi y'umusozi Mu kibaya Mu gishanga
A6: =survey!#REF! -> #REF! | B6: =survey!D782 -> Module M: Transfers | C6: =survey!#REF! -> #REF!
A7: =survey!C804 -> n | B7: =survey!#REF! -> #REF! | C7: =survey!D786 -> Transfer ${gtransfer_position}: Recipient's relationship to HH member who made the transfer (or relationship to HH head if gift was given from entire HH) | D7: 1 2 3 | E7: GPS land title self-reported | F7: GPS icyangombwacy'ubutaka. Niwe wabitwibwiriye.
A8: =survey!#REF! -> #REF! | B8: =survey!D787 -> Distance from HH to transfer recipient | C8: =survey!G804 -> begin repeat | D8: 1 2 | E8: Yes No | F8: Yego Oya
A9: =survey!#REF! -> #REF! | B9: =survey!D788 -> Reason for gift | C9: =survey!G805 -> calculate | D9: 1 2 3 | E9: owned rented sharecropped | F9: 1 uwanyu bwite 2 kuwukodesha 3 Uruhare ku bihingwa
A10: =survey!#REF! -> #REF! | B10: =survey!D803 -> Module N: Shock | C10: =survey!G806 -> calculate | D10: 1 2 | E10: Yes No | F10: Yego Oya
A11: =survey!#REF! -> #REF! | B11: =survey!D804 -> 0 | C11: =survey!G814 -> select_one ok
A12: =survey!#REF! -> #REF! | B12: =survey!D806 -> 0 | C12: =survey!G857 -> calculate | D12: 1 2 | E12: 1 Radical 2 Progressive
A13: =survey!#REF! -> #REF! | B13: =survey!D814 -> Module O: Networks | C13: =survey!G816 -> calculate | D13: 1 2 | E13: Yes No | F13: Yego Oya
A14: =survey!#REF! -> #REF! | B14: =survey!D856 -> 0 | C14: =survey!G864 -> end repeat

Sheet F2 Plot 1 Irrigation Season
A1: Module F2: SEASON C PLOT 3 IRRIGATION
A2: Question Number | B2: Question (Eng) | C2: Question (Kinya) | D2: Answer code | E2: Answer (Eng) | F2: Answer (Kinya) | G2: Skip | H2: Response
B3: =survey!#REF! -> #REF! | C3: =survey!#REF! -> #REF!
A4: =survey!#REF! -> #REF! | B4: =survey!D816 -> 0 | C4: Umubare w'abagize urugo | D4: 1 2 | E4: Yes No | F4: Yego Oya | G4: If NO, skip to the Crop Roster
A5: =survey!#REF! -> #REF! | B5: =survey!#REF! -> #REF! | C5: =survey!G873 -> select_one yes_no | D5: 1 2 3 4 5 6 7 8 9 10 | E5: Shallow well Marshland drainage Borehole Spring Stream Rain catchment pond Roof catchment Lake Dam Other | F5: Iriba ridafukuye cyane Imiyoboro y'amazi y'ibishanga Umwobo uzamurwamo amazi Isoko Umugezi Ikizenga kiyoborwamo amazi y'imvura Amazi ava ku mazu Ikiyaga idamu Ikindi
A6: =survey!#REF! -> #REF! | B6: =survey!D866 -> 0 | C6: =survey!G874 -> select_one hhs_often | D6: 1 2 3 4 5 6 | E6: Watering can Manual pumping Mechanical pumping Gravity stream diversion Pipelines Other | F6: Arozwari Gukoresha pompe y'intoki Gukoresha pompe ya moteri ikoreshwa ry'uruhavu mu murima Impombo/amatiyo Ikindi
A7: =survey!#REF! -> #REF! | B7: =survey!D872 -> Module FS1: HHFP | C7: =survey!G875 -> select_one yes_no | D7: 1 2 3 4 5 | E7: Cooperative Water User Association Self-help group Household Other | F7: Koperative Ishyirahamwe ry’abakoresha amazi Itsinda ry’ubwisungane Urugo ubwarwo Ikindi
A8: =survey!#REF! -> #REF! | B8: =survey!C873 -> FS_01 | C8: =survey!G876 -> select_one hhs_often | D8: RWF
A9: =survey!#REF! -> #REF! | B9: =survey!C874 -> FS_02 | C9: =survey!G879 -> note | D9: 1 2 3 4 5 | E9: Cooperative Water User Association Self-help group Household Other | F9: Koperative Ishyirahamwe ry’abakoresha amazi Itsinda ry’ubwisungane Urugo ubwarwo Ikindi
A10: =survey!#REF! -> #REF! | B10: =survey!C875 -> FS_03 | C10: =survey!G880 -> begin repeat | D10: 1 2 | E10: Yes No | F10: Yego Oya | G10: if 2 skip to next [PLOT]
A11: =survey!#REF! -> #REF! | B11: =survey!C876 -> FS_04 | C11: =survey!G881 -> calculate | D11: RWF

Sheet F3 Plot 3 Crop Roster Season
A1: Module F3: SEASON C PLOT 3 CROP ROSTER
A2: Question Number | B2: Question (Eng) | C2: Question (Kinya) | D2: Answer code | E2: Answer (Eng) | F2: Answer (Kinya) | G2: Skip | H2: Special instruction | I2: Response
A3: =survey!#REF! -> #REF! | B3: =survey!D880 -> 0 | C3: =survey!G891 -> note
A4: =survey!#REF! -> #REF! | B4: =survey!D890 -> 0 | C4: Umubare w'abagize urugo | D4: crop codes | H4: multiple response
I5: Crop 1 | J5: Crop 2 | K5: Crop 3 | L5: Crop 4 | M5: Crop 5
A6: =survey!#REF! -> #REF! | B6: =survey!D905 -> 0 | C6: =survey!G908 -> 0
A7: =survey!#REF! -> #REF! | B7: =survey!D906 -> 0 | C7: =survey!G909 -> 0
A8: =survey!#REF! -> #REF! | B8: =survey!D908 -> 0 | C8: =survey!G911 -> 0
A9: =survey!#REF! -> #REF! | B9: =survey!D910 -> 0 | C9: =survey!G913 -> 0
A10: =survey!#REF! -> #REF! | B10: =survey!D912 -> 0 | C10: =survey!G915 -> 0
A11: =survey!#REF! -> #REF! | B11: =survey!D913 -> 0 | C11: =survey!G916 -> 0

Sheet G Crop Roster Season 14A
A1: Module G: CROP ROSTER SEASON 14A
A2: =survey!D917 -> 0 | F2: =survey!G920 -> 0
A3: Question Number | B3: Question (Eng) | C3: Question (Kinya) | D3: Answer code | E3: Skip | F3: Special instruction | G3: Response
A4: =survey!#REF! -> #REF! | B4: =survey!D918 -> 0 | C4: Umubare w'abagize urugo | D4: quantitty
A5: =survey!#REF! -> #REF! | B5: =survey!D920 -> 0 | C5: =survey!G923 -> 0 | D5: crop codes | F5: multiple response
G6: Crop 1 | H6: Crop 2 | I6: Crop 3 | J6: Crop 4 | K6: Crop 5 | L6: Crop 6 | M6: Crop 7 | N6: Crop 8 | O6: Crop 9 | P6: Crop 10
A7: =survey!#REF! -> #REF! | B7: =survey!D935 -> 0 | C7: =survey!G938 -> 0
A8: =survey!#REF! -> #REF! | B8: =survey!D936 -> 0 | C8: =survey!G939 -> 0 | D8: quantity
A9: =survey!#REF! -> #REF! | B9: =survey!D938 -> 0 | C9: =survey!G941 -> 0 | E9: ONLY for MAIZE
A10: =survey!#REF! -> #REF! | B10: =survey!D940 -> 0 | C10: =survey!G943 -> 0 | D10: quantity
A11: =survey!#REF! -> #REF! | B11: =survey!D942 -> 0 | C11: =survey!G945 -> 0 | E11: ONLY for MAIZE
A12: =survey!#REF! -> #REF! | B12: =survey!D943 -> 0 | C12: =survey!G946 -> 0 | D12: RWF
A13: =survey!#REF! -> #REF! | B13: =survey!D944 -> 0 | C13: =survey!G947 -> 0 | D13: RWF

Sheet E 14A Extension
A1: Module E: Season 14a Extension (OI Sample Only)
A2: Now we are going to discuss extension services and agricultural production during Season 14a. (September 2013-February 2014) | E2: UbuUbu noneho tugiye kuvuga ku bikorwa by'ubukangurambaga k'ubuhinzi ndetse n'imisaruro mu gihembwe cy'ihinga cya A 2014. (Nzeri 2013 - Gashyantare 2014)
B3: Question (Eng) | C3: Question (Kinya) | D3: Answer (Eng) | E3: Answer (Kinya) | F3: Skip | G3: GAPITA W'UBUHINZI (LEAD FARMER) | H3: UMUKANGURAMBAGA (HARIMO AGORONOMU W'UMURENGE,USHINZWE UBUHINZI MU KAGALI,AGORONOMU WA RAB) (PUBLIC EXTENSION WORKER (Sector agronomist, IDP officer (cell level), RAB agronomist)) | I3: AGORONOMU WA LWH (LWH agronomist) | J3: Umukozi mukuru wa TUBURA (TUBURA FIELD OFFICER) | K3: UMUKANGURAMBAGA WIGENGA/UWU MUSHINGA UTEGAMIYE KURI LETA [OTHER NGO/PRIVATE EXTENSION PROVIDERS]
A4: EX_01_a | B4: Think back to Season 14A. Did you know who the [${ex_prov_a}] was for your area? | C4: Subiza amaso inyuma utekereze ku gihembwe cy'ihinga A 2014. Wigeze umenya [${ex_prov_a}] uwo ariwe muri aka gace kanyu? | D4: Yes = 1 No = 2 | E4: Yego = 1 Oya = 2 | F4: if 2 then skip to next [EXT PROVIDER]
A5: EX_02_a | B5: Has the [${ex_prov_a}] visited your HH farm during Season 14a to provide advice about farming? (September 2013 - February 2014) | C5: [${ex_prov_a}] yaba yarasuye imirima y'urugo rwanyu mu gihemwe cy'ihinga cya A 2014, kugirango abahe inama ku buhinzi? (Nzeri 2013-Gashyantare 2014) | D5: Yes = 1 No = 2 | E5: Yego = 1 Oya = 2 | F5: if 2 then skip to EX_08
A6: EX_03_a | B6: How many times did [${ex_prov_a}] visit your HH farm during Season 14a? (September 2013 - February 2014) | C6: Ni inshuro zingahe [${ex_prov_a}] yasuye imirima yanyu mu gihembwe cy'ihinga A 2014? (Nzeri 2013-Gashyantare 2014)
A7: EX_04_a | B7: Who met with this [${ex_prov_a}]? | C7: Ni nde wavuganye n'uwo [${ex_prov_a}]? | D7: HH roster
A8: EX_08_a | B8: Did you attend any trainings run by the [${ex_prov_a}] during Season 14a, between (September 2013 - February 2014)? | C8: waba warigeze witabira amahugurwa yatanzwe [${ex_prov_a}] mu gihembwe cy'ihinga cya A 2014 (Nzeri 2013 - Gashyantare 2014)? | D8: Yes = 1 No = 2 | E8: Yego = 1 Oya = 2 | F8: if 2 then skip to next [EXT PROVIDER]

Sheet F 14A Labor
A1: Module F: 14A Labor Outside the HH Farm (September 2013-January 2014)
A2: HOUSEHOLD MEMBERS WORKING FOR OTHERS FOR INCOME GENERATION/ Abanyamuryango bakorera abandi bantu kugirango babone amafaranga
B3: Question (Eng) | C3: Question (Kinya) | D3: Answer code | E3: Skip | F3: Special instruction | G3: Response
A4: LAB_01_a | B4: Did anyone in the household do agricultural labor outside of the HH farm for Season A 2014 from August 2013-February 2014? | C4: Haba hari umuntu wo muri uru rugo wakoze mu bikorwa by'ubuhinzi , ahandi hantu hatari mu mirima y'uru rugo mu gihembwe cy'ihinga cya A 2014 (Nzeri 2013-Gashyantare 2014)? | D4: 1=yes yego 2= no oya | E4: if 2 >> LAB_03_a
A5: LAB_02_a | B5: How much in total did the HH earn? | C5: Ni amafarnga angahe yakoreye? | D5: RWF
A6: LAB_03_a | B6: Did anyone in the household do public works labor from August 2013-February 2014? | C6: Ese hari umuntu wo muri uru rugo wakoze mu bikorwa rusange uhereye muri Kanama 2013-Gashyantare 2014? | D6: 1=yes yego 2= no oya | E6: if 2 >> LAB_06_a
A7: LAB_04_a | B7: How much in total did the HH earn? | C7: Ni amafarnga angahe yakoreye yose hamwe? | D7: RWF
A8: LAB_06_a | B8: Did anyone in the household do any other paid work from August 2013-February 2014? | C8: Ese haba hari umuntu wo muri uru rugo waba warakoze akandi kazi kishyurwa mu gihembwe cy'ihinga cya A 2014 (Kanama 2013-Gashyantare 2014) | D8: 1=yes yego 2= no oya | E8: if 2 >> LAB_05_a
A9: LAB_07_a | B9: How much in total did the HH earn? | C9: Ni amafarnga angahe yakoreye yose hamwe? | D9: RWF
A10: LAB_05_a | B10: Did anyone in your HH migrate outside your village for any work from August 2014-February 2014? | C10: Ese hari umuntu wo muri uru rugo wimutse akava mu mudugudu wanyu ajya gukora akazi ako ariko kose kuva muri Kanama 2013-Gashyantare 2014? | D10: 1=yes yego 2= no oya

Sheet D1 14B Crop
A1: Module D1: 14B Seasonal Crop Production (February 2014-June 2014)
A2: Asks about up to three plots cultivated in Season 14B, starting with the largest plot. If more than three, asks about the three largest. Baza ku mirima itatu yahinzwe mu gihembwe cya B 2014, Uhereye ku murima mu nini, niba yarahinze iimirima irenze itatu, baza ku mirima itatu minini. | H2: PLOT 1 Crop Number: | K2: PLOT 2 Crop Number: | N2: PLOT 3 Crop Number:
B3: Question (Eng) | C3: Question (Kinya) | D3: Code | E3: Answer (Eng) | F3: Answer (Kinya) | G3: Skip | H3: 1 | I3: 2 | J3: 3 | K3: 1 | L3: 2 | M3: 3 | N3: 1 | O3: 2 | P3: 3
A4: CRP_00_14b | B4: Please list the crops grown on this plot during Season 2014 B | C4: Vuga urutonde rw'imyaka yahinzwe muri uyu murima mu gihembwe cy'ihinga cya B 2014 | E4: crop codes
A5: CRP_02_14b | B5: [${plot_14b}]: In which month did you plant this [${crop_14b}]? | C5: [${plot_14b}]: Ni mu kuhe kwezi mwateye [${crop_14b}]? | E5: month codes
A6: CRP_03_Q_14b | B6: [${plot_14b}]: On what proportion of plot did you grow this [${crop_14b}]? | C6: [${plot_14b}]: Ni ku kihe kigereranyo cy'umurima mwateyeho ibi [${crop_14b}]? | E6: List from 5%-100% appears
A7: CRP_04_Q_14b | B7: [${plot_14b}]: How much [${crop_14b}] seed did you plant in this plot? | C7: [${plot_14b}]: Mwateye imbuto za [${crop_14b}] zingana iki muri uyu murima? | D7: quantity
A8: CRP_04_U_14b | B8: units | C8: Ingero | E8: unit codes
A9: CRP_05_A_14b | B9: [${plot_14b}]: [${crop_14b}]: What was the source of the seed? | C9: [${plot_14b}]: [${crop_14b}]: Nihe hantu mwakuye imbuto yo gutera? | D9: 1 2 3 4 5 6 7 8 9 10 11 12 | E9: TUBURA LWH Project Local government NGO Agro-dealer CIP own production neighbor/friend RAB agricultural cooperative gift local market | F9: muri TUBURA mu mushinga wa LWH mu nzego z'ibanze mu muryango utagengwa na Leta umucuruzi w'imbuto n'inyongeramusaruro (agrodila) CIP ibyo bikoreye bo ubwabo neighbor/friend RAB agricultural cooperative Impano Isoko ryo muri ako gace
A10: CRP_06_14b | B10: [${plot_14b}]: How much in total did you spend on the [${crop_14b}] seed you planted in this plot? | C10: [${plot_14b}]: Wakoresheje amafaranga angana ate ku mbuto za [${crop_14b}] wateye muri uyu murima? | D10: RWF
A11: CRP_07_14b | B11: [${plot_14b}]: Was [${crop_14b}] affected by any disease or pest infestation during the season? | C11: [${plot_14b}]: Muri iki [${crop_14b}] hari icyangiritse kubera indwara cyangwa udusimba muri icyo gihembwe? | E11: Yes No | F11: Yego Oya
A12: CRP_08_Q_14b | B12: [${plot_14b}]: How much [${crop_14b}] did you harvest from this plot in Season B 2014? | C12: [${plot_14b}]: 14B: Waba umaze gusarura [${crop_14b}] bingana iki muri uwo murima? | E12: quantity | G12: if 0 > CRP_08_0
A13: CRP_08_U_14b | B13: units | C13: Ingero | E13: unit codes
A14: CRP_08_GD_14b | B14: [${plot_14b}]: Green or Dry Maize? | C14: [${plot_14b}]: Ibigori bibisi cg byumye? | E14: Green = 1 Dry = 2 Both = 3 | F14: Bibisi = 1 Byumye = 2 Byombi = 3 | G14: Only for MAIZE
A15: CRP_08_GQ_14a | B15: Green (Quantity) | C15: Bibisi (ingano) | G15: if CRP_08_GD_14a = 3
A16: CRP_08_GU_14a | B16: Green (Unit) | C16: Bibisi (igipimo)
A17: CRP_08_DQ_14a | B17: Dry (Quenity) | C17: Byumye (ingano)
A18: CRP_08_DU_14a | B18: Dry (Unit) | C18: Byumye (igipimo)
A19: CRP_08_0 | B19: Why was the harvested amount zero? | C19: Kubera iki umusaruro ungana na zeru? | E19: Crop Disease = 1 Crop Theft = 2 Crop Destruction = 3 Other = 4 | F19: Kurwara kw'ibihingwa = 1 Kwibwa kw'ibihingwa = 1 Kwangirika kw'imyaka = 3 Ibindi = 4 | G19: > Next Crop
A20: CRP_09_Q_14b | B20: [${plot_14b}]: How much [${crop_14b}] did you sell from the season B 2014 harvest? | C20: [${plot_14b}]: Umaze kugurisha [${crop_14b}] bingana iki wavanye mu musaruro w'igihembwe cy'ihinga B 2014? | D20: quantity | G20: if 0 skip to CRP_15_Q
A21: CRP_09_U_14b | B21: units | C21: Ingero | E21: unit codes
A22: CRP_09_GD_14b | B22: [${plot_14b}]: Green or Dry Maize? | C22: [${plot_14b}]: Ibigori bibisi cg byumye? | G22: Only for MAIZE
A23: CRP_09_GQ_14a | B23: Green (Quantity) | C23: Bibisi (ingano) | G23: if CRP_09_GD_14a = 3
A24: CRP_09_GU_14a | B24: Green (Unit) | C24: Bibisi (igipimo)
A25: CRP_09_DQ_14a | B25: Dry (Quenity) | C25: Byumye (ingano)
A26: CRP_09_DU_14a | B26: Dry (Unit) | C26: Byumye (igipimo)
